Workbook

Sheet Смета 12 гр. по ФЕР
A1: =Source!B1 -> Smeta.RU (495) 974-1589 | H1: ПРИЛОЖЕНИЕ 1 к ФОРМЕ 7
B9: СМЕТА
B11: Капитальный ремонт оконных проемов с заменой деревянных оконных блоков на оконные блоки из ПВХ в помещениях №501-№532 5-го этажа, № 401-№ 432 4-го этажа в здании общежития Димитровградского инженерно-технологического института - филиала НИЯУ МИФИ (ДИТИ НИЯУ МИФИ) по адресу: Ульяновская область, г. Димитровград, ул. Куйбышева, д. 292 | AD11: =IF(Source!G12<>"Новый объект", Source!G12, "") -> Капитальный ремонт окооных проемов общежития ДИТИ НИЯУ МИФИ_цена поставщика
G14: базовая цена | I14: текущая цена
C15: Сметная стоимость | G15: =SUM(O1:O88)/1000 -> 148.5257 | I15: =(Source!P119/1000) -> 1151.7413 | K15: тыс. руб.
C16: Строительные работы | G16: =SUM(W1:W88)/1000 -> 148.5257 | I16: =(Source!P106)/1000 -> 976.05194 | K16: тыс. руб.
C17: Нормативная трудоемкость | G17: =I17 -> 882.85722 | I17: =(Source!P111+Source!P112) -> 882.85722 | K17: чел. -ч.
C18: Средства на оплату труда | G18: =SUM(R1:R88)/1000 -> 7.69804 | I18: =((Source!P104 + Source!P103)/1000) -> 50.57613 | K18: тыс. руб.
A20: Составлена в ценах IV квартал 2017 года
A21: № п/п | B21: Шифр расценки и коды ресурсов | C21: Наименование работ и затрат | D21: Ед. изм. | E21: Кол-во единиц | F21: Цена на ед. изм. | G21: Попра-вочные коэфф. | H21: Стоимость в ценах 2001г. | I21: Пункт коэфф. пересчета | J21: Коэфф. пересчета | K21: Стоимость в текущих ценах | L21: ЗТР всего чел.-час
A22: 1 | B22: 2 | C22: 3 | D22: 4 | E22: 5 | F22: 6 | G22: 7 | H22: 8 | I22: 9 | J22: 10 | K22: 11 | L22: 12
A24: =CONCATENATE("Локальная смета: ",IF(Source!G20<>"Новая локальная смета", Source!G20, "")) -> Локальная смета:
A25: =Source!E25 -> 1 | B25: =Source!F25 -> 46-04-012-01 | C25: =Source!G25 -> Разборка деревянных заполнений проемов оконных с подоконными досками | D25: =Source!H25 -> 100 м2 | E25: =Source!I25 -> 1.6128 | F25: =Source!AL25+Source!AM25+Source!AO25 -> 1767.24 | I25: =Source!BO25 | S25: =ROUND((Source!FX25/100)*((ROUND(Source!AF25*Source!I25, 2)+ROUND(Source!AE25*Source!I25, 2))), 2) -> 2602.22 | T25: =Source!X25 -> 17096.62 | U25: =ROUND((Source!FY25/100)*((ROUND(Source!AF25*Source!I25, 2)+ROUND(Source!AE25*Source!I25, 2))), 2) -> 1563.96 | V25: =Source!Y25 -> 10361.59
C26: ="Объем: "&Source!I25&"=161,28/"&"100" -> Объем: 1,6128=161,28/100
C27: Зарплата | F27: =Source!AO25 -> 1525.29 | G27: =Source!DG25 | H27: =ROUND(Source!AF25*Source!I25, 2) -> 2459.99 | J27: =IF(Source!BA25<> 0, Source!BA25, 1) -> 6.57 | K27: =Source!S25 -> 16162.12 | R27: =H27 -> 2459.99
C28: Эксплуатация машин | F28: =Source!AM25 -> 241.95 | G28: =Source!DE25 | H28: =ROUND(Source!AD25*Source!I25, 2) -> 390.22 | J28: =IF(Source!BB25<> 0, Source!BB25, 1) -> 6.57 | K28: =Source!Q25 -> 2563.73
C29: в т.ч. зарплата машинистов | F29: =Source!AN25 -> 104.49 | G29: =Source!DF25 | H29: =ROUND(Source!AE25*Source!I25, 2) -> 168.52 | J29: =IF(Source!BS25<> 0, Source!BS25, 1) -> 6.57 | K29: =Source!R25 -> 1107.19 | R29: =H29 -> 168.52
C30: НР от ФОТ | D30: % | E30: =Source!BZ25 -> 110 | F30: =CONCATENATE(" )", Source!DL25, Source!FT25, "=", Source!FX25) -> )*0,9=99 | H30: =SUM(S25:S32) -> 2602.22 | J30: =Source!AT25 -> 99 | K30: =SUM(T25:T32) -> 17096.62
C31: СП от ФОТ | D31: % | E31: =Source!CA25 -> 70 | F31: =CONCATENATE(" )", Source!DM25, Source!FU25, "=", Source!FY25) -> )*0,85=59,5 | H31: =SUM(U25:U32) -> 1563.96 | J31: =Source!AU25 -> 60 | K31: =SUM(V25:V32) -> 10361.59
C32: Затраты труда | D32: чел-ч | E32: =Source!AQ25 -> 188.54 | G32: =Source!DI25 | L32: =Source!U25 -> 304.07731
G33: =H27+H28+H30+H31 -> 7016.39 | J33: =K27+K28+K30+K31 -> 46184.06 | L33: =Source!U25 -> 304.07731 | O33: =G33 -> 7016.39 | P33: =J33 -> 46184.06 | Q33: =L33 -> 304.07731 | W33: =IF(Source!BI25<=1,H27+H28+H30+H31, 0) -> 7016.39 | X33: =IF(Source!BI25=2,H27+H28+H30+H31, 0) -> 0 | Y33: =IF(Source!BI25=3,H27+H28+H30+H31, 0) -> 0 | Z33: =IF(Source!BI25=4,H27+H28+H30+H31, 0) -> 0
A34: =Source!E27 -> 2 | B34: =Source!F27 -> 10-01-034-08 | C34: =Source!G27 -> Установка в жилых и общественных зданиях оконных блоков из ПВХ профилей поворотных (откидных, поворотно-откидных) с площадью проема более 2 м2 трехстворчатых, в том числе при наличии створок глухого остекления | D34: =Source!H27 -> 100 м2 | E34: =Source!I27 -> 1.6128 | F34: =Source!AL27+Source!AM27+Source!AO27 -> 10107.89 | I34: =Source!BO27 | S34: =ROUND((Source!FX27/100)*((ROUND(Source!AF27*Source!I27, 2)+ROUND(Source!AE27*Source!I27, 2))), 2) -> 2319.09 | T34: =Source!X27 -> 15207.72 | U34: =ROUND((Source!FY27/100)*((ROUND(Source!AF27*Source!I27, 2)+ROUND(Source!AE27*Source!I27, 2))), 2) -> 1169.37 | V34: =Source!Y27 -> 7747.33
C35: ="Объем: "&Source!I27&"=161,28/"&"100" -> Объем: 1,6128=161,28/100
C36: Зарплата | F36: =Source!AO27 -> 1303.66 | G36: =Source!DG27 | H36: =ROUND(Source!AF27*Source!I27, 2) -> 2102.54 | J36: =IF(Source!BA27<> 0, Source!BA27, 1) -> 6.57 | K36: =Source!S27 -> 13813.71 | R36: =H36 -> 2102.54
C37: Эксплуатация машин | F37: =Source!AM27 -> 255.21 | G37: =Source!DE27 | H37: =ROUND(Source!AD27*Source!I27, 2) -> 411.6 | J37: =IF(Source!BB27<> 0, Source!BB27, 1) -> 6.57 | K37: =Source!Q27 -> 2704.23
C38: в т.ч. зарплата машинистов | F38: =Source!AN27 -> 50.32 | G38: =Source!DF27 | H38: =ROUND(Source!AE27*Source!I27, 2) -> 81.16 | J38: =IF(Source!BS27<> 0, Source!BS27, 1) -> 6.57 | K38: =Source!R27 -> 533.2 | R38: =H38 -> 81.16
C39: Материальные ресурсы | F39: =Source!AL27 -> 8549.02 | G39: =Source!DD27 | H39: =ROUND(Source!AC27*Source!I27, 2) -> 13787.86 | J39: =IF(Source!BC27<> 0, Source!BC27, 1) -> 6.57 | K39: =Source!P27 -> 90586.24
C40: НР от ФОТ | D40: % | E40: =Source!BZ27 -> 118 | F40: =CONCATENATE(" )", Source!DL27, Source!FT27, "=", Source!FX27) -> )*0,9=106,2 | H40: =SUM(S34:S43) -> 2319.09 | J40: =Source!AT27 -> 106 | K40: =SUM(T34:T43) -> 15207.72
C41: СП от ФОТ | D41: % | E41: =Source!CA27 -> 63 | F41: =CONCATENATE(" )", Source!DM27, Source!FU27, "=", Source!FY27) -> )*0,85=53,55 | H41: =SUM(U34:U43) -> 1169.37 | J41: =Source!AU27 -> 54 | K41: =SUM(V34:V43) -> 7747.33
C42: Затраты труда | D42: чел-ч | E42: =Source!AQ27 -> 149.16 | G42: =Source!DI27 | L42: =Source!U27 -> 240.56525
A43: =Source!E29 -> 2,1 | B43: =Source!F29 -> Цена поставщика | C43: Блок оконный пластиковый Базисная стоимость: 446,07 = [3 458,17 / 1,18 / 6,57] | D43: =Source!H29 -> м2 | E43: =Source!I29 -> 161.28 | F43: =Source!AL29+Source!AM29+Source!AO29 -> 446.07 | H43: =ROUND(Source!AC29*Source!I29, 2)+ROUND(Source!AD29*Source!I29, 2)+ROUND(Source!AF29*Source!I29, 2) -> 71942.17 | J43: =IF(Source!BC29<> 0, Source!BC29, 1) -> 6.57 | K43: =Source!O29 -> 472660.05 | S43: =ROUND((Source!FX29/100)*((ROUND(Source!AF29*Source!I29, 2)+ROUND(Source!AE29*Source!I29, 2))), 2) -> 0 | T43: =Source!X29 -> 0 | U43: =ROUND((Source!FY29/100)*((ROUND(Source!AF29*Source!I29, 2)+ROUND(Source!AE29*Source!I29, 2))), 2) -> 0 | V43: =Source!Y29 -> 0 | W43: =IF(Source!BI29<=1,H43, 0) -> 71942.17 | X43: =IF(Source!BI29=2,H43, 0) -> 0 | Y43: =IF(Source!BI29=3,H43, 0) -> 0 | Z43: =IF(Source!BI29=4,H43, 0) -> 0
G44: =H36+H37+H39+H40+H41+SUM(H43:H43) -> 91732.63 | J44: =K36+K37+K39+K40+K41+SUM(K43:K43) -> 602719.28 | L44: =Source!U27 -> 240.56525 | O44: =G44 -> 91732.63 | P44: =J44 -> 602719.28 | Q44: =L44 -> 240.56525 | W44: =IF(Source!BI27<=1,H36+H37+H39+H40+H41, 0) -> 19790.46 | X44: =IF(Source!BI27=2,H36+H37+H39+H40+H41, 0) -> 0 | Y44: =IF(Source!BI27=3,H36+H37+H39+H40+H41, 0) -> 0 | Z44: =IF(Source!BI27=4,H36+H37+H39+H40+H41, 0) -> 0
A45: =Source!E31 -> 3 | B45: =Source!F31 -> 10-01-035-03 | C45: =Source!G31 -> Установка подоконных досок из ПВХ в каменных стенах толщиной свыше 0,51 м | D45: =Source!H31 -> 100 м | E45: =Source!I31 -> 1.12 | F45: =Source!AL31+Source!AM31+Source!AO31 -> 6481.17 | I45: =Source!BO31 | S45: =ROUND((Source!FX31/100)*((ROUND(Source!AF31*Source!I31, 2)+ROUND(Source!AE31*Source!I31, 2))), 2) -> 222.18 | T45: =Source!X31 -> 1457.02 | U45: =ROUND((Source!FY31/100)*((ROUND(Source!AF31*Source!I31, 2)+ROUND(Source!AE31*Source!I31, 2))), 2) -> 112.03 | V45: =Source!Y31 -> 742.26
C46: ="Объем: "&Source!I31&"=112/"&"100" -> Объем: 1,12=112/100
C47: Зарплата | F47: =Source!AO31 -> 182.37 | G47: =Source!DG31 | H47: =ROUND(Source!AF31*Source!I31, 2) -> 204.25 | J47: =IF(Source!BA31<> 0, Source!BA31, 1) -> 6.57 | K47: =Source!S31 -> 1341.95 | R47: =H47 -> 204.25
C48: Эксплуатация машин | F48: =Source!AM31 -> 21.9 | G48: =Source!DE31 | H48: =ROUND(Source!AD31*Source!I31, 2) -> 24.53 | J48: =IF(Source!BB31<> 0, Source!BB31, 1) -> 6.57 | K48: =Source!Q31 -> 161.15
C49: в т.ч. зарплата машинистов | F49: =Source!AN31 -> 4.43 | G49: =Source!DF31 | H49: =ROUND(Source!AE31*Source!I31, 2) -> 4.96 | J49: =IF(Source!BS31<> 0, Source!BS31, 1) -> 6.57 | K49: =Source!R31 -> 32.6 | R49: =H49 -> 4.96
C50: Материальные ресурсы | F50: =Source!AL31 -> 6276.9 | G50: =Source!DD31 | H50: =ROUND(Source!AC31*Source!I31, 2) -> 7030.13 | J50: =IF(Source!BC31<> 0, Source!BC31, 1) -> 6.57 | K50: =Source!P31 -> 46187.94
C51: НР от ФОТ | D51: % | E51: =Source!BZ31 -> 118 | F51: =CONCATENATE(" )", Source!DL31, Source!FT31, "=", Source!FX31) -> )*0,9=106,2 | H51: =SUM(S45:S54) -> 222.18 | J51: =Source!AT31 -> 106 | K51: =SUM(T45:T54) -> 1457.02
C52: СП от ФОТ | D52: % | E52: =Source!CA31 -> 63 | F52: =CONCATENATE(" )", Source!DM31, Source!FU31, "=", Source!FY31) -> )*0,85=53,55 | H52: =SUM(U45:U54) -> 112.03 | J52: =Source!AU31 -> 54 | K52: =SUM(V45:V54) -> 742.26
C53: Затраты труда | D53: чел-ч | E53: =Source!AQ31 -> 21.38 | G53: =Source!DI31 | L53: =Source!U31 -> 23.9456
A54: =Source!E33 -> 3,1 | B54: =Source!F33 -> Цена поставщика | C54: Доски подоконные ПВХ Базисная стоимость: 232,01 = [1 798,67 / 1,18 / 6,57] | D54: =Source!H33 -> м | E54: =Source!I33 -> 112 | F54: =Source!AL33+Source!AM33+Source!AO33 -> 232.01 | H54: =ROUND(Source!AC33*Source!I33, 2)+ROUND(Source!AD33*Source!I33, 2)+ROUND(Source!AF33*Source!I33, 2) -> 25985.12 | J54: =IF(Source!BC33<> 0, Source!BC33, 1) -> 6.57 | K54: =Source!O33 -> 170722.24 | S54: =ROUND((Source!FX33/100)*((ROUND(Source!AF33*Source!I33, 2)+ROUND(Source!AE33*Source!I33, 2))), 2) -> 0 | T54: =Source!X33 -> 0 | U54: =ROUND((Source!FY33/100)*((ROUND(Source!AF33*Source!I33, 2)+ROUND(Source!AE33*Source!I33, 2))), 2) -> 0 | V54: =Source!Y33 -> 0 | W54: =IF(Source!BI33<=1,H54, 0) -> 25985.12 | X54: =IF(Source!BI33=2,H54, 0) -> 0 | Y54: =IF(Source!BI33=3,H54, 0) -> 0 | Z54: =IF(Source!BI33=4,H54, 0) -> 0
G55: =H47+H48+H50+H51+H52+SUM(H54:H54) -> 33578.24 | J55: =K47+K48+K50+K51+K52+SUM(K54:K54) -> 220612.56 | L55: =Source!U31 -> 23.9456 | O55: =G55 -> 33578.24 | P55: =J55 -> 220612.56 | Q55: =L55 -> 23.9456 | W55: =IF(Source!BI31<=1,H47+H48+H50+H51+H52, 0) -> 7593.12 | X55: =IF(Source!BI31=2,H47+H48+H50+H51+H52, 0) -> 0 | Y55: =IF(Source!BI31=3,H47+H48+H50+H51+H52, 0) -> 0 | Z55: =IF(Source!BI31=4,H47+H48+H50+H51+H52, 0) -> 0
A56: =Source!E35 -> 4 | B56: =Source!F35 -> 58-20-1 | C56: =Source!G35 -> Смена обделок из листовой стали (поясков, сандриков, отливов, карнизов) шириной до 0,4 м | D56: =Source!H35 -> 100 м | E56: =Source!I35 -> 1.12 | F56: =Source!AL35+Source!AM35+Source!AO35 -> 454.41 | I56: =Source!BO35 | S56: =ROUND((Source!FX35/100)*((ROUND(Source!AF35*Source!I35, 2)+ROUND(Source!AE35*Source!I35, 2))), 2) -> 329.79 | T56: =Source!X35 -> 2166.75 | U56: =ROUND((Source!FY35/100)*((ROUND(Source!AF35*Source!I35, 2)+ROUND(Source!AE35*Source!I35, 2))), 2) -> 258.27 | V56: =Source!Y35 -> 1696.85
C57: ="Объем: "&Source!I35&"=112/"&"100" -> Объем: 1,12=112/100
C58: Зарплата | F58: =Source!AO35 -> 353.23 | G58: =Source!DG35 | H58: =ROUND(Source!AF35*Source!I35, 2) -> 395.62 | J58: =IF(Source!BA35<> 0, Source!BA35, 1) -> 6.57 | K58: =Source!S35 -> 2599.21 | R58: =H58 -> 395.62
C59: Эксплуатация машин | F59: =Source!AM35 -> 5.13 | G59: =Source!DE35 | H59: =ROUND(Source!AD35*Source!I35, 2) -> 5.75 | J59: =IF(Source!BB35<> 0, Source!BB35, 1) -> 6.57 | K59: =Source!Q35 -> 37.75
C60: в т.ч. зарплата машинистов | F60: =Source!AN35 -> 1.54 | G60: =Source!DF35 | H60: =ROUND(Source!AE35*Source!I35, 2) -> 1.72 | J60: =IF(Source!BS35<> 0, Source!BS35, 1) -> 6.57 | K60: =Source!R35 -> 11.33 | R60: =H60 -> 1.72
C61: Материальные ресурсы | F61: =Source!AL35 -> 96.05 | G61: =Source!DD35 | H61: =ROUND(Source!AC35*Source!I35, 2) -> 107.58 | J61: =IF(Source!BC35<> 0, Source!BC35, 1) -> 6.57 | K61: =Source!P35 -> 706.77
C62: НР от ФОТ | D62: % | E62: =Source!BZ35 -> 83 | H62: =SUM(S56:S65) -> 329.79 | J62: =Source!AT35 -> 83 | K62: =SUM(T56:T65) -> 2166.75
C63: СП от ФОТ | D63: % | E63: =Source!CA35 -> 65 | H63: =SUM(U56:U65) -> 258.27 | J63: =Source!AU35 -> 65 | K63: =SUM(V56:V65) -> 1696.85
C64: Затраты труда | D64: чел-ч | E64: =Source!AQ35 -> 41.41 | G64: =Source!DI35 | L64: =Source!U35 -> 46.3792
A65: =Source!E37 -> 4,1 | B65: =Source!F37 -> Цена поставщика | C65: Водоотлив оконный шириной планки 250 мм из оцинкованной стали с полимерным покрытием Базисная стоимость: 28,64 = [222 / 1,18 / 6,57] | D65: =Source!H37 -> м | E65: =Source!I37 -> 112 | F65: =Source!AL37+Source!AM37+Source!AO37 -> 28.64 | H65: =ROUND(Source!AC37*Source!I37, 2)+ROUND(Source!AD37*Source!I37, 2)+ROUND(Source!AF37*Source!I37, 2) -> 3207.68 | J65: =IF(Source!BC37<> 0, Source!BC37, 1) -> 6.57 | K65: =Source!O37 -> 21074.46 | S65: =ROUND((Source!FX37/100)*((ROUND(Source!AF37*Source!I37, 2)+ROUND(Source!AE37*Source!I37, 2))), 2) -> 0 | T65: =Source!X37 -> 0 | U65: =ROUND((Source!FY37/100)*((ROUND(Source!AF37*Source!I37, 2)+ROUND(Source!AE37*Source!I37, 2))), 2) -> 0 | V65: =Source!Y37 -> 0 | W65: =IF(Source!BI37<=1,H65, 0) -> 3207.68 | X65: =IF(Source!BI37=2,H65, 0) -> 0 | Y65: =IF(Source!BI37=3,H65, 0) -> 0 | Z65: =IF(Source!BI37=4,H65, 0) -> 0
G66: =H58+H59+H61+H62+H63+SUM(H65:H65) -> 4304.69 | J66: =K58+K59+K61+K62+K63+SUM(K65:K65) -> 28281.79 | L66: =Source!U35 -> 46.3792 | O66: =G66 -> 4304.69 | P66: =J66 -> 28281.79 | Q66: =L66 -> 46.3792 | W66: =IF(Source!BI35<=1,H58+H59+H61+H62+H63, 0) -> 1097.01 | X66: =IF(Source!BI35=2,H58+H59+H61+H62+H63, 0) -> 0 | Y66: =IF(Source!BI35=3,H58+H59+H61+H62+H63, 0) -> 0 | Z66: =IF(Source!BI35=4,H58+H59+H61+H62+H63, 0) -> 0
A67: =Source!E39 -> 5 | B67: =Source!F39 -> 15-01-050-04 | C67: =Source!G39 -> Облицовка оконных и дверных откосов декоративным бумажно-слоистым пластиком или листами из синтетических материалов на клее | D67: =Source!H39 -> 100 м2 | E67: =Source!I39 -> 1.4848 | F67: =Source!AL39+Source!AM39+Source!AO39 -> 1563.91 | I67: =Source!BO39 | S67: =ROUND((Source!FX39/100)*((ROUND(Source!AF39*Source!I39, 2)+ROUND(Source!AE39*Source!I39, 2))), 2) -> 2153.92 | T67: =Source!X39 -> 14226.08 | U67: =ROUND((Source!FY39/100)*((ROUND(Source!AF39*Source!I39, 2)+ROUND(Source!AE39*Source!I39, 2))), 2) -> 1065.56 | V67: =Source!Y39 -> 7038.17
C68: ="Объем: "&Source!I39&"=148,48/"&"100" -> Объем: 1,4848=148,48/100
C69: Зарплата | F69: =Source!AO39 -> 1528.19 | G69: =Source!DG39 | H69: =ROUND(Source!AF39*Source!I39, 2) -> 2269.06 | J69: =IF(Source!BA39<> 0, Source!BA39, 1) -> 6.57 | K69: =Source!S39 -> 14907.7 | R69: =H69 -> 2269.06
C70: Эксплуатация машин | F70: =Source!AM39 -> 35.36 | G70: =Source!DE39 | H70: =ROUND(Source!AD39*Source!I39, 2) -> 52.5 | J70: =IF(Source!BB39<> 0, Source!BB39, 1) -> 6.57 | K70: =Source!Q39 -> 344.94
C71: в т.ч. зарплата машинистов | F71: =Source!AN39 -> 6.88 | G71: =Source!DF39 | H71: =ROUND(Source!AE39*Source!I39, 2) -> 10.22 | J71: =IF(Source!BS39<> 0, Source!BS39, 1) -> 6.57 | K71: =Source!R39 -> 67.12 | R71: =H71 -> 10.22
C72: Материальные ресурсы | F72: =Source!AL39 -> 0.36 | G72: =Source!DD39 | H72: =ROUND(Source!AC39*Source!I39, 2) -> 0.53 | J72: =IF(Source!BC39<> 0, Source!BC39, 1) -> 6.57 | K72: =Source!P39 -> 3.51
C73: НР от ФОТ | D73: % | E73: =Source!BZ39 -> 105 | F73: =CONCATENATE(" )", Source!DL39, Source!FT39, "=", Source!FX39) -> )*0,9=94,5 | H73: =SUM(S67:S81) -> 2153.92 | J73: =Source!AT39 -> 95 | K73: =SUM(T67:T81) -> 14226.08
C74: СП от ФОТ | D74: % | E74: =Source!CA39 -> 55 | F74: =CONCATENATE(" )", Source!DM39, Source!FU39, "=", Source!FY39) -> )*0,85=46,75 | H74: =SUM(U67:U81) -> 1065.56 | J74: =Source!AU39 -> 47 | K74: =SUM(V67:V81) -> 7038.17
C75: Затраты труда | D75: чел-ч | E75: =Source!AQ39 -> 166.47 | G75: =Source!DI39 | L75: =Source!U39 -> 247.17466
A76: =Source!E41 -> 5,1 | B76: =Source!F41 -> 01.6.01.11 | C76: =Source!G41 -> Листы облицовочные декоративные | D76: =Source!H41 -> м2 | E76: =Source!I41 -> 155.904 | F76: =Source!AL41+Source!AM41+Source!AO41 -> 0 | H76: =ROUND(Source!AC41*Source!I41, 2)+ROUND(Source!AD41*Source!I41, 2)+ROUND(Source!AF41*Source!I41, 2) -> 0 | J76: =IF(Source!BC41<> 0, Source!BC41, 1) -> 6.57 | K76: =Source!O41 -> 0 | S76: =ROUND((Source!FX41/100)*((ROUND(Source!AF41*Source!I41, 2)+ROUND(Source!AE41*Source!I41, 2))), 2) -> 0 | T76: =Source!X41 -> 0 | U76: =ROUND((Source!FY41/100)*((ROUND(Source!AF41*Source!I41, 2)+ROUND(Source!AE41*Source!I41, 2))), 2) -> 0 | V76: =Source!Y41 -> 0 | W76: =IF(Source!BI41<=1,H76, 0) -> 0 | X76: =IF(Source!BI41=2,H76, 0) -> 0 | Y76: =IF(Source!BI41=3,H76, 0) -> 0 | Z76: =IF(Source!BI41=4,H76, 0) -> 0
A77: =Source!E43 -> 5,2 | B77: =Source!F43 -> 11.3.03.05-0001 | C77: =Source!G43 -> Панели пластиковые для откосов "Реас Пласт" шириной 0,4 м, длиной 3,0 м, белые матовые, лакированные | D77: =Source!H43 -> м2 | E77: =Source!I43 -> 155.904 | F77: =Source!AL43+Source!AM43+Source!AO43 -> 34.38 | H77: =ROUND(Source!AC43*Source!I43, 2)+ROUND(Source!AD43*Source!I43, 2)+ROUND(Source!AF43*Source!I43, 2) -> 5359.98 | J77: =IF(Source!BC43<> 0, Source!BC43, 1) -> 6.57 | K77: =Source!O43 -> 35215.07 | S77: =ROUND((Source!FX43/100)*((ROUND(Source!AF43*Source!I43, 2)+ROUND(Source!AE43*Source!I43, 2))), 2) -> 0 | T77: =Source!X43 -> 0 | U77: =ROUND((Source!FY43/100)*((ROUND(Source!AF43*Source!I43, 2)+ROUND(Source!AE43*Source!I43, 2))), 2) -> 0 | V77: =Source!Y43 -> 0 | W77: =IF(Source!BI43<=1,H77, 0) -> 5359.98 | X77: =IF(Source!BI43=2,H77, 0) -> 0 | Y77: =IF(Source!BI43=3,H77, 0) -> 0 | Z77: =IF(Source!BI43=4,H77, 0) -> 0
A78: =Source!E45 -> 5,3 | B78: =Source!F45 -> 14.1.06.05 | C78: =Source!G45 -> Клей | D78: =Source!H45 -> кг | E78: =Source!I45 -> 44.544 | F78: =Source!AL45+Source!AM45+Source!AO45 -> 0 | H78: =ROUND(Source!AC45*Source!I45, 2)+ROUND(Source!AD45*Source!I45, 2)+ROUND(Source!AF45*Source!I45, 2) -> 0 | J78: =IF(Source!BC45<> 0, Source!BC45, 1) -> 6.57 | K78: =Source!O45 -> 0 | S78: =ROUND((Source!FX45/100)*((ROUND(Source!AF45*Source!I45, 2)+ROUND(Source!AE45*Source!I45, 2))), 2) -> 0 | T78: =Source!X45 -> 0 | U78: =ROUND((Source!FY45/100)*((ROUND(Source!AF45*Source!I45, 2)+ROUND(Source!AE45*Source!I45, 2))), 2) -> 0 | V78: =Source!Y45 -> 0 | W78: =IF(Source!BI45<=1,H78, 0) -> 0 | X78: =IF(Source!BI45=2,H78, 0) -> 0 | Y78: =IF(Source!BI45=3,H78, 0) -> 0 | Z78: =IF(Source!BI45=4,H78, 0) -> 0
A79: =Source!E47 -> 5,4 | B79: =Source!F47 -> 14.1.02.03-0002 | C79: =Source!G47 -> Клей ПВА | D79: =Source!H47 -> кг | E79: =Source!I47 -> 44.544 | F79: =Source!AL47+Source!AM47+Source!AO47 -> 15.9 | H79: =ROUND(Source!AC47*Source!I47, 2)+ROUND(Source!AD47*Source!I47, 2)+ROUND(Source!AF47*Source!I47, 2) -> 708.25 | J79: =IF(Source!BC47<> 0, Source!BC47, 1) -> 6.57 | K79: =Source!O47 -> 4653.2 | S79: =ROUND((Source!FX47/100)*((ROUND(Source!AF47*Source!I47, 2)+ROUND(Source!AE47*Source!I47, 2))), 2) -> 0 | T79: =Source!X47 -> 0 | U79: =ROUND((Source!FY47/100)*((ROUND(Source!AF47*Source!I47, 2)+ROUND(Source!AE47*Source!I47, 2))), 2) -> 0 | V79: =Source!Y47 -> 0 | W79: =IF(Source!BI47<=1,H79, 0) -> 708.25 | X79: =IF(Source!BI47=2,H79, 0) -> 0 | Y79: =IF(Source!BI47=3,H79, 0) -> 0 | Z79: =IF(Source!BI47=4,H79, 0) -> 0
A80: =Source!E49 -> 5,5 | B80: =Source!F49 -> 14.3.01.01-0001 | C80: =Source!G49 -> Грунтовка: «Бетоконтакт», КНАУФ | D80: =Source!H49 -> кг | E80: =Source!I49 -> 13.215 | F80: =Source!AL49+Source!AM49+Source!AO49 -> 15.09 | H80: =ROUND(Source!AC49*Source!I49, 2)+ROUND(Source!AD49*Source!I49, 2)+ROUND(Source!AF49*Source!I49, 2) -> 199.41 | J80: =IF(Source!BC49<> 0, Source!BC49, 1) -> 6.57 | K80: =Source!O49 -> 1310.15 | S80: =ROUND((Source!FX49/100)*((ROUND(Source!AF49*Source!I49, 2)+ROUND(Source!AE49*Source!I49, 2))), 2) -> 0 | T80: =Source!X49 -> 0 | U80: =ROUND((Source!FY49/100)*((ROUND(Source!AF49*Source!I49, 2)+ROUND(Source!AE49*Source!I49, 2))), 2) -> 0 | V80: =Source!Y49 -> 0 | W80: =IF(Source!BI49<=1,H80, 0) -> 199.41 | X80: =IF(Source!BI49=2,H80, 0) -> 0 | Y80: =IF(Source!BI49=3,H80, 0) -> 0 | Z80: =IF(Source!BI49=4,H80, 0) -> 0
A81: =Source!E51 -> 5,6 | B81: =Source!F51 -> 14.4.01.21 | C81: =Source!G51 -> Грунтовка | D81: =Source!H51 -> т | E81: =Source!I51 -> 0.013215 | F81: =Source!AL51+Source!AM51+Source!AO51 -> 0 | H81: =ROUND(Source!AC51*Source!I51, 2)+ROUND(Source!AD51*Source!I51, 2)+ROUND(Source!AF51*Source!I51, 2) -> 0 | J81: =IF(Source!BC51<> 0, Source!BC51, 1) -> 6.57 | K81: =Source!O51 -> 0 | S81: =ROUND((Source!FX51/100)*((ROUND(Source!AF51*Source!I51, 2)+ROUND(Source!AE51*Source!I51, 2))), 2) -> 0 | T81: =Source!X51 -> 0 | U81: =ROUND((Source!FY51/100)*((ROUND(Source!AF51*Source!I51, 2)+ROUND(Source!AE51*Source!I51, 2))), 2) -> 0 | V81: =Source!Y51 -> 0 | W81: =IF(Source!BI51<=1,H81, 0) -> 0 | X81: =IF(Source!BI51=2,H81, 0) -> 0 | Y81: =IF(Source!BI51=3,H81, 0) -> 0 | Z81: =IF(Source!BI51=4,H81, 0) -> 0
G82: =H69+H70+H72+H73+H74+SUM(H76:H81) -> 11809.21 | J82: =K69+K70+K72+K73+K74+SUM(K76:K81) -> 77698.82 | L82: =Source!U39 -> 247.17466 | O82: =G82 -> 11809.21 | P82: =J82 -> 77698.82 | Q82: =L82 -> 247.17466 | W82: =IF(Source!BI39<=1,H69+H70+H72+H73+H74, 0) -> 5541.57 | X82: =IF(Source!BI39=2,H69+H70+H72+H73+H74, 0) -> 0 | Y82: =IF(Source!BI39=3,H69+H70+H72+H73+H74, 0) -> 0 | Z82: =IF(Source!BI39=4,H69+H70+H72+H73+H74, 0) -> 0
A83: =Source!E53 -> 6 | B83: =Source!F53 -> т01-01-01-041 | C83: =Source!G53 -> Погрузочные работы при автомобильных перевозках мусора строительного с погрузкой вручную | D83: =Source!H53 -> 1 Т ГРУЗА | E83: =Source!I53 -> 1.5 | F83: =Source!AK53 -> 42.98 | G83: =Source!DC53 | H83: =ROUND(Source!AB53*Source!I53, 2) -> 64.47 | I83: =Source!BO53 | J83: =Source!AZ53 -> 6.57 | K83: =Source!GM53 -> 423.57 | S83: =ROUND((Source!FX53/100)*((ROUND(0*Source!I53, 2)+ROUND(0*Source!I53, 2))), 2) -> 0 | T83: =Source!X53 -> 0 | U83: =ROUND((Source!FY53/100)*((ROUND(0*Source!I53, 2)+ROUND(0*Source!I53, 2))), 2) -> 0 | V83: =Source!Y53 -> 0
G84: =H83 -> 64.47 | J84: =K83 -> 423.57 | L84: =Source!U53 -> 0 | O84: =G84 -> 64.47 | P84: =J84 -> 423.57 | Q84: =L84 -> 0 | W84: =IF(Source!BI53<=1,H83, 0) -> 64.47 | X84: =IF(Source!BI53=2,H83, 0) -> 0 | Y84: =IF(Source!BI53=3,H83, 0) -> 0 | Z84: =IF(Source!BI53=4,H83, 0) -> 0
A85: =Source!E55 -> 7 | B85: =Source!F55 -> т03-21-01-015 | C85: =Source!G55 -> Перевозка грузов I класса автомобилями-самосвалами грузоподъемностью 10 т работающих вне карьера на расстояние до 15 км | D85: =Source!H55 -> 1 Т ГРУЗА | E85: =Source!I55 -> 1.5 | F85: =Source!AK55 -> 13.38 | G85: =Source!DC55 | H85: =ROUND(Source!AB55*Source!I55, 2) -> 20.07 | I85: =Source!BO55 | J85: =Source!AZ55 -> 6.57 | K85: =Source!GM55 -> 131.86 | S85: =ROUND((Source!FX55/100)*((ROUND(0*Source!I55, 2)+ROUND(0*Source!I55, 2))), 2) -> 0 | T85: =Source!X55 -> 0 | U85: =ROUND((Source!FY55/100)*((ROUND(0*Source!I55, 2)+ROUND(0*Source!I55, 2))), 2) -> 0 | V85: =Source!Y55 -> 0
G86: =H85 -> 20.07 | J86: =K85 -> 131.86 | L86: =Source!U55 -> 0 | O86: =G86 -> 20.07 | P86: =J86 -> 131.86 | Q86: =L86 -> 0 | W86: =IF(Source!BI55<=1,H85, 0) -> 20.07 | X86: =IF(Source!BI55=2,H85, 0) -> 0 | Y86: =IF(Source!BI55=3,H85, 0) -> 0 | Z86: =IF(Source!BI55=4,H85, 0) -> 0
A88: =CONCATENATE("Итого по локальной смете: ",IF(Source!G57<>"Новая локальная смета", Source!G57, "")) -> Итого по локальной смете: | G88: =SUM(O24:O87) -> 148525.7 | J88: =SUM(P24:P87) -> 976051.94 | L88: =SUM(Q24:Q87) -> 862.14202
C89: =Source!H118 -> Итого НДС 18% | J89: =IF(Source!P118=0, "", Source!P118) -> 175689.35
C90: =Source!H119 -> Всего по смете | J90: =IF(Source!P119=0, "", Source!P119) -> 1151741.3
C92: Составил | D92: =IF(Source!AC12<>"", Source!AC12," ") | I92: =IF(Source!AB12<>"", Source!AB12," ")
D93: [должность,подпись(инициалы,фамилия)]
C95: Проверил | D95: =IF(Source!AE12<>"", Source!AE12," ") | I95: =IF(Source!AD12<>"", Source!AD12," ")
D96: [должность,подпись(инициалы,фамилия)]

Sheet Акт КС-2 c НР и СП
A1: =Source!B1 -> Smeta.RU (495) 974-1589
E2: Унифицированная форма № КС-2
E3: Утверждена постановлением Госкомстата России
E4: от 11.11.99. № 100
G6: Код
F7: Форма по ОКУД | G7: 0322005
G8: =IF(Source!AT15 <> "", Source!AT15, "")
A9: Инвестор | C9: =IF(Source!BA15 <> "", Source!BA15, IF(Source!AU15 <> "", Source!AU15, "")) | F9: по ОКПО
C10: организация, адрес, телефон, факс | G10: =IF(Source!AK15 <> "", Source!AK15, "")
A11: Заказчик | C11: =IF(Source!AX12<> "", Source!AX12, IF(Source!AJ12 <> "", Source!AJ12, "")) | F11: по ОКПО
C12: организация, адрес, телефон, факс | G12: =IF(Source!AO15 <> "", Source!AO15, "")
A13: Подрядчик | C13: =IF(Source!AY12<> "", Source!AY12, IF(Source!AN12 <> "", Source!AN12, "")) | F13: по ОКПО
C14: организация, адрес, телефон, факс | G14: =IF(Source!CO15 <> "", Source!CO15, "")
A15: Стройка | C15: Капитальный ремонт окооных проемов общежития ДИТИ НИЯУ МИФИ_цена поставщика | AE15: Капитальный ремонт окооных проемов общежития ДИТИ НИЯУ МИФИ_цена поставщика
C16: наименование, адрес | G16: =IF(Source!CP15 <> "", Source!CP15, "")
A17: Объект | C17: =IF(Source!G12<>"Новый объект", Source!G12, "") -> Капитальный ремонт окооных проемов общежития ДИТИ НИЯУ МИФИ_цена поставщика | AE17: =IF(Source!G12<>"Новый объект", Source!G12, "") -> Капитальный ремонт окооных проемов общежития ДИТИ НИЯУ МИФИ_цена поставщика
C18: наименование
D19: Вид деятельности по ОКДП | G19: =IF(Source!CQ15 <> "", Source!CQ15, "")
D20: Договор подряда | F20: номер | G20: =IF(Source!CR15 <> "", Source!CR15, "")
F21: дата | G21: =IF(Source!CS15 <> 0, Source!CS15, "")
F22: Вид операции | G22: =IF(Source!CT15 <> "", Source!CT15, "")
D24: Номер документа | E24: Дата составления | F24: Отчетный период
F25: с | G25: по
D26: =IF(Source!CN15 <> "", Source!CN15, "") | E26: 43133.489
A28: AKT
A29: О ПРИЕМКЕ ВЫПОЛНЕННЫХ РАБОТ
A31: Сметная (договорная) стоимость в соответствии с договором подряда (субподряда) | F31: =(Source!P119/1000) -> 1151.7413 | H31: тыс.руб
A33: Номер | C33: Наименование работ | D33: Номер единичной расценки | E33: Единица измерения | F33: Выполнено работ
A34: по порядку | B34: поз. по смете | F34: Количество | G34: цена за единицу, руб | H34: стоимость, руб
A35: 1 | B35: 2 | C35: 3 | D35: 4 | E35: 5 | F35: 6 | G35: 7 | H35: 8
A37: =CONCATENATE("Локальная смета: ",IF(Source!G20<>"Новая локальная смета", Source!G20, "")) -> Локальная смета:
A38: 1 | B38: =Source!E25 -> 1 | C38: =Source!G25 -> Разборка деревянных заполнений проемов оконных с подоконными досками | D38: =Source!F25 -> 46-04-012-01 | E38: =Source!H25 -> 100 м2 | F38: =Source!I25 -> 1.6128 | G38: =Source!AB25 -> 1767.24 | H38: =Source!O25 -> 18725.85 | T38: =Source!O25+Source!X25+Source!Y25 -> 46184.06 | U38: =Source!P25 -> 0 | V38: =Source!S25 -> 16162.12 | W38: =Source!Q25 -> 2563.73 | X38: =Source!R25 -> 1107.19 | Y38: =Source!U25 -> 304.07731 | Z38: =Source!V25 -> 12.483072 | AA38: =Source!X25 -> 17096.62 | AB38: =Source!Y25 -> 10361.59
C39: ="Объем: "&Source!I25&"=161,28/"&"100" -> Объем: 1,6128=161,28/100
C40: Коэфф. к ОЗП | D40: =Source!BA25 -> 6.57
C41: Коэфф. к эксплуатации машин | D41: =Source!BB25 -> 6.57
C42: Коэфф. к материалам | D42: =Source!BC25 -> 6.57
C43: Коэфф. к ЗПМ | D43: =Source!BS25 -> 6.57
C44: % НР | F44: =Source!BZ25 -> 110 | G44: =(Source!AF25+Source!AE25)*Source!FX25/100 -> 1613.4822 | H44: =Source!X25 -> 17096.62
C45: % НР с поправкой | G45: =CONCATENATE(Source!DL25,Source!FT25, "=", Source!FX25, "%") -> *0,9=99% | H45: =CONCATENATE(Source!AT25) -> 99
C46: % СП | F46: =Source!CA25 -> 70 | G46: =(Source!AF25+Source!AE25)*Source!FY25/100 -> 969.7191 | H46: =Source!Y25 -> 10361.59
C47: СП с поправкой | G47: =CONCATENATE(Source!DM25,Source!FU25, "=", Source!FY25, "%") -> *0,85=59,5% | H47: =CONCATENATE(Source!AU25) -> 60
C48: Итого с НР и СП | G48: =((Source!AF25+Source!AE25)*Source!FX25/100)+((Source!AF25+Source!AE25)*Source!FY25/100)+Source!AB25 -> 4350.4413 | H48: =Source!O25+Source!X25+Source!Y25 -> 46184.06
A49: 2 | B49: =Source!E27 -> 2 | C49: =Source!G27 -> Установка в жилых и общественных зданиях оконных блоков из ПВХ профилей поворотных (откидных, поворотно-откидных) с площадью проема более 2 м2 трехстворчатых, в том числе при наличии створок глухого остекления | D49: =Source!F27 -> 10-01-034-08 | E49: =Source!H27 -> 100 м2 | F49: =Source!I27 -> 1.6128 | G49: =Source!AB27 -> 10107.89 | H49: =Source!O27 -> 107104.18 | T49: =Source!O27+Source!X27+Source!Y27 -> 130059.23 | U49: =Source!P27 -> 90586.24 | V49: =Source!S27 -> 13813.71 | W49: =Source!Q27 -> 2704.23 | X49: =Source!R27 -> 533.2 | Y49: =Source!U27 -> 240.56525 | Z49: =Source!V27 -> 6.822144 | AA49: =Source!X27 -> 15207.72 | AB49: =Source!Y27 -> 7747.33
C50: ="Объем: "&Source!I27&"=161,28/"&"100" -> Объем: 1,6128=161,28/100
C51: Коэфф. к ОЗП | D51: =Source!BA27 -> 6.57
C52: Коэфф. к эксплуатации машин | D52: =Source!BB27 -> 6.57
C53: Коэфф. к материалам | D53: =Source!BC27 -> 6.57
C54: Коэфф. к ЗПМ | D54: =Source!BS27 -> 6.57
C55: % НР | F55: =Source!BZ27 -> 118 | G55: =(Source!AF27+Source!AE27)*Source!FX27/100 -> 1437.9268 | H55: =Source!X27 -> 15207.72
C56: % НР с поправкой | G56: =CONCATENATE(Source!DL27,Source!FT27, "=", Source!FX27, "%") -> *0,9=106,2% | H56: =CONCATENATE(Source!AT27) -> 106
C57: % СП | F57: =Source!CA27 -> 63 | G57: =(Source!AF27+Source!AE27)*Source!FY27/100 -> 725.05629 | H57: =Source!Y27 -> 7747.33
C58: СП с поправкой | G58: =CONCATENATE(Source!DM27,Source!FU27, "=", Source!FY27, "%") -> *0,85=53,55% | H58: =CONCATENATE(Source!AU27) -> 54
C59: Итого с НР и СП | G59: =((Source!AF27+Source!AE27)*Source!FX27/100)+((Source!AF27+Source!AE27)*Source!FY27/100)+Source!AB27 -> 12270.873 | H59: =Source!O27+Source!X27+Source!Y27 -> 130059.23
A60: 3 | B60: =Source!E29 -> 2,1 | C60: Блок оконный пластиковый Базисная стоимость: 446,07 = [3 458,17 / 1,18 / 6,57] | D60: =Source!F29 -> Цена поставщика | E60: =Source!H29 -> м2 | F60: =Source!I29 -> 161.28 | G60: =Source!AB29 -> 446.07 | H60: =Source!O29 -> 472660.05 | T60: =Source!O29+Source!X29+Source!Y29 -> 472660.05 | U60: =Source!P29 -> 472660.05 | V60: =Source!S29 -> 0 | W60: =Source!Q29 -> 0 | X60: =Source!R29 -> 0 | Y60: =Source!U29 -> 0 | Z60: =Source!V29 -> 0 | AA60: =Source!X29 -> 0 | AB60: =Source!Y29 -> 0
C61: Коэфф. к материалам | D61: =Source!BC29 -> 6.57
A62: 4 | B62: =Source!E31 -> 3 | C62: =Source!G31 -> Установка подоконных досок из ПВХ в каменных стенах толщиной свыше 0,51 м | D62: =Source!F31 -> 10-01-035-03 | E62: =Source!H31 -> 100 м | F62: =Source!I31 -> 1.12 | G62: =Source!AB31 -> 6481.17 | H62: =Source!O31 -> 47691.04 | T62: =Source!O31+Source!X31+Source!Y31 -> 49890.32 | U62: =Source!P31 -> 46187.94 | V62: =Source!S31 -> 1341.95 | W62: =Source!Q31 -> 161.15 | X62: =Source!R31 -> 32.6 | Y62: =Source!U31 -> 23.9456 | Z62: =Source!V31 -> 0.4144 | AA62: =Source!X31 -> 1457.02 | AB62: =Source!Y31 -> 742.26
C63: ="Объем: "&Source!I31&"=112/"&"100" -> Объем: 1,12=112/100
C64: Коэфф. к ОЗП | D64: =Source!BA31 -> 6.57
C65: Коэфф. к эксплуатации машин | D65: =Source!BB31 -> 6.57
C66: Коэфф. к материалам | D66: =Source!BC31 -> 6.57
C67: Коэфф. к ЗПМ | D67: =Source!BS31 -> 6.57
C68: % НР | F68: =Source!BZ31 -> 118 | G68: =(Source!AF31+Source!AE31)*Source!FX31/100 -> 198.3816 | H68: =Source!X31 -> 1457.02
C69: % НР с поправкой | G69: =CONCATENATE(Source!DL31,Source!FT31, "=", Source!FX31, "%") -> *0,9=106,2% | H69: =CONCATENATE(Source!AT31) -> 106
C70: % СП | F70: =Source!CA31 -> 63 | G70: =(Source!AF31+Source!AE31)*Source!FY31/100 -> 100.0314 | H70: =Source!Y31 -> 742.26
C71: СП с поправкой | G71: =CONCATENATE(Source!DM31,Source!FU31, "=", Source!FY31, "%") -> *0,85=53,55% | H71: =CONCATENATE(Source!AU31) -> 54
C72: Итого с НР и СП | G72: =((Source!AF31+Source!AE31)*Source!FX31/100)+((Source!AF31+Source!AE31)*Source!FY31/100)+Source!AB31 -> 6779.583 | H72: =Source!O31+Source!X31+Source!Y31 -> 49890.32
A73: 5 | B73: =Source!E33 -> 3,1 | C73: Доски подоконные ПВХ Базисная стоимость: 232,01 = [1 798,67 / 1,18 / 6,57] | D73: =Source!F33 -> Цена поставщика | E73: =Source!H33 -> м | F73: =Source!I33 -> 112 | G73: =Source!AB33 -> 232.01 | H73: =Source!O33 -> 170722.24 | T73: =Source!O33+Source!X33+Source!Y33 -> 170722.24 | U73: =Source!P33 -> 170722.24 | V73: =Source!S33 -> 0 | W73: =Source!Q33 -> 0 | X73: =Source!R33 -> 0 | Y73: =Source!U33 -> 0 | Z73: =Source!V33 -> 0 | AA73: =Source!X33 -> 0 | AB73: =Source!Y33 -> 0
C74: Коэфф. к материалам | D74: =Source!BC33 -> 6.57
A75: 6 | B75: =Source!E35 -> 4 | C75: =Source!G35 -> Смена обделок из листовой стали (поясков, сандриков, отливов, карнизов) шириной до 0,4 м | D75: =Source!F35 -> 58-20-1 | E75: =Source!H35 -> 100 м | F75: =Source!I35 -> 1.12 | G75: =Source!AB35 -> 454.41 | H75: =Source!O35 -> 3343.73 | T75: =Source!O35+Source!X35+Source!Y35 -> 7207.33 | U75: =Source!P35 -> 706.77 | V75: =Source!S35 -> 2599.21 | W75: =Source!Q35 -> 37.75 | X75: =Source!R35 -> 11.33 | Y75: =Source!U35 -> 46.3792 | Z75: =Source!V35 -> 0.1344 | AA75: =Source!X35 -> 2166.75 | AB75: =Source!Y35 -> 1696.85
C76: ="Объем: "&Source!I35&"=112/"&"100" -> Объем: 1,12=112/100
C77: Коэфф. к ОЗП | D77: =Source!BA35 -> 6.57
C78: Коэфф. к эксплуатации машин | D78: =Source!BB35 -> 6.57
C79: Коэфф. к материалам | D79: =Source!BC35 -> 6.57
C80: Коэфф. к ЗПМ | D80: =Source!BS35 -> 6.57
C81: % НР | F81: =Source!BZ35 -> 83 | G81: =(Source!AF35+Source!AE35)*Source!FX35/100 -> 294.4591 | H81: =Source!X35 -> 2166.75
C82: % СП | F82: =Source!CA35 -> 65 | G82: =(Source!AF35+Source!AE35)*Source!FY35/100 -> 230.6005 | H82: =Source!Y35 -> 1696.85
C83: Итого с НР и СП | G83: =((Source!AF35+Source!AE35)*Source!FX35/100)+((Source!AF35+Source!AE35)*Source!FY35/100)+Source!AB35 -> 979.4696 | H83: =Source!O35+Source!X35+Source!Y35 -> 7207.33
A84: 7 | B84: =Source!E37 -> 4,1 | C84: Водоотлив оконный шириной планки 250 мм из оцинкованной стали с полимерным покрытием Базисная стоимость: 28,64 = [222 / 1,18 / 6,57] | D84: =Source!F37 -> Цена поставщика | E84: =Source!H37 -> м | F84: =Source!I37 -> 112 | G84: =Source!AB37 -> 28.64 | H84: =Source!O37 -> 21074.46 | T84: =Source!O37+Source!X37+Source!Y37 -> 21074.46 | U84: =Source!P37 -> 21074.46 | V84: =Source!S37 -> 0 | W84: =Source!Q37 -> 0 | X84: =Source!R37 -> 0 | Y84: =Source!U37 -> 0 | Z84: =Source!V37 -> 0 | AA84: =Source!X37 -> 0 | AB84: =Source!Y37 -> 0
C85: Коэфф. к материалам | D85: =Source!BC37 -> 6.57
A86: 8 | B86: =Source!E39 -> 5 | C86: =Source!G39 -> Облицовка оконных и дверных откосов декоративным бумажно-слоистым пластиком или листами из синтетических материалов на клее | D86: =Source!F39 -> 15-01-050-04 | E86: =Source!H39 -> 100 м2 | F86: =Source!I39 -> 1.4848 | G86: =Source!AB39 -> 1563.91 | H86: =Source!O39 -> 15256.15 | T86: =Source!O39+Source!X39+Source!Y39 -> 36520.4 | U86: =Source!P39 -> 3.51 | V86: =Source!S39 -> 14907.7 | W86: =Source!Q39 -> 344.94 | X86: =Source!R39 -> 67.12 | Y86: =Source!U39 -> 247.17466 | Z86: =Source!V39 -> 0.861184 | AA86: =Source!X39 -> 14226.08 | AB86: =Source!Y39 -> 7038.17
C87: ="Объем: "&Source!I39&"=148,48/"&"100" -> Объем: 1,4848=148,48/100
C88: Коэфф. к ОЗП | D88: =Source!BA39 -> 6.57
C89: Коэфф. к эксплуатации машин | D89: =Source!BB39 -> 6.57
C90: Коэфф. к материалам | D90: =Source!BC39 -> 6.57
C91: Коэфф. к ЗПМ | D91: =Source!BS39 -> 6.57
C92: % НР | F92: =Source!BZ39 -> 105 | G92: =(Source!AF39+Source!AE39)*Source!FX39/100 -> 1450.6412 | H92: =Source!X39 -> 14226.08
C93: % НР с поправкой | G93: =CONCATENATE(Source!DL39,Source!FT39, "=", Source!FX39, "%") -> *0,9=94,5% | H93: =CONCATENATE(Source!AT39) -> 95
C94: % СП | F94: =Source!CA39 -> 55 | G94: =(Source!AF39+Source!AE39)*Source!FY39/100 -> 717.64523 | H94: =Source!Y39 -> 7038.17
C95: СП с поправкой | G95: =CONCATENATE(Source!DM39,Source!FU39, "=", Source!FY39, "%") -> *0,85=46,75% | H95: =CONCATENATE(Source!AU39) -> 47
C96: Итого с НР и СП | G96: =((Source!AF39+Source!AE39)*Source!FX39/100)+((Source!AF39+Source!AE39)*Source!FY39/100)+Source!AB39 -> 3732.1964 | H96: =Source!O39+Source!X39+Source!Y39 -> 36520.4
A97: 9 | B97: =Source!E41 -> 5,1 | C97: =Source!G41 -> Листы облицовочные декоративные | D97: =Source!F41 -> 01.6.01.11 | E97: =Source!H41 -> м2 | F97: =Source!I41 -> 155.904 | G97: =Source!AB41 -> 0 | H97: =Source!O41 -> 0 | T97: =Source!O41+Source!X41+Source!Y41 -> 0 | U97: =Source!P41 -> 0 | V97: =Source!S41 -> 0 | W97: =Source!Q41 -> 0 | X97: =Source!R41 -> 0 | Y97: =Source!U41 -> 0 | Z97: =Source!V41 -> 0 | AA97: =Source!X41 -> 0 | AB97: =Source!Y41 -> 0
C98: Коэфф. к материалам | D98: =Source!BC41 -> 6.57
A99: 10 | B99: =Source!E43 -> 5,2 | C99: =Source!G43 -> Панели пластиковые для откосов "Реас Пласт" шириной 0,4 м, длиной 3,0 м, белые матовые, лакированные | D99: =Source!F43 -> 11.3.03.05-0001 | E99: =Source!H43 -> м2 | F99: =Source!I43 -> 155.904 | G99: =Source!AB43 -> 34.38 | H99: =Source!O43 -> 35215.07 | T99: =Source!O43+Source!X43+Source!Y43 -> 35215.07 | U99: =Source!P43 -> 35215.07 | V99: =Source!S43 -> 0 | W99: =Source!Q43 -> 0 | X99: =Source!R43 -> 0 | Y99: =Source!U43 -> 0 | Z99: =Source!V43 -> 0 | AA99: =Source!X43 -> 0 | AB99: =Source!Y43 -> 0
C100: Коэфф. к материалам | D100: =Source!BC43 -> 6.57
A101: 11 | B101: =Source!E45 -> 5,3 | C101: =Source!G45 -> Клей | D101: =Source!F45 -> 14.1.06.05 | E101: =Source!H45 -> кг | F101: =Source!I45 -> 44.544 | G101: =Source!AB45 -> 0 | H101: =Source!O45 -> 0 | T101: =Source!O45+Source!X45+Source!Y45 -> 0 | U101: =Source!P45 -> 0 | V101: =Source!S45 -> 0 | W101: =Source!Q45 -> 0 | X101: =Source!R45 -> 0 | Y101: =Source!U45 -> 0 | Z101: =Source!V45 -> 0 | AA101: =Source!X45 -> 0 | AB101: =Source!Y45 -> 0
C102: Коэфф. к материалам | D102: =Source!BC45 -> 6.57
A103: 12 | B103: =Source!E47 -> 5,4 | C103: =Source!G47 -> Клей ПВА | D103: =Source!F47 -> 14.1.02.03-0002 | E103: =Source!H47 -> кг | F103: =Source!I47 -> 44.544 | G103: =Source!AB47 -> 15.9 | H103: =Source!O47 -> 4653.2 | T103: =Source!O47+Source!X47+Source!Y47 -> 4653.2 | U103: =Source!P47 -> 4653.2 | V103: =Source!S47 -> 0 | W103: =Source!Q47 -> 0 | X103: =Source!R47 -> 0 | Y103: =Source!U47 -> 0 | Z103: =Source!V47 -> 0 | AA103: =Source!X47 -> 0 | AB103: =Source!Y47 -> 0
C104: Коэфф. к материалам | D104: =Source!BC47 -> 6.57
A105: 13 | B105: =Source!E49 -> 5,5 | C105: =Source!G49 -> Грунтовка: «Бетоконтакт», КНАУФ | D105: =Source!F49 -> 14.3.01.01-0001 | E105: =Source!H49 -> кг | F105: =Source!I49 -> 13.215 | G105: =Source!AB49 -> 15.09 | H105: =Source!O49 -> 1310.15 | T105: =Source!O49+Source!X49+Source!Y49 -> 1310.15 | U105: =Source!P49 -> 1310.15 | V105: =Source!S49 -> 0 | W105: =Source!Q49 -> 0 | X105: =Source!R49 -> 0 | Y105: =Source!U49 -> 0 | Z105: =Source!V49 -> 0 | AA105: =Source!X49 -> 0 | AB105: =Source!Y49 -> 0
C106: Коэфф. к материалам | D106: =Source!BC49 -> 6.57
...

Sheet Source
A1: 0 | B1: Smeta.RU (495) 974-1589 | D1: _PS_ | F1: 0 | G1: 0 | H1: 0 | I1: Smeta.RU | J1: НИЯУ МИФИ Доп. раб. место MCCS-0027251 | K1: 0 | L1: 27251 | M1: 10
A12: 1 | B12: 150 | C12: 0 | D12: =ROW(A89) -> 89 | E12: 0 | F12: Новый объект | G12: Капитальный ремонт окооных проемов общежития ДИТИ НИЯУ МИФИ_цена поставщика | I12: 0 | K12: 0 | O12: 0 | P12: 0 | Q12: 0 | R12: 0 | S12: 0 | V12: 0 | BH12: Сметные нормы списания | BI12: Коды ценников | BJ12: 1 | BK12: 1 | BL12: 0 | BM12: 0 | BN12: 1 | BO12: 0 | BP12: 6 | BQ12: 2 | BR12: 1 | BS12: 1 | BT12: 0 | BU12: 0 | BV12: 0 | BW12: 0 | BX12: 0 | BY12: ФЕР-2017 | BZ12: ТР для Версии 10: Центральные регионы (с учетом п-ма 2536-ИП/12/ГС от 22.03.2017 г | CA12: ФЕР-2017 | CB12: ФЕР-2017 | CC12: ФЕР-2017 | CD12: ФЕР-2017 | CE12: Поправки для ГСН 2017 от 31.03.2017 г | CF12: 0 | CG12: 0 | CH12: 524296 | CK12: 0 | EC12: 0
A15: 15 | B15: 1
A18: 52 | B18: =B89 -> 150 | C18: =C89 -> 1 | D18: =D89 -> 12 | E18: =E89 -> 0 | F18: =F89 -> Новый объект | G18: =G89 -> Капитальный ремонт окооных проемов общежития ДИТИ НИЯУ МИФИ_цена поставщика | O18: =O89 -> 508165.03 | P18: =P89 -> 499848.97 | Q18: =Q89 -> 884.6 | R18: =R89 -> 266.58 | S18: =S89 -> 7431.46 | T18: =T89 -> 0 | U18: =U89 -> 862.14202 | V18: =V89 -> 20.7152 | ... GX18: =GX89 -> 0
A20: 3 | B20: 1 | D20: =ROW(A57) -> 57 | F20: Новая локальная смета | G20: Новая локальная смета | I20: 0 | K20: 0 | V20: 0 | BX20: 0 | CF20: 0 | CG20: 0
A22: 52 | B22: =B57 -> 1 | C22: =C57 -> 3 | D22: =D57 -> 20 | E22: =E57 -> 0 | F22: =F57 -> Новая локальная смета | G22: =G57 -> Новая локальная смета | O22: =O57 -> 508165.03 | P22: =P57 -> 499848.97 | Q22: =Q57 -> 884.6 | R22: =R57 -> 266.58 | S22: =S57 -> 7431.46 | T22: =T57 -> 0 | U22: =U57 -> 862.14202 | V22: =V57 -> 20.7152 | ... GX22: =GX57 -> 0
A24: 17 | B24: 1 | C24: =ROW(SmtRes!A3) -> 3 | D24: =ROW(EtalonRes!A3) -> 3 | E24: 1 | F24: 46-04-012-01 | G24: Разборка деревянных заполнений проемов оконных с подоконными досками | H24: 100 м2 | I24: =ROUND(161.28/100,9) -> 1.6128 | J24: 0 | O24: =ROUND(CP24,2) -> 2850.21 | P24: =ROUND(CQ24*I24,2) -> 0 | Q24: =ROUND(CR24*I24,2) -> 390.22 | R24: =ROUND(CS24*I24,2) -> 168.52 | S24: =ROUND(CT24*I24,2) -> 2459.99 | T24: =ROUND(CU24*I24,2) -> 0 | U24: =CV24*I24 -> 304.07731 | V24: =CW24*I24 -> 12.483072 | W24: =ROUND(CX24*I24,2) -> 0 | X24: =ROUND(CY24,2) -> 2207.95 | Y24: =ROUND(CZ24,2) -> 1261.68 | AA24: 16496956 | AB24: =ROUND((AC24+AD24+AF24),6) -> 1767.24 | AC24: =ROUND((ES24),6) -> 0 | AD24: =ROUND((((ET24)-(EU24))+AE24),6) -> 241.95 | AE24: =ROUND((EU24),6) -> 104.49 | AF24: =ROUND((EV24),6) -> 1525.29 | AG24: =ROUND((AP24),6) -> 0 | AH24: =(EW24) -> 188.54 | AI24: =(EX24) -> 7.74 | AJ24: =ROUND((AS24),6) -> 0 | AK24: 1767.24 | AL24: 0 | AM24: 241.95 | AN24: 104.49 | AO24: 1525.29 | AP24: 0 | AQ24: 188.54 | AR24: 7.74 | AS24: 0 | AT24: 84 | AU24: 48 | AV24: 1 | AW24: 1 | AZ24: 1 | BA24: 1 | BB24: 1 | BC24: 1 | BH24: 0 | BI24: 1 | BJ24: ФЕР-2001, 46-04-012-01, приказ Минстроя России №1039/пр от 30.12.2016г. | BM24: 46001 | BN24: 0 | BP24: 0 | BQ24: 2 | BR24: 0 | BS24: 1 | BT24: 1 | BU24: 1 | BV24: 1 | BW24: 1 | BX24: 1 | BZ24: 110 | CA24: 70 | CF24: 0 | CG24: 0 | CM24: 0 | CO24: 0 | CP24: =(P24+Q24+S24) -> 2850.21 | CQ24: =AC24*BC24 -> 0 | CR24: =AD24*BB24 -> 241.95 | CS24: =AE24*BS24 -> 104.49 | CT24: =AF24*BA24 -> 1525.29 | CU24: =AG24 -> 0 | CV24: =AH24 -> 188.54 | CW24: =AI24 -> 7.74 | CX24: =AJ24 -> 0 | CY24: =(((S24+R24)*AT24)/100) -> 2207.9484 | CZ24: =(((S24+R24)*AU24)/100) -> 1261.6848 | DN24: 0 | DO24: 0 | DP24: 1 | DQ24: 1 | DU24: 1005 | DV24: 100 м2 | DW24: 100 м2 | DX24: 100 | EE24: 15139168 | EF24: 2 | EG24: Общестроительные работы | EH24: 0 | EJ24: 1 | EK24: 46001 | EL24: Реконструкция зданий и сооружений | EM24: ФЕР-46 | EQ24: 0 | ER24: 1767.24 | ES24: 0 | ET24: 241.95 | EU24: 104.49 | EV24: 1525.29 | EW24: 188.54 | EX24: 7.74 | EY24: 0 | FQ24: 0 | FR24: =ROUND(IF(AND(BH24=3,BI24=3),P24,0),2) -> 0 | FS24: 0 | FT24: *0,9 | FU24: *0,85 | FV24: *0,85 | FW24: *0,8 | FX24: 99 | FY24: 59.5 | GD24: 0 | GF24: 1630687704 | GG24: 2 | GH24: 1 | GI24: -2 | GJ24: 0 | GK24: =ROUND(R24*(R12)/100,2) -> 0 | GL24: =ROUND(IF(AND(BH24=3,BI24=3,FS24<>0),P24,0),2) -> 0 | GM24: =ROUND(O24+X24+Y24+GK24,2)+GX24 -> 6319.84 | GN24: =IF(OR(BI24=0,BI24=1),ROUND(O24+X24+Y24+GK24,2),0) -> 6319.84 | GO24: =IF(BI24=2,ROUND(O24+X24+Y24+GK24,2),0) -> 0 | GP24: =IF(BI24=4,ROUND(O24+X24+Y24+GK24,2)+GX24,0) -> 0 | GR24: 0 | GS24: 3 | GT24: 0 | GV24: =ROUND(GT24,6) -> 0 | GW24: 1 | GX24: =ROUND(GV24*GW24*I24,2) -> 0 | HA24: 0 | HB24: 0 | IK24: 0
A25: 17 | B25: 1 | C25: =ROW(SmtRes!A6) -> 6 | D25: =ROW(EtalonRes!A6) -> 6 | E25: 1 | F25: 46-04-012-01 | G25: Разборка деревянных заполнений проемов оконных с подоконными досками | H25: 100 м2 | I25: =ROUND(161.28/100,9) -> 1.6128 | J25: 0 | O25: =ROUND(CP25,2) -> 18725.85 | P25: =ROUND(CQ25*I25,2) -> 0 | Q25: =ROUND(CR25*I25,2) -> 2563.73 | R25: =ROUND(CS25*I25,2) -> 1107.19 | S25: =ROUND(CT25*I25,2) -> 16162.12 | T25: =ROUND(CU25*I25,2) -> 0 | U25: =CV25*I25 -> 304.07731 | V25: =CW25*I25 -> 12.483072 | W25: =ROUND(CX25*I25,2) -> 0 | X25: =ROUND(CY25,2) -> 17096.62 | Y25: =ROUND(CZ25,2) -> 10361.59 | AA25: 16497268 | AB25: =ROUND((AC25+AD25+AF25),6) -> 1767.24 | AC25: =ROUND((ES25),6) -> 0 | AD25: =ROUND((((ET25)-(EU25))+AE25),6) -> 241.95 | AE25: =ROUND((EU25),6) -> 104.49 | AF25: =ROUND((EV25),6) -> 1525.29 | AG25: =ROUND((AP25),6) -> 0 | AH25: =(EW25) -> 188.54 | AI25: =(EX25) -> 7.74 | AJ25: =ROUND((AS25),6) -> 0 | AK25: 1767.24 | AL25: 0 | AM25: 241.95 | AN25: 104.49 | AO25: 1525.29 | AP25: 0 | AQ25: 188.54 | AR25: 7.74 | AS25: 0 | AT25: 99 | AU25: 60 | AV25: 1 | AW25: 1 | AZ25: 6.57 | BA25: 6.57 | BB25: 6.57 | BC25: 6.57 | BH25: 0 | BI25: 1 | BJ25: ФЕР-2001, 46-04-012-01, приказ Минстроя России №1039/пр от 30.12.2016г. | BM25: 46001 | BN25: 0 | BP25: 0 | BQ25: 2 | BR25: 0 | BS25: 6.57 | BT25: 1 | BU25: 1 | BV25: 1 | BW25: 1 | BX25: 1 | BZ25: 110 | CA25: 70 | CF25: 0 | CG25: 0 | CM25: 0 | CO25: 0 | CP25: =(P25+Q25+S25) -> 18725.85 | CQ25: =AC25*BC25 -> 0 | CR25: =AD25*BB25 -> 1589.6115 | CS25: =AE25*BS25 -> 686.4993 | CT25: =AF25*BA25 -> 10021.155 | CU25: =AG25 -> 0 | CV25: =AH25 -> 188.54 | CW25: =AI25 -> 7.74 | CX25: =AJ25 -> 0 | CY25: =(((S25+R25)*AT25)/100) -> 17096.617 | CZ25: =(((S25+R25)*AU25)/100) -> 10361.586 | DN25: 0 | DO25: 0 | DP25: 1 | DQ25: 1 | DU25: 1005 | DV25: 100 м2 | DW25: 100 м2 | DX25: 100 | EE25: 15139168 | EF25: 2 | EG25: Общестроительные работы | EH25: 0 | EJ25: 1 | EK25: 46001 | EL25: Реконструкция зданий и сооружений | EM25: ФЕР-46 | EQ25: 0 | ER25: 1767.24 | ES25: 0 | ET25: 241.95 | EU25: 104.49 | EV25: 1525.29 | EW25: 188.54 | EX25: 7.74 | EY25: 0 | FQ25: 0 | FR25: =ROUND(IF(AND(BH25=3,BI25=3),P25,0),2) -> 0 | FS25: 0 | FT25: *0,9 | FU25: *0,85 | FX25: 99 | FY25: 59.5 | GD25: 0 | GF25: 1630687704 | GG25: 1 | GH25: 1 | GI25: 4 | GJ25: 0 | GK25: =ROUND(R25*(S12)/100,2) -> 0 | GL25: =ROUND(IF(AND(BH25=3,BI25=3,FS25<>0),P25,0),2) -> 0 | GM25: =ROUND(O25+X25+Y25+GK25,2)+GX25 -> 46184.06 | GN25: =IF(OR(BI25=0,BI25=1),ROUND(O25+X25+Y25+GK25,2),0) -> 46184.06 | GO25: =IF(BI25=2,ROUND(O25+X25+Y25+GK25,2),0) -> 0 | GP25: =IF(BI25=4,ROUND(O25+X25+Y25+GK25,2)+GX25,0) -> 0 | GR25: 0 | GS25: 0 | GT25: 0 | GV25: =ROUND(GT25,6) -> 0 | GW25: 1 | GX25: =ROUND(GV25*GW25*I25,2) -> 0 | HA25: 0 | HB25: 0 | IK25: 0
A26: 17 | B26: 1 | C26: =ROW(SmtRes!A17) -> 17 | D26: =ROW(EtalonRes!A17) -> 17 | E26: 2 | F26: 10-01-034-08 | G26: Установка в жилых и общественных зданиях оконных блоков из ПВХ профилей поворотных (откидных, поворотно-откидных) с площадью проема более 2 м2 трехстворчатых, в том числе при наличии створок глухого остекления | H26: 100 м2 | I26: =ROUND(161.28/100,9) -> 1.6128 | J26: 0 | O26: =ROUND(CP26,2) -> 16302 | P26: =ROUND(CQ26*I26,2) -> 13787.86 | Q26: =ROUND(CR26*I26,2) -> 411.6 | R26: =ROUND(CS26*I26,2) -> 81.16 | S26: =ROUND(CT26*I26,2) -> 2102.54 | T26: =ROUND(CU26*I26,2) -> 0 | U26: =CV26*I26 -> 240.56525 | V26: =CW26*I26 -> 6.822144 | W26: =ROUND(CX26*I26,2) -> 0 | X26: =ROUND(CY26,2) -> 1965.33 | Y26: =ROUND(CZ26,2) -> 938.99 | AA26: 16496956 | AB26: =ROUND((AC26+AD26+AF26),6) -> 10107.89 | AC26: =ROUND((ES26),6) -> 8549.02 | AD26: =ROUND((((ET26)-(EU26))+AE26),6) -> 255.21 | AE26: =ROUND((EU26),6) -> 50.32 | AF26: =ROUND((EV26),6) -> 1303.66 | AG26: =ROUND((AP26),6) -> 0 | AH26: =(EW26) -> 149.16 | AI26: =(EX26) -> 4.23 | AJ26: =ROUND((AS26),6) -> 0 | AK26: 10107.89 | AL26: 8549.02 | AM26: 255.21 | AN26: 50.32 | AO26: 1303.66 | AP26: 0 | AQ26: 149.16 | AR26: 4.23 | AS26: 0 | AT26: 90 | AU26: 43 | AV26: 1 | AW26: 1 | AZ26: 1 | BA26: 1 | BB26: 1 | BC26: 1 | BH26: 0 | BI26: 1 | BJ26: ФЕР-2001, 10-01-034-08, приказ Минстроя России №1039/пр от 30.12.2016г. | BM26: 10001 | BN26: 0 | BP26: 0 | BQ26: 2 | BR26: 0 | BS26: 1 | BT26: 1 | BU26: 1 | BV26: 1 | BW26: 1 | BX26: 1 | BZ26: 118 | CA26: 63 | CF26: 0 | CG26: 0 | CM26: 0 | CO26: 0 | CP26: =(P26+Q26+S26) -> 16302 | CQ26: =AC26*BC26 -> 8549.02 | CR26: =AD26*BB26 -> 255.21 | CS26: =AE26*BS26 -> 50.32 | CT26: =AF26*BA26 -> 1303.66 | CU26: =AG26 -> 0 | CV26: =AH26 -> 149.16 | CW26: =AI26 -> 4.23 | CX26: =AJ26 -> 0 | CY26: =(((S26+R26)*AT26)/100) -> 1965.33 | CZ26: =(((S26+R26)*AU26)/100) -> 938.991 | DN26: 0 | DO26: 0 | DP26: 1 | DQ26: 1 | DU26: 1005 | DV26: 100 м2 | DW26: 100 м2 | DX26: 100 | EE26: 15139100 | EF26: 2 | EG26: Общестроительные работы | EH26: 0 | EJ26: 1 | EK26: 10001 | EL26: Деревянные конструкции | EM26: ФЕР-10 | EQ26: 0 | ER26: 10107.89 | ES26: 8549.02 | ET26: 255.21 | EU26: 50.32 | EV26: 1303.66 | EW26: 149.16 | EX26: 4.23 | EY26: 0 | FQ26: 0 | FR26: =ROUND(IF(AND(BH26=3,BI26=3),P26,0),2) -> 0 | FS26: 0 | FT26: *0,9 | FU26: *0,85 | FV26: *0,85 | FW26: *0,8 | FX26: 106.2 | FY26: 53.55 | GD26: 0 | GF26: -330529066 | GG26: 2 | GH26: 1 | GI26: -2 | GJ26: 0 | GK26: =ROUND(R26*(R12)/100,2) -> 0 | GL26: =ROUND(IF(AND(BH26=3,BI26=3,FS26<>0),P26,0),2) -> 0 | GM26: =ROUND(O26+X26+Y26+GK26,2)+GX26 -> 19206.32 | GN26: =IF(OR(BI26=0,BI26=1),ROUND(O26+X26+Y26+GK26,2),0) -> 19206.32 | GO26: =IF(BI26=2,ROUND(O26+X26+Y26+GK26,2),0) -> 0 | GP26: =IF(BI26=4,ROUND(O26+X26+Y26+GK26,2)+GX26,0) -> 0 | GR26: 0 | GS26: 3 | GT26: 0 | GV26: =ROUND(GT26,6) -> 0 | GW26: 1 | GX26: =ROUND(GV26*GW26*I26,2) -> 0 | HA26: 0 | HB26: 0 | IK26: 0
A27: 17 | B27: 1 | C27: =ROW(SmtRes!A28) -> 28 | D27: =ROW(EtalonRes!A28) -> 28 | E27: 2 | F27: 10-01-034-08 | G27: Установка в жилых и общественных зданиях оконных блоков из ПВХ профилей поворотных (откидных, поворотно-откидных) с площадью проема более 2 м2 трехстворчатых, в том числе при наличии створок глухого остекления | H27: 100 м2 | I27: =ROUND(161.28/100,9) -> 1.6128 | J27: 0 | O27: =ROUND(CP27,2) -> 107104.18 | P27: =ROUND(CQ27*I27,2) -> 90586.24 | Q27: =ROUND(CR27*I27,2) -> 2704.23 | R27: =ROUND(CS27*I27,2) -> 533.2 | S27: =ROUND(CT27*I27,2) -> 13813.71 | T27: =ROUND(CU27*I27,2) -> 0 | U27: =CV27*I27 -> 240.56525 | V27: =CW27*I27 -> 6.822144 | W27: =ROUND(CX27*I27,2) -> 0 | X27: =ROUND(CY27,2) -> 15207.72 | Y27: =ROUND(CZ27,2) -> 7747.33 | AA27: 16497268 | AB27: =ROUND((AC27+AD27+AF27),6) -> 10107.89 | AC27: =ROUND((ES27),6) -> 8549.02 | AD27: =ROUND((((ET27)-(EU27))+AE27),6) -> 255.21 | AE27: =ROUND((EU27),6) -> 50.32 | AF27: =ROUND((EV27),6) -> 1303.66 | AG27: =ROUND((AP27),6) -> 0 | AH27: =(EW27) -> 149.16 | AI27: =(EX27) -> 4.23 | AJ27: =ROUND((AS27),6) -> 0 | AK27: 10107.89 | AL27: 8549.02 | AM27: 255.21 | AN27: 50.32 | AO27: 1303.66 | AP27: 0 | AQ27: 149.16 | AR27: 4.23 | AS27: 0 | AT27: 106 | AU27: 54 | AV27: 1 | AW27: 1 | AZ27: 6.57 | BA27: 6.57 | BB27: 6.57 | BC27: 6.57 | BH27: 0 | BI27: 1 | BJ27: ФЕР-2001, 10-01-034-08, приказ Минстроя России №1039/пр от 30.12.2016г. | BM27: 10001 | BN27: 0 | BP27: 0 | BQ27: 2 | BR27: 0 | BS27: 6.57 | BT27: 1 | BU27: 1 | BV27: 1 | BW27: 1 | BX27: 1 | BZ27: 118 | CA27: 63 | CF27: 0 | CG27: 0 | CM27: 0 | CO27: 0 | CP27: =(P27+Q27+S27) -> 107104.18 | CQ27: =AC27*BC27 -> 56167.061 | CR27: =AD27*BB27 -> 1676.7297 | CS27: =AE27*BS27 -> 330.6024 | CT27: =AF27*BA27 -> 8565.0462 | CU27: =AG27 -> 0 | CV27: =AH27 -> 149.16 | CW27: =AI27 -> 4.23 | CX27: =AJ27 -> 0 | CY27: =(((S27+R27)*AT27)/100) -> 15207.725 | CZ27: =(((S27+R27)*AU27)/100) -> 7747.3314 | DN27: 0 | DO27: 0 | DP27: 1 | DQ27: 1 | DU27: 1005 | DV27: 100 м2 | DW27: 100 м2 | DX27: 100 | EE27: 15139100 | EF27: 2 | EG27: Общестроительные работы | EH27: 0 | EJ27: 1 | EK27: 10001 | EL27: Деревянные конструкции | EM27: ФЕР-10 | EQ27: 0 | ER27: 10107.89 | ES27: 8549.02 | ET27: 255.21 | EU27: 50.32 | EV27: 1303.66 | EW27: 149.16 | EX27: 4.23 | EY27: 0 | FQ27: 0 | FR27: =ROUND(IF(AND(BH27=3,BI27=3),P27,0),2) -> 0 | FS27: 0 | FT27: *0,9 | FU27: *0,85 | FX27: 106.2 | FY27: 53.55 | GD27: 0 | GF27: -330529066 | GG27: 1 | GH27: 1 | GI27: 4 | GJ27: 0 | GK27: =ROUND(R27*(S12)/100,2) -> 0 | GL27: =ROUND(IF(AND(BH27=3,BI27=3,FS27<>0),P27,0),2) -> 0 | GM27: =ROUND(O27+X27+Y27+GK27,2)+GX27 -> 130059.23 | GN27: =IF(OR(BI27=0,BI27=1),ROUND(O27+X27+Y27+GK27,2),0) -> 130059.23 | GO27: =IF(BI27=2,ROUND(O27+X27+Y27+GK27,2),0) -> 0 | GP27: =IF(BI27=4,ROUND(O27+X27+Y27+GK27,2)+GX27,0) -> 0 | GR27: 0 | GS27: 0 | GT27: 0 | GV27: =ROUND(GT27,6) -> 0 | GW27: 1 | GX27: =ROUND(GV27*GW27*I27,2) -> 0 | HA27: 0 | HB27: 0 | IK27: 0
A28: 18 | B28: 1 | C28: 17 | E28: 2,1 | F28: Цена поставщика | G28: Блок оконный пластиковый | H28: м2 | I28: =I26*J28 -> 161.28 | J28: 100 | O28: =ROUND(CP28,2) -> 472655.23 | P28: =ROUND(CQ28*I28,2) -> 472655.23 | Q28: =ROUND(CR28*I28,2) -> 0 | R28: =ROUND(CS28*I28,2) -> 0 | S28: =ROUND(CT28*I28,2) -> 0 | T28: =ROUND(CU28*I28,2) -> 0 | U28: =CV28*I28 -> 0 | V28: =CW28*I28 -> 0 | W28: =ROUND(CX28*I28,2) -> 0 | X28: =ROUND(CY28,2) -> 0 | Y28: =ROUND(CZ28,2) -> 0 | AA28: 16496956 | AB28: =ROUND((AC28+AD28+AF28),6) -> 2930.65 | AC28: =ROUND((ES28),6) -> 2930.65 | AD28: =ROUND((((ET28)-(EU28))+AE28),6) -> 0 | AE28: =ROUND((EU28),6) -> 0 | AF28: =ROUND((EV28),6) -> 0 | AG28: =ROUND((AP28),6) -> 0 | AH28: =(EW28) -> 0 | AI28: =(EX28) -> 0 | AJ28: =ROUND((AS28),6) -> 0 | AK28: 2930.65 | AL28: 2930.65 | AM28: 0 | AN28: 0 | AO28: 0 | AP28: 0 | AQ28: 0 | AR28: 0 | AS28: 0 | AT28: 90 | AU28: 43 | AV28: 1 | AW28: 1 | AZ28: 1 | BA28: 1 | BB28: 1 | BC28: 1 | BH28: 3 | BI28: 1 | BM28: 10001 | BN28: 0 | BP28: 0 | BQ28: 2 | BR28: 0 | BS28: 1 | BT28: 1 | BU28: 1 | BV28: 1 | BW28: 1 | BX28: 1 | BZ28: 118 | CA28: 63 | CF28: 0 | CG28: 0 | CM28: 0 | CO28: 0 | CP28: =(P28+Q28+S28) -> 472655.23 | CQ28: =AC28*BC28 -> 2930.65 | CR28: =AD28*BB28 -> 0 | CS28: =AE28*BS28 -> 0 | CT28: =AF28*BA28 -> 0 | CU28: =AG28 -> 0 | CV28: =AH28 -> 0 | CW28: =AI28 -> 0 | CX28: =AJ28 -> 0 | CY28: =(((S28+R28)*AT28)/100) -> 0 | CZ28: =(((S28+R28)*AU28)/100) -> 0 | DN28: 0 | DO28: 0 | DP28: 1 | DQ28: 1 | DU28: 1005 | DV28: м2 | DW28: м2 | DX28: 1 | EE28: 15139100 | EF28: 2 | EG28: Общестроительные работы | EH28: 0 | EJ28: 1 | EK28: 10001 | EL28: Деревянные конструкции | EM28: ФЕР-10 | EQ28: 0 | ER28: 446.07 | ES28: 2930.65 | ET28: 0 | EU28: 0 | EV28: 0 | EW28: 0 | EX28: 0 | EZ28: 5 | FC28: 1 | FD28: 18 | FF28: 3458.17 | FQ28: 0 | FR28: =ROUND(IF(AND(BH28=3,BI28=3),P28,0),2) -> 0 | FS28: 0 | FT28: *0,9 | FU28: *0,85 | FV28: *0,85 | FW28: *0,8 | FX28: 106.2 | FY28: 53.55 | GA28: [3 458,17 / 1,18] | GD28: 0 | GF28: -1032967554 | GG28: 2 | GH28: 3 | GI28: -2 | GJ28: 0 | GK28: =ROUND(R28*(R12)/100,2) -> 0 | GL28: =ROUND(IF(AND(BH28=3,BI28=3,FS28<>0),P28,0),2) -> 0 | GM28: =ROUND(O28+X28+Y28+GK28,2)+GX28 -> 472655.23 | GN28: =IF(OR(BI28=0,BI28=1),ROUND(O28+X28+Y28+GK28,2),0) -> 472655.23 | GO28: =IF(BI28=2,ROUND(O28+X28+Y28+GK28,2),0) -> 0 | GP28: =IF(BI28=4,ROUND(O28+X28+Y28+GK28,2)+GX28,0) -> 0 | GR28: 1 | GS28: 1 | GT28: 0 | GV28: =ROUND(GT28,6) -> 0 | GW28: 1 | GX28: =ROUND(GV28*GW28*I28,2) -> 0 | HA28: 0 | HB28: 0 | IK28: 0
A29: 18 | B29: 1 | C29: 28 | E29: 2,1 | F29: Цена поставщика | G29: Блок оконный пластиковый | H29: м2 | I29: =I27*J29 -> 161.28 | J29: 100 | O29: =ROUND(CP29,2) -> 472660.05 | P29: =ROUND(CQ29*I29,2) -> 472660.05 | Q29: =ROUND(CR29*I29,2) -> 0 | R29: =ROUND(CS29*I29,2) -> 0 | S29: =ROUND(CT29*I29,2) -> 0 | T29: =ROUND(CU29*I29,2) -> 0 | U29: =CV29*I29 -> 0 | V29: =CW29*I29 -> 0 | W29: =ROUND(CX29*I29,2) -> 0 | X29: =ROUND(CY29,2) -> 0 | Y29: =ROUND(CZ29,2) -> 0 | AA29: 16497268 | AB29: =ROUND((AC29+AD29+AF29),6) -> 446.07 | AC29: =ROUND((ES29),6) -> 446.07 | AD29: =ROUND((((ET29)-(EU29))+AE29),6) -> 0 | AE29: =ROUND((EU29),6) -> 0 | AF29: =ROUND((EV29),6) -> 0 | AG29: =ROUND((AP29),6) -> 0 | AH29: =(EW29) -> 0 | AI29: =(EX29) -> 0 | AJ29: =ROUND((AS29),6) -> 0 | AK29: 446.07 | AL29: 446.07 | AM29: 0 | AN29: 0 | AO29: 0 | AP29: 0 | AQ29: 0 | AR29: 0 | AS29: 0 | AT29: 106 | AU29: 54 | AV29: 1 | AW29: 1 | AZ29: 6.57 | BA29: 1 | BB29: 1 | BC29: 6.57 | BH29: 3 | BI29: 1 | BM29: 10001 | BN29: 0 | BP29: 0 | BQ29: 2 | BR29: 0 | BS29: 1 | BT29: 1 | BU29: 1 | BV29: 1 | BW29: 1 | BX29: 1 | BZ29: 118 | CA29: 63 | CF29: 0 | CG29: 0 | CM29: 0 | CO29: 0 | CP29: =(P29+Q29+S29) -> 472660.05 | CQ29: =AC29*BC29 -> 2930.6799 | CR29: =AD29*BB29 -> 0 | CS29: =AE29*BS29 -> 0 | CT29: =AF29*BA29 -> 0 | CU29: =AG29 -> 0 | CV29: =AH29 -> 0 | CW29: =AI29 -> 0 | CX29: =AJ29 -> 0 | CY29: =(((S29+R29)*AT29)/100) -> 0 | CZ29: =(((S29+R29)*AU29)/100) -> 0 | DN29: 0 | DO29: 0 | DP29: 1 | DQ29: 1 | DU29: 1005 | DV29: м2 | DW29: м2 | DX29: 1 | EE29: 15139100 | EF29: 2 | EG29: Общестроительные работы | EH29: 0 | EJ29: 1 | EK29: 10001 | EL29: Деревянные конструкции | EM29: ФЕР-10 | EQ29: 0 | ER29: 446.07 | ES29: 446.07 | ET29: 0 | EU29: 0 | EV29: 0 | EW29: 0 | EX29: 0 | EZ29: 5 | FC29: 1 | FD29: 18 | FF29: 3458.17 | FQ29: 0 | FR29: =ROUND(IF(AND(BH29=3,BI29=3),P29,0),2) -> 0 | FS29: 0 | FT29: *0,9 | FU29: *0,85 | FX29: 106.2 | FY29: 53.55 | GA29: [3 458,17 / 1,18 / 6,57] | GD29: 0 | GF29: -1032967554 | GG29: 1 | GH29: 3 | GI29: 4 | GJ29: 0 | GK29: =ROUND(R29*(S12)/100,2) -> 0 | GL29: =ROUND(IF(AND(BH29=3,BI29=3,FS29<>0),P29,0),2) -> 0 | GM29: =ROUND(O29+X29+Y29+GK29,2)+GX29 -> 472660.05 | GN29: =IF(OR(BI29=0,BI29=1),ROUND(O29+X29+Y29+GK29,2),0) -> 472660.05 | GO29: =IF(BI29=2,ROUND(O29+X29+Y29+GK29,2),0) -> 0 | GP29: =IF(BI29=4,ROUND(O29+X29+Y29+GK29,2)+GX29,0) -> 0 | GR29: 1 | GS29: 1 | GT29: 0 | GV29: =ROUND(GT29,6) -> 0 | GW29: 1 | GX29: =ROUND(GV29*GW29*I29,2) -> 0 | HA29: 0 | HB29: 0 | IK29: 0
A30: 17 | B30: 1 | C30: =ROW(SmtRes!A35) -> 35 | D30: =ROW(EtalonRes!A35) -> 35 | E30: 3 | F30: 10-01-035-03 | G30: Установка подоконных досок из ПВХ в каменных стенах толщиной свыше 0,51 м | H30: 100 м | I30: =ROUND(112/100,9) -> 1.12 | J30: 0 | O30: =ROUND(CP30,2) -> 7258.91 | P30: =ROUND(CQ30*I30,2) -> 7030.13 | Q30: =ROUND(CR30*I30,2) -> 24.53 | R30: =ROUND(CS30*I30,2) -> 4.96 | S30: =ROUND(CT30*I30,2) -> 204.25 | T30: =ROUND(CU30*I30,2) -> 0 | U30: =CV30*I30 -> 23.9456 | V30: =CW30*I30 -> 0.4144 | W30: =ROUND(CX30*I30,2) -> 0 | X30: =ROUND(CY30,2) -> 188.29 | Y30: =ROUND(CZ30,2) -> 89.96 | AA30: 16496956 | AB30: =ROUND((AC30+AD30+AF30),6) -> 6481.17 | AC30: =ROUND((ES30),6) -> 6276.9 | AD30: =ROUND((((ET30)-(EU30))+AE30),6) -> 21.9 | AE30: =ROUND((EU30),6) -> 4.43 | AF30: =ROUND((EV30),6) -> 182.37 | AG30: =ROUND((AP30),6) -> 0 | AH30: =(EW30) -> 21.38 | AI30: =(EX30) -> 0.37 | AJ30: =ROUND((AS30),6) -> 0 | AK30: 6481.17 | AL30: 6276.9 | AM30: 21.9 | AN30: 4.43 | AO30: 182.37 | AP30: 0 | AQ30: 21.38 | AR30: 0.37 | AS30: 0 | AT30: 90 | AU30: 43 | AV30: 1 | AW30: 1 | AZ30: 1 | BA30: 1 | BB30: 1 | BC30: 1 | BH30: 0 | BI30: 1 | BJ30: ФЕР-2001, 10-01-035-03, приказ Минстроя России №1039/пр от 30.12.2016г. | BM30: 10001 | BN30: 0 | BP30: 0 | BQ30: 2 | BR30: 0 | BS30: 1 | BT30: 1 | BU30: 1 | BV30: 1 | BW30: 1 | BX30: 1 | BZ30: 118 | CA30: 63 | CF30: 0 | CG30: 0 | CM30: 0 | CO30: 0 | CP30: =(P30+Q30+S30) -> 7258.91 | CQ30: =AC30*BC30 -> 6276.9 | CR30: =AD30*BB30 -> 21.9 | CS30: =AE30*BS30 -> 4.43 | CT30: =AF30*BA30 -> 182.37 | CU30: =AG30 -> 0 | CV30: =AH30 -> 21.38 | CW30: =AI30 -> 0.37 | CX30: =AJ30 -> 0 | CY30: =(((S30+R30)*AT30)/100) -> 188.289 | CZ30: =(((S30+R30)*AU30)/100) -> 89.9603 | DN30: 0 | DO30: 0 | DP30: 1 | DQ30: 1 | DU30: 1003 | DV30: 100 м | DW30: 100 м | DX30: 100 | EE30: 15139100 | EF30: 2 | EG30: Общестроительные работы | EH30: 0 | EJ30: 1 | EK30: 10001 | EL30: Деревянные конструкции | EM30: ФЕР-10 | EQ30: 0 | ER30: 6481.17 | ES30: 6276.9 | ET30: 21.9 | EU30: 4.43 | EV30: 182.37 | EW30: 21.38 | EX30: 0.37 | EY30: 0 | FQ30: 0 | FR30: =ROUND(IF(AND(BH30=3,BI30=3),P30,0),2) -> 0 | FS30: 0 | FT30: *0,9 | FU30: *0,85 | FV30: *0,85 | FW30: *0,8 | FX30: 106.2 | FY30: 53.55 | GD30: 0 | GF30: -1968498593 | GG30: 2 | GH30: 1 | GI30: -2 | GJ30: 0 | GK30: =ROUND(R30*(R12)/100,2) -> 0 | GL30: =ROUND(IF(AND(BH30=3,BI30=3,FS30<>0),P30,0),2) -> 0 | GM30: =ROUND(O30+X30+Y30+GK30,2)+GX30 -> 7537.16 | GN30: =IF(OR(BI30=0,BI30=1),ROUND(O30+X30+Y30+GK30,2),0) -> 7537.16 | GO30: =IF(BI30=2,ROUND(O30+X30+Y30+GK30,2),0) -> 0 | GP30: =IF(BI30=4,ROUND(O30+X30+Y30+GK30,2)+GX30,0) -> 0 | GR30: 0 | GS30: 3 | GT30: 0 | GV30: =ROUND(GT30,6) -> 0 | GW30: 1 | GX30: =ROUND(GV30*GW30*I30,2) -> 0 | HA30: 0 | HB30: 0 | IK30: 0
A31: 17 | B31: 1 | C31: =ROW(SmtRes!A42) -> 42 | D31: =ROW(EtalonRes!A42) -> 42 | E31: 3 | F31: 10-01-035-03 | G31: Установка подоконных досок из ПВХ в каменных стенах толщиной свыше 0,51 м | H31: 100 м | I31: =ROUND(112/100,9) -> 1.12 | J31: 0 | O31: =ROUND(CP31,2) -> 47691.04 | P31: =ROUND(CQ31*I31,2) -> 46187.94 | Q31: =ROUND(CR31*I31,2) -> 161.15 | R31: =ROUND(CS31*I31,2) -> 32.6 | S31: =ROUND(CT31*I31,2) -> 1341.95 | T31: =ROUND(CU31*I31,2) -> 0 | U31: =CV31*I31 -> 23.9456 | V31: =CW31*I31 -> 0.4144 | W31: =ROUND(CX31*I31,2) -> 0 | X31: =ROUND(CY31,2) -> 1457.02 | Y31: =ROUND(CZ31,2) -> 742.26 | AA31: 16497268 | AB31: =ROUND((AC31+AD31+AF31),6) -> 6481.17 | AC31: =ROUND((ES31),6) -> 6276.9 | AD31: =ROUND((((ET31)-(EU31))+AE31),6) -> 21.9 | AE31: =ROUND((EU31),6) -> 4.43 | AF31: =ROUND((EV31),6) -> 182.37 | AG31: =ROUND((AP31),6) -> 0 | AH31: =(EW31) -> 21.38 | AI31: =(EX31) -> 0.37 | AJ31: =ROUND((AS31),6) -> 0 | AK31: 6481.17 | AL31: 6276.9 | AM31: 21.9 | AN31: 4.43 | AO31: 182.37 | AP31: 0 | AQ31: 21.38 | AR31: 0.37 | AS31: 0 | AT31: 106 | AU31: 54 | AV31: 1 | AW31: 1 | AZ31: 6.57 | BA31: 6.57 | BB31: 6.57 | BC31: 6.57 | BH31: 0 | BI31: 1 | BJ31: ФЕР-2001, 10-01-035-03, приказ Минстроя России №1039/пр от 30.12.2016г. | BM31: 10001 | BN31: 0 | BP31: 0 | BQ31: 2 | BR31: 0 | BS31: 6.57 | BT31: 1 | BU31: 1 | BV31: 1 | BW31: 1 | BX31: 1 | BZ31: 118 | CA31: 63 | CF31: 0 | CG31: 0 | CM31: 0 | CO31: 0 | CP31: =(P31+Q31+S31) -> 47691.04 | CQ31: =AC31*BC31 -> 41239.233 | CR31: =AD31*BB31 -> 143.883 | CS31: =AE31*BS31 -> 29.1051 | CT31: =AF31*BA31 -> 1198.1709 | CU31: =AG31 -> 0 | CV31: =AH31 -> 21.38 | CW31: =AI31 -> 0.37 | CX31: =AJ31 -> 0 | CY31: =(((S31+R31)*AT31)/100) -> 1457.023 | CZ31: =(((S31+R31)*AU31)/100) -> 742.257 | DN31: 0 | DO31: 0 | DP31: 1 | DQ31: 1 | DU31: 1003 | DV31: 100 м | DW31: 100 м | DX31: 100 | EE31: 15139100 | EF31: 2 | EG31: Общестроительные работы | EH31: 0 | EJ31: 1 | EK31: 10001 | EL31: Деревянные конструкции | EM31: ФЕР-10 | EQ31: 0 | ER31: 6481.17 | ES31: 6276.9 | ET31: 21.9 | EU31: 4.43 | EV31: 182.37 | EW31: 21.38 | EX31: 0.37 | EY31: 0 | FQ31: 0 | FR31: =ROUND(IF(AND(BH31=3,BI31=3),P31,0),2) -> 0 | FS31: 0 | FT31: *0,9 | FU31: *0,85 | FX31: 106.2 | FY31: 53.55 | GD31: 0 | GF31: -1968498593 | GG31: 1 | GH31: 1 | GI31: 4 | GJ31: 0 | GK31: =ROUND(R31*(S12)/100,2) -> 0 | GL31: =ROUND(IF(AND(BH31=3,BI31=3,FS31<>0),P31,0),2) -> 0 | GM31: =ROUND(O31+X31+Y31+GK31,2)+GX31 -> 49890.32 | GN31: =IF(OR(BI31=0,BI31=1),ROUND(O31+X31+Y31+GK31,2),0) -> 49890.32 | GO31: =IF(BI31=2,ROUND(O31+X31+Y31+GK31,2),0) -> 0 | GP31: =IF(BI31=4,ROUND(O31+X31+Y31+GK31,2)+GX31,0) -> 0 | GR31: 0 | GS31: 0 | GT31: 0 | GV31: =ROUND(GT31,6) -> 0 | GW31: 1 | GX31: =ROUND(GV31*GW31*I31,2) -> 0 | HA31: 0 | HB31: 0 | IK31: 0
A32: 18 | B32: 1 | C32: 35 | E32: 3,1 | F32: Цена поставщика | G32: Доски подоконные ПВХ | H32: м | I32: =I30*J32 -> 112 | J32: 100 | O32: =ROUND(CP32,2) -> 0 | P32: =ROUND(CQ32*I32,2) -> 0 | Q32: =ROUND(CR32*I32,2) -> 0 | R32: =ROUND(CS32*I32,2) -> 0 | S32: =ROUND(CT32*I32,2) -> 0 | T32: =ROUND(CU32*I32,2) -> 0 | U32: =CV32*I32 -> 0 | V32: =CW32*I32 -> 0 | W32: =ROUND(CX32*I32,2) -> 0 | X32: =ROUND(CY32,2) -> 0 | Y32: =ROUND(CZ32,2) -> 0 | AA32: 16496956 | AB32: =ROUND((AC32+AD32+AF32),6) -> 0 | AC32: =ROUND((ES32),6) -> 0 | AD32: =ROUND((((ET32)-(EU32))+AE32),6) -> 0 | AE32: =ROUND((EU32),6) -> 0 | AF32: =ROUND((EV32),6) -> 0 | AG32: =ROUND((AP32),6) -> 0 | AH32: =(EW32) -> 0 | AI32: =(EX32) -> 0 | AJ32: =ROUND((AS32),6) -> 0 | AK32: 0 | AL32: 0 | AM32: 0 | AN32: 0 | AO32: 0 | AP32: 0 | AQ32: 0 | AR32: 0 | AS32: 0 | AT32: 90 | AU32: 43 | AV32: 1 | AW32: 1 | AZ32: 1 | BA32: 1 | BB32: 1 | BC32: 1 | BH32: 3 | BI32: 1 | BM32: 10001 | BN32: 0 | BP32: 0 | BQ32: 2 | BR32: 0 | BS32: 1 | BT32: 1 | BU32: 1 | BV32: 1 | BW32: 1 | BX32: 1 | BZ32: 118 | CA32: 63 | CF32: 0 | CG32: 0 | CM32: 0 | CO32: 0 | CP32: =(P32+Q32+S32) -> 0 | CQ32: =AC32*BC32 -> 0 | CR32: =AD32*BB32 -> 0 | CS32: =AE32*BS32 -> 0 | CT32: =AF32*BA32 -> 0 | CU32: =AG32 -> 0 | CV32: =AH32 -> 0 | CW32: =AI32 -> 0 | CX32: =AJ32 -> 0 | CY32: =(((S32+R32)*AT32)/100) -> 0 | CZ32: =(((S32+R32)*AU32)/100) -> 0 | DN32: 0 | DO32: 0 | DP32: 1 | DQ32: 1 | DU32: 1003 | DV32: м | DW32: м | DX32: 1 | EE32: 15139100 | EF32: 2 | EG32: Общестроительные работы | EH32: 0 | EJ32: 1 | EK32: 10001 | EL32: Деревянные конструкции | EM32: ФЕР-10 | EQ32: 0 | ER32: 0 | ES32: 0 | ET32: 0 | EU32: 0 | EV32: 0 | EW32: 0 | EX32: 0 | FQ32: 0 | FR32: =ROUND(IF(AND(BH32=3,BI32=3),P32,0),2) -> 0 | FS32: 0 | FT32: *0,9 | FU32: *0,85 | FV32: *0,85 | FW32: *0,8 | FX32: 106.2 | FY32: 53.55 | GD32: 0 | GF32: -237550630 | GG32: 2 | GH32: 0 | GI32: -2 | GJ32: 0 | GK32: =ROUND(R32*(R12)/100,2) -> 0 | GL32: =ROUND(IF(AND(BH32=3,BI32=3,FS32<>0),P32,0),2) -> 0 | GM32: =ROUND(O32+X32+Y32+GK32,2)+GX32 -> 0 | GN32: =IF(OR(BI32=0,BI32=1),ROUND(O32+X32+Y32+GK32,2),0) -> 0 | GO32: =IF(BI32=2,ROUND(O32+X32+Y32+GK32,2),0) -> 0 | GP32: =IF(BI32=4,ROUND(O32+X32+Y32+GK32,2)+GX32,0) -> 0 | GR32: 0 | GS32: 3 | GT32: 0 | GV32: =ROUND(GT32,6) -> 0 | GW32: 1 | GX32: =ROUND(GV32*GW32*I32,2) -> 0 | HA32: 0 | HB32: 0 | IK32: 0
A33: 18 | B33: 1 | C33: 42 | E33: 3,1 | F33: Цена поставщика | G33: Доски подоконные ПВХ | H33: м | I33: =I31*J33 -> 112 | J33: 100 | O33: =ROUND(CP33,2) -> 170722.24 | P33: =ROUND(CQ33*I33,2) -> 170722.24 | Q33: =ROUND(CR33*I33,2) -> 0 | R33: =ROUND(CS33*I33,2) -> 0 | S33: =ROUND(CT33*I33,2) -> 0 | T33: =ROUND(CU33*I33,2) -> 0 | U33: =CV33*I33 -> 0 | V33: =CW33*I33 -> 0 | W33: =ROUND(CX33*I33,2) -> 0 | X33: =ROUND(CY33,2) -> 0 | Y33: =ROUND(CZ33,2) -> 0 | AA33: 16497268 | AB33: =ROUND((AC33+AD33+AF33),6) -> 232.01 | AC33: =ROUND((ES33),6) -> 232.01 | AD33: =ROUND((((ET33)-(EU33))+AE33),6) -> 0 | AE33: =ROUND((EU33),6) -> 0 | AF33: =ROUND((EV33),6) -> 0 | AG33: =ROUND((AP33),6) -> 0 | AH33: =(EW33) -> 0 | AI33: =(EX33) -> 0 | AJ33: =ROUND((AS33),6) -> 0 | AK33: 232.01 | AL33: 232.01 | AM33: 0 | AN33: 0 | AO33: 0 | AP33: 0 | AQ33: 0 | AR33: 0 | AS33: 0 | AT33: 106 | AU33: 54 | AV33: 1 | AW33: 1 | AZ33: 6.57 | BA33: 1 | BB33: 1 | BC33: 6.57 | BH33: 3 | BI33: 1 | BM33: 10001 | BN33: 0 | BP33: 0 | BQ33: 2 | BR33: 0 | BS33: 1 | BT33: 1 | BU33: 1 | BV33: 1 | BW33: 1 | BX33: 1 | BZ33: 118 | CA33: 63 | CF33: 0 | CG33: 0 | CM33: 0 | CO33: 0 | CP33: =(P33+Q33+S33) -> 170722.24 | CQ33: =AC33*BC33 -> 1524.3057 | CR33: =AD33*BB33 -> 0 | CS33: =AE33*BS33 -> 0 | CT33: =AF33*BA33 -> 0 | CU33: =AG33 -> 0 | CV33: =AH33 -> 0 | CW33: =AI33 -> 0 | CX33: =AJ33 -> 0 | CY33: =(((S33+R33)*AT33)/100) -> 0 | CZ33: =(((S33+R33)*AU33)/100) -> 0 | DN33: 0 | DO33: 0 | DP33: 1 | DQ33: 1 | DU33: 1003 | DV33: м | DW33: м | DX33: 1 | EE33: 15139100 | EF33: 2 | EG33: Общестроительные работы | EH33: 0 | EJ33: 1 | EK33: 10001 | EL33: Деревянные конструкции | EM33: ФЕР-10 | EQ33: 0 | ER33: 232.01 | ES33: 232.01 | ET33: 0 | EU33: 0 | EV33: 0 | EW33: 0 | EX33: 0 | EZ33: 5 | FC33: 1 | FD33: 18 | FF33: 1798.67 | FQ33: 0 | FR33: =ROUND(IF(AND(BH33=3,BI33=3),P33,0),2) -> 0 | FS33: 0 | FT33: *0,9 | FU33: *0,85 | FX33: 106.2 | FY33: 53.55 | GA33: [1 798,67 / 1,18 / 6,57] | GD33: 0 | GF33: -237550630 | GG33: 1 | GH33: 3 | GI33: 4 | GJ33: 0 | GK33: =ROUND(R33*(S12)/100,2) -> 0 | GL33: =ROUND(IF(AND(BH33=3,BI33=3,FS33<>0),P33,0),2) -> 0 | GM33: =ROUND(O33+X33+Y33+GK33,2)+GX33 -> 170722.24 | GN33: =IF(OR(BI33=0,BI33=1),ROUND(O33+X33+Y33+GK33,2),0) -> 170722.24 | GO33: =IF(BI33=2,ROUND(O33+X33+Y33+GK33,2),0) -> 0 | GP33: =IF(BI33=4,ROUND(O33+X33+Y33+GK33,2)+GX33,0) -> 0 | GR33: 1 | GS33: 1 | GT33: 0 | GV33: =ROUND(GT33,6) -> 0 | GW33: 1 | GX33: =ROUND(GV33*GW33*I33,2) -> 0 | HA33: 0 | HB33: 0 | IK33: 0
A34: 17 | B34: 1 | C34: =ROW(SmtRes!A49) -> 49 | D34: =ROW(EtalonRes!A50) -> 50 | E34: 4 | F34: 58-20-1 | G34: Смена обделок из листовой стали (поясков, сандриков, отливов, карнизов) шириной до 0,4 м | H34: 100 м | I34: =ROUND(112/100,9) -> 1.12 | J34: 0 | O34: =ROUND(CP34,2) -> 508.95 | P34: =ROUND(CQ34*I34,2) -> 107.58 | Q34: =ROUND(CR34*I34,2) -> 5.75 | R34: =ROUND(CS34*I34,2) -> 1.72 | S34: =ROUND(CT34*I34,2) -> 395.62 | T34: =ROUND(CU34*I34,2) -> 0 | U34: =CV34*I34 -> 46.3792 | V34: =CW34*I34 -> 0.1344 | W34: =ROUND(CX34*I34,2) -> 0 | X34: =ROUND(CY34,2) -> 282.11 | Y34: =ROUND(CZ34,2) -> 206.62 | AA34: 16496956 | AB34: =ROUND((AC34+AD34+AF34),6) -> 454.41 | AC34: =ROUND((ES34),6) -> 96.05 | AD34: =ROUND((((ET34)-(EU34))+AE34),6) -> 5.13 | AE34: =ROUND((EU34),6) -> 1.54 | AF34: =ROUND((EV34),6) -> 353.23 | AG34: =ROUND((AP34),6) -> 0 | AH34: =(EW34) -> 41.41 | AI34: =(EX34) -> 0.12 | AJ34: =ROUND((AS34),6) -> 0 | AK34: 454.41 | AL34: 96.05 | AM34: 5.13 | AN34: 1.54 | AO34: 353.23 | AP34: 0 | AQ34: 41.41 | AR34: 0.12 | AS34: 0 | AT34: 71 | AU34: 52 | AV34: 1 | AW34: 1 | AZ34: 1 | BA34: 1 | BB34: 1 | BC34: 1 | BH34: 0 | BI34: 1 | BJ34: ФЕР-2001, 58-20-1, приказ Минстроя России №1039/пр от 30.12.2016г. | BM34: 58001 | BN34: 0 | BP34: 0 | BQ34: 6 | BR34: 0 | BS34: 1 | BT34: 1 | BU34: 1 | BV34: 1 | BW34: 1 | BX34: 1 | BZ34: 83 | CA34: 65 | CF34: 0 | CG34: 0 | CM34: 0 | CO34: 0 | CP34: =(P34+Q34+S34) -> 508.95 | CQ34: =AC34*BC34 -> 96.05 | CR34: =AD34*BB34 -> 5.13 | CS34: =AE34*BS34 -> 1.54 | CT34: =AF34*BA34 -> 353.23 | CU34: =AG34 -> 0 | CV34: =AH34 -> 41.41 | CW34: =AI34 -> 0.12 | CX34: =AJ34 -> 0 | CY34: =(((S34+R34)*AT34)/100) -> 282.1114 | CZ34: =(((S34+R34)*AU34)/100) -> 206.6168 | DN34: 0 | DO34: 0 | DP34: 1 | DQ34: 1 | DU34: 1003 | DV34: 100 м | DW34: 100 м | DX34: 100 | EE34: 15139180 | EF34: 6 | EG34: Ремонтно-строительные работы | EH34: 0 | EJ34: 1 | EK34: 58001 | EL34: Крыши, кровля | EM34: рФЕР-58 | EQ34: 0 | ER34: 454.41 | ES34: 96.05 | ET34: 5.13 | EU34: 1.54 | EV34: 353.23 | EW34: 41.41 | EX34: 0.12 | EY34: 0 | FQ34: 0 | FR34: =ROUND(IF(AND(BH34=3,BI34=3),P34,0),2) -> 0 | FS34: 0 | FV34: *0,85 | FW34: *0,8 | FX34: 83 | FY34: 65 | GD34: 0 | GF34: -58071427 | GG34: 2 | GH34: 1 | GI34: -2 | GJ34: 0 | GK34: =ROUND(R34*(R12)/100,2) -> 0 | GL34: =ROUND(IF(AND(BH34=3,BI34=3,FS34<>0),P34,0),2) -> 0 | GM34: =ROUND(O34+X34+Y34+GK34,2)+GX34 -> 997.68 | GN34: =IF(OR(BI34=0,BI34=1),ROUND(O34+X34+Y34+GK34,2),0) -> 997.68 | GO34: =IF(BI34=2,ROUND(O34+X34+Y34+GK34,2),0) -> 0 | GP34: =IF(BI34=4,ROUND(O34+X34+Y34+GK34,2)+GX34,0) -> 0 | GR34: 0 | GS34: 3 | GT34: 0 | GV34: =ROUND(GT34,6) -> 0 | GW34: 1 | GX34: =ROUND(GV34*GW34*I34,2) -> 0 | HA34: 0 | HB34: 0 | IK34: 0
A35: 17 | B35: 1 | C35: =ROW(SmtRes!A56) -> 56 | D35: =ROW(EtalonRes!A58) -> 58 | E35: 4 | F35: 58-20-1 | G35: Смена обделок из листовой стали (поясков, сандриков, отливов, карнизов) шириной до 0,4 м | H35: 100 м | I35: =ROUND(112/100,9) -> 1.12 | J35: 0 | O35: =ROUND(CP35,2) -> 3343.73 | P35: =ROUND(CQ35*I35,2) -> 706.77 | Q35: =ROUND(CR35*I35,2) -> 37.75 | R35: =ROUND(CS35*I35,2) -> 11.33 | S35: =ROUND(CT35*I35,2) -> 2599.21 | T35: =ROUND(CU35*I35,2) -> 0 | U35: =CV35*I35 -> 46.3792 | V35: =CW35*I35 -> 0.1344 | W35: =ROUND(CX35*I35,2) -> 0 | X35: =ROUND(CY35,2) -> 2166.75 | Y35: =ROUND(CZ35,2) -> 1696.85 | AA35: 16497268 | AB35: =ROUND((AC35+AD35+AF35),6) -> 454.41 | AC35: =ROUND((ES35),6) -> 96.05 | AD35: =ROUND((((ET35)-(EU35))+AE35),6) -> 5.13 | AE35: =ROUND((EU35),6) -> 1.54 | AF35: =ROUND((EV35),6) -> 353.23 | AG35: =ROUND((AP35),6) -> 0 | AH35: =(EW35) -> 41.41 | AI35: =(EX35) -> 0.12 | AJ35: =ROUND((AS35),6) -> 0 | AK35: 454.41 | AL35: 96.05 | AM35: 5.13 | AN35: 1.54 | AO35: 353.23 | AP35: 0 | AQ35: 41.41 | AR35: 0.12 | AS35: 0 | AT35: 83 | AU35: 65 | AV35: 1 | AW35: 1 | AZ35: 6.57 | BA35: 6.57 | BB35: 6.57 | BC35: 6.57 | BH35: 0 | BI35: 1 | BJ35: ФЕР-2001, 58-20-1, приказ Минстроя России №1039/пр от 30.12.2016г. | BM35: 58001 | BN35: 0 | BP35: 0 | BQ35: 6 | BR35: 0 | BS35: 6.57 | BT35: 1 | BU35: 1 | BV35: 1 | BW35: 1 | BX35: 1 | BZ35: 83 | CA35: 65 | CF35: 0 | CG35: 0 | CM35: 0 | CO35: 0 | CP35: =(P35+Q35+S35) -> 3343.73 | CQ35: =AC35*BC35 -> 631.0485 | CR35: =AD35*BB35 -> 33.7041 | CS35: =AE35*BS35 -> 10.1178 | CT35: =AF35*BA35 -> 2320.7211 | CU35: =AG35 -> 0 | CV35: =AH35 -> 41.41 | CW35: =AI35 -> 0.12 | CX35: =AJ35 -> 0 | CY35: =(((S35+R35)*AT35)/100) -> 2166.7482 | CZ35: =(((S35+R35)*AU35)/100) -> 1696.851 | DN35: 0 | DO35: 0 | DP35: 1 | DQ35: 1 | DU35: 1003 | DV35: 100 м | DW35: 100 м | DX35: 100 | EE35: 15139180 | EF35: 6 | EG35: Ремонтно-строительные работы | EH35: 0 | EJ35: 1 | EK35: 58001 | EL35: Крыши, кровля | EM35: рФЕР-58 | EQ35: 0 | ER35: 454.41 | ES35: 96.05 | ET35: 5.13 | EU35: 1.54 | EV35: 353.23 | EW35: 41.41 | EX35: 0.12 | EY35: 0 | FQ35: 0 | FR35: =ROUND(IF(AND(BH35=3,BI35=3),P35,0),2) -> 0 | FS35: 0 | FX35: 83 | FY35: 65 | GD35: 0 | GF35: -58071427 | GG35: 1 | GH35: 1 | GI35: 4 | GJ35: 0 | GK35: =ROUND(R35*(S12)/100,2) -> 0 | GL35: =ROUND(IF(AND(BH35=3,BI35=3,FS35<>0),P35,0),2) -> 0 | GM35: =ROUND(O35+X35+Y35+GK35,2)+GX35 -> 7207.33 | GN35: =IF(OR(BI35=0,BI35=1),ROUND(O35+X35+Y35+GK35,2),0) -> 7207.33 | GO35: =IF(BI35=2,ROUND(O35+X35+Y35+GK35,2),0) -> 0 | GP35: =IF(BI35=4,ROUND(O35+X35+Y35+GK35,2)+GX35,0) -> 0 | GR35: 0 | GS35: 0 | GT35: 0 | GV35: =ROUND(GT35,6) -> 0 | GW35: 1 | GX35: =ROUND(GV35*GW35*I35,2) -> 0 | HA35: 0 | HB35: 0 | IK35: 0
A36: 18 | B36: 1 | C36: 49 | E36: 4,1 | F36: Цена поставщика | G36: Водоотлив оконный шириной планки 250 мм из оцинкованной стали с полимерным покрытием | H36: м | I36: =I34*J36 -> 112 | J36: 100 | O36: =ROUND(CP36,2) -> 0 | P36: =ROUND(CQ36*I36,2) -> 0 | Q36: =ROUND(CR36*I36,2) -> 0 | R36: =ROUND(CS36*I36,2) -> 0 | S36: =ROUND(CT36*I36,2) -> 0 | T36: =ROUND(CU36*I36,2) -> 0 | U36: =CV36*I36 -> 0 | V36: =CW36*I36 -> 0 | W36: =ROUND(CX36*I36,2) -> 0 | X36: =ROUND(CY36,2) -> 0 | Y36: =ROUND(CZ36,2) -> 0 | AA36: 16496956 | AB36: =ROUND((AC36+AD36+AF36),6) -> 0 | AC36: =ROUND((ES36),6) -> 0 | AD36: =ROUND((((ET36)-(EU36))+AE36),6) -> 0 | AE36: =ROUND((EU36),6) -> 0 | AF36: =ROUND((EV36),6) -> 0 | AG36: =ROUND((AP36),6) -> 0 | AH36: =(EW36) -> 0 | AI36: =(EX36) -> 0 | AJ36: =ROUND((AS36),6) -> 0 | AK36: 0 | AL36: 0 | AM36: 0 | AN36: 0 | AO36: 0 | AP36: 0 | AQ36: 0 | AR36: 0 | AS36: 0 | AT36: 71 | AU36: 52 | AV36: 1 | AW36: 1 | AZ36: 1 | BA36: 1 | BB36: 1 | BC36: 1 | BH36: 3 | BI36: 1 | BM36: 58001 | BN36: 0 | BP36: 0 | BQ36: 6 | BR36: 0 | BS36: 1 | BT36: 1 | BU36: 1 | BV36: 1 | BW36: 1 | BX36: 1 | BZ36: 83 | CA36: 65 | CF36: 0 | CG36: 0 | CM36: 0 | CO36: 0 | CP36: =(P36+Q36+S36) -> 0 | CQ36: =AC36*BC36 -> 0 | CR36: =AD36*BB36 -> 0 | CS36: =AE36*BS36 -> 0 | CT36: =AF36*BA36 -> 0 | CU36: =AG36 -> 0 | CV36: =AH36 -> 0 | CW36: =AI36 -> 0 | CX36: =AJ36 -> 0 | CY36: =(((S36+R36)*AT36)/100) -> 0 | CZ36: =(((S36+R36)*AU36)/100) -> 0 | DN36: 0 | DO36: 0 | DP36: 1 | DQ36: 1 | DU36: 1003 | DV36: м | DW36: м | DX36: 1 | EE36: 15139180 | EF36: 6 | EG36: Ремонтно-строительные работы | EH36: 0 | EJ36: 1 | EK36: 58001 | EL36: Крыши, кровля | EM36: рФЕР-58 | EQ36: 0 | ER36: 0 | ES36: 0 | ET36: 0 | EU36: 0 | EV36: 0 | EW36: 0 | EX36: 0 | FQ36: 0 | FR36: =ROUND(IF(AND(BH36=3,BI36=3),P36,0),2) -> 0 | FS36: 0 | FV36: *0,85 | FW36: *0,8 | FX36: 83 | FY36: 65 | GD36: 0 | GF36: -1929252935 | GG36: 2 | GH36: 0 | GI36: -2 | GJ36: 0 | GK36: =ROUND(R36*(R12)/100,2) -> 0 | GL36: =ROUND(IF(AND(BH36=3,BI36=3,FS36<>0),P36,0),2) -> 0 | GM36: =ROUND(O36+X36+Y36+GK36,2)+GX36 -> 0 | GN36: =IF(OR(BI36=0,BI36=1),ROUND(O36+X36+Y36+GK36,2),0) -> 0 | GO36: =IF(BI36=2,ROUND(O36+X36+Y36+GK36,2),0) -> 0 | GP36: =IF(BI36=4,ROUND(O36+X36+Y36+GK36,2)+GX36,0) -> 0 | GR36: 0 | GS36: 3 | GT36: 0 | GV36: =ROUND(GT36,6) -> 0 | GW36: 1 | GX36: =ROUND(GV36*GW36*I36,2) -> 0 | HA36: 0 | HB36: 0 | IK36: 0
A37: 18 | B37: 1 | C37: 56 | E37: 4,1 | F37: Цена поставщика | G37: Водоотлив оконный шириной планки 250 мм из оцинкованной стали с полимерным покрытием | H37: м | I37: =I35*J37 -> 112 | J37: 100 | O37: =ROUND(CP37,2) -> 21074.46 | P37: =ROUND(CQ37*I37,2) -> 21074.46 | Q37: =ROUND(CR37*I37,2) -> 0 | R37: =ROUND(CS37*I37,2) -> 0 | S37: =ROUND(CT37*I37,2) -> 0 | T37: =ROUND(CU37*I37,2) -> 0 | U37: =CV37*I37 -> 0 | V37: =CW37*I37 -> 0 | W37: =ROUND(CX37*I37,2) -> 0 | X37: =ROUND(CY37,2) -> 0 | Y37: =ROUND(CZ37,2) -> 0 | AA37: 16497268 | AB37: =ROUND((AC37+AD37+AF37),6) -> 28.64 | AC37: =ROUND((ES37),6) -> 28.64 | AD37: =ROUND((((ET37)-(EU37))+AE37),6) -> 0 | AE37: =ROUND((EU37),6) -> 0 | AF37: =ROUND((EV37),6) -> 0 | AG37: =ROUND((AP37),6) -> 0 | AH37: =(EW37) -> 0 | AI37: =(EX37) -> 0 | AJ37: =ROUND((AS37),6) -> 0 | AK37: 28.64 | AL37: 28.64 | AM37: 0 | AN37: 0 | AO37: 0 | AP37: 0 | AQ37: 0 | AR37: 0 | AS37: 0 | AT37: 83 | AU37: 65 | AV37: 1 | AW37: 1 | AZ37: 6.57 | BA37: 1 | BB37: 1 | BC37: 6.57 | BH37: 3 | BI37: 1 | BM37: 58001 | BN37: 0 | BP37: 0 | BQ37: 6 | BR37: 0 | BS37: 1 | BT37: 1 | BU37: 1 | BV37: 1 | BW37: 1 | BX37: 1 | BZ37: 83 | CA37: 65 | CF37: 0 | CG37: 0 | CM37: 0 | CO37: 0 | CP37: =(P37+Q37+S37) -> 21074.46 | CQ37: =AC37*BC37 -> 188.1648 | CR37: =AD37*BB37 -> 0 | CS37: =AE37*BS37 -> 0 | CT37: =AF37*BA37 -> 0 | CU37: =AG37 -> 0 | CV37: =AH37 -> 0 | CW37: =AI37 -> 0 | CX37: =AJ37 -> 0 | CY37: =(((S37+R37)*AT37)/100) -> 0 | CZ37: =(((S37+R37)*AU37)/100) -> 0 | DN37: 0 | DO37: 0 | DP37: 1 | DQ37: 1 | DU37: 1003 | DV37: м | DW37: м | DX37: 1 | EE37: 15139180 | EF37: 6 | EG37: Ремонтно-строительные работы | EH37: 0 | EJ37: 1 | EK37: 58001 | EL37: Крыши, кровля | EM37: рФЕР-58 | EQ37: 0 | ER37: 28.64 | ES37: 28.64 | ET37: 0 | EU37: 0 | EV37: 0 | EW37: 0 | EX37: 0 | EZ37: 5 | FC37: 1 | FD37: 18 | FF37: 222 | FQ37: 0 | FR37: =ROUND(IF(AND(BH37=3,BI37=3),P37,0),2) -> 0 | FS37: 0 | FX37: 83 | FY37: 65 | GA37: [222 / 1,18 / 6,57] | GD37: 0 | GF37: -1929252935 | GG37: 1 | GH37: 3 | GI37: 4 | GJ37: 0 | GK37: =ROUND(R37*(S12)/100,2) -> 0 | GL37: =ROUND(IF(AND(BH37=3,BI37=3,FS37<>0),P37,0),2) -> 0 | GM37: =ROUND(O37+X37+Y37+GK37,2)+GX37 -> 21074.46 | GN37: =IF(OR(BI37=0,BI37=1),ROUND(O37+X37+Y37+GK37,2),0) -> 21074.46 | GO37: =IF(BI37=2,ROUND(O37+X37+Y37+GK37,2),0) -> 0 | GP37: =IF(BI37=4,ROUND(O37+X37+Y37+GK37,2)+GX37,0) -> 0 | GR37: 1 | GS37: 1 | GT37: 0 | GV37: =ROUND(GT37,6) -> 0 | GW37: 1 | GX37: =ROUND(GV37*GW37*I37,2) -> 0 | HA37: 0 | HB37: 0 | IK37: 0
A38: 17 | B38: 1 | C38: =ROW(SmtRes!A67) -> 67 | D38: =ROW(EtalonRes!A66) -> 66 | E38: 5 | F38: 15-01-050-04 | G38: Облицовка оконных и дверных откосов декоративным бумажно-слоистым пластиком или листами из синтетических материалов на клее | H38: 100 м2 | I38: =ROUND(148.48/100,9) -> 1.4848 | J38: 0 | O38: =ROUND(CP38,2) -> 2322.09 | P38: =ROUND(CQ38*I38,2) -> 0.53 | Q38: =ROUND(CR38*I38,2) -> 52.5 | R38: =ROUND(CS38*I38,2) -> 10.22 | S38: =ROUND(CT38*I38,2) -> 2269.06 | T38: =ROUND(CU38*I38,2) -> 0 | U38: =CV38*I38 -> 247.17466 | V38: =CW38*I38 -> 0.861184 | W38: =ROUND(CX38*I38,2) -> 0 | X38: =ROUND(CY38,2) -> 1823.42 | Y38: =ROUND(CZ38,2) -> 843.33 | AA38: 16496956 | AB38: =ROUND((AC38+AD38+AF38),6) -> 1563.91 | AC38: =ROUND((ES38),6) -> 0.36 | AD38: =ROUND((((ET38)-(EU38))+AE38),6) -> 35.36 | AE38: =ROUND((EU38),6) -> 6.88 | AF38: =ROUND((EV38),6) -> 1528.19 | AG38: =ROUND((AP38),6) -> 0 | AH38: =(EW38) -> 166.47 | AI38: =(EX38) -> 0.58 | AJ38: =ROUND((AS38),6) -> 0 | AK38: 1563.91 | AL38: 0.36 | AM38: 35.36 | AN38: 6.88 | AO38: 1528.19 | AP38: 0 | AQ38: 166.47 | AR38: 0.58 | AS38: 0 | AT38: 80 | AU38: 37 | AV38: 1 | AW38: 1 | AZ38: 1 | BA38: 1 | BB38: 1 | BC38: 1 | BH38: 0 | BI38: 1 | BJ38: ФЕР-2001, 15-01-050-04, приказ Минстроя России №1039/пр от 30.12.2016г. | BM38: 15001 | BN38: 0 | BP38: 0 | BQ38: 2 | BR38: 0 | BS38: 1 | BT38: 1 | BU38: 1 | BV38: 1 | BW38: 1 | BX38: 1 | BZ38: 105 | CA38: 55 | CF38: 0 | CG38: 0 | CM38: 0 | CO38: 0 | CP38: =(P38+Q38+S38) -> 2322.09 | CQ38: =AC38*BC38 -> 0.36 | CR38: =AD38*BB38 -> 35.36 | CS38: =AE38*BS38 -> 6.88 | CT38: =AF38*BA38 -> 1528.19 | CU38: =AG38 -> 0 | CV38: =AH38 -> 166.47 | CW38: =AI38 -> 0.58 | CX38: =AJ38 -> 0 | CY38: =(((S38+R38)*AT38)/100) -> 1823.424 | CZ38: =(((S38+R38)*AU38)/100) -> 843.3336 | DN38: 0 | DO38: 0 | DP38: 1 | DQ38: 1 | DU38: 1005 | DV38: 100 м2 | DW38: 100 м2 | DX38: 100 | EE38: 15139126 | EF38: 2 | EG38: Общестроительные работы | EH38: 0 | EJ38: 1 | EK38: 15001 | EL38: Отделочные работы | EM38: ФЕР-15 | EQ38: 0 | ER38: 1563.91 | ES38: 0.36 | ET38: 35.36 | EU38: 6.88 | EV38: 1528.19 | EW38: 166.47 | EX38: 0.58 | EY38: 0 | FQ38: 0 | FR38: =ROUND(IF(AND(BH38=3,BI38=3),P38,0),2) -> 0 | FS38: 0 | FT38: *0,9 | FU38: *0,85 | FV38: *0,85 | FW38: *0,8 | FX38: 94.5 | FY38: 46.75 | GD38: 0 | GF38: 251333065 | GG38: 2 | GH38: 1 | GI38: -2 | GJ38: 0 | GK38: =ROUND(R38*(R12)/100,2) -> 0 | GL38: =ROUND(IF(AND(BH38=3,BI38=3,FS38<>0),P38,0),2) -> 0 | GM38: =ROUND(O38+X38+Y38+GK38,2)+GX38 -> 4988.84 | GN38: =IF(OR(BI38=0,BI38=1),ROUND(O38+X38+Y38+GK38,2),0) -> 4988.84 | GO38: =IF(BI38=2,ROUND(O38+X38+Y38+GK38,2),0) -> 0 | GP38: =IF(BI38=4,ROUND(O38+X38+Y38+GK38,2)+GX38,0) -> 0 | GR38: 0 | GS38: 3 | GT38: 0 | GV38: =ROUND(GT38,6) -> 0 | GW38: 1 | GX38: =ROUND(GV38*GW38*I38,2) -> 0 | HA38: 0 | HB38: 0 | IK38: 0
A39: 17 | B39: 1 | C39: =ROW(SmtRes!A78) -> 78 | D39: =ROW(EtalonRes!A74) -> 74 | E39: 5 | F39: 15-01-050-04 | G39: Облицовка оконных и дверных откосов декоративным бумажно-слоистым пластиком или листами из синтетических материалов на клее | H39: 100 м2 | I39: =ROUND(148.48/100,9) -> 1.4848 | J39: 0 | O39: =ROUND(CP39,2) -> 15256.15 | P39: =ROUND(CQ39*I39,2) -> 3.51 | Q39: =ROUND(CR39*I39,2) -> 344.94 | R39: =ROUND(CS39*I39,2) -> 67.12 | S39: =ROUND(CT39*I39,2) -> 14907.7 | T39: =ROUND(CU39*I39,2) -> 0 | U39: =CV39*I39 -> 247.17466 | V39: =CW39*I39 -> 0.861184 | W39: =ROUND(CX39*I39,2) -> 0 | X39: =ROUND(CY39,2) -> 14226.08 | Y39: =ROUND(CZ39,2) -> 7038.17 | AA39: 16497268 | AB39: =ROUND((AC39+AD39+AF39),6) -> 1563.91 | AC39: =ROUND((ES39),6) -> 0.36 | AD39: =ROUND((((ET39)-(EU39))+AE39),6) -> 35.36 | AE39: =ROUND((EU39),6) -> 6.88 | AF39: =ROUND((EV39),6) -> 1528.19 | AG39: =ROUND((AP39),6) -> 0 | AH39: =(EW39) -> 166.47 | AI39: =(EX39) -> 0.58 | AJ39: =ROUND((AS39),6) -> 0 | AK39: 1563.91 | AL39: 0.36 | AM39: 35.36 | AN39: 6.88 | AO39: 1528.19 | AP39: 0 | AQ39: 166.47 | AR39: 0.58 | AS39: 0 | AT39: 95 | AU39: 47 | AV39: 1 | AW39: 1 | AZ39: 6.57 | BA39: 6.57 | BB39: 6.57 | BC39: 6.57 | BH39: 0 | BI39: 1 | BJ39: ФЕР-2001, 15-01-050-04, приказ Минстроя России №1039/пр от 30.12.2016г. | BM39: 15001 | BN39: 0 | BP39: 0 | BQ39: 2 | BR39: 0 | BS39: 6.57 | BT39: 1 | BU39: 1 | BV39: 1 | BW39: 1 | BX39: 1 | BZ39: 105 | CA39: 55 | CF39: 0 | CG39: 0 | CM39: 0 | CO39: 0 | CP39: =(P39+Q39+S39) -> 15256.15 | CQ39: =AC39*BC39 -> 2.3652 | CR39: =AD39*BB39 -> 232.3152 | CS39: =AE39*BS39 -> 45.2016 | CT39: =AF39*BA39 -> 10040.208 | CU39: =AG39 -> 0 | CV39: =AH39 -> 166.47 | CW39: =AI39 -> 0.58 | CX39: =AJ39 -> 0 | CY39: =(((S39+R39)*AT39)/100) -> 14226.079 | CZ39: =(((S39+R39)*AU39)/100) -> 7038.1654 | DN39: 0 | DO39: 0 | DP39: 1 | DQ39: 1 | DU39: 1005 | DV39: 100 м2 | DW39: 100 м2 | DX39: 100 | EE39: 15139126 | EF39: 2 | EG39: Общестроительные работы | EH39: 0 | EJ39: 1 | EK39: 15001 | EL39: Отделочные работы | EM39: ФЕР-15 | EQ39: 0 | ER39: 1563.91 | ES39: 0.36 | ET39: 35.36 | EU39: 6.88 | EV39: 1528.19 | EW39: 166.47 | EX39: 0.58 | EY39: 0 | FQ39: 0 | FR39: =ROUND(IF(AND(BH39=3,BI39=3),P39,0),2) -> 0 | FS39: 0 | FT39: *0,9 | FU39: *0,85 | FX39: 94.5 | FY39: 46.75 | GD39: 0 | GF39: 251333065 | GG39: 1 | GH39: 1 | GI39: 4 | GJ39: 0 | GK39: =ROUND(R39*(S12)/100,2) -> 0 | GL39: =ROUND(IF(AND(BH39=3,BI39=3,FS39<>0),P39,0),2) -> 0 | GM39: =ROUND(O39+X39+Y39+GK39,2)+GX39 -> 36520.4 | GN39: =IF(OR(BI39=0,BI39=1),ROUND(O39+X39+Y39+GK39,2),0) -> 36520.4 | GO39: =IF(BI39=2,ROUND(O39+X39+Y39+GK39,2),0) -> 0 | GP39: =IF(BI39=4,ROUND(O39+X39+Y39+GK39,2)+GX39,0) -> 0 | GR39: 0 | GS39: 0 | GT39: 0 | GV39: =ROUND(GT39,6) -> 0 | GW39: 1 | GX39: =ROUND(GV39*GW39*I39,2) -> 0 | HA39: 0 | HB39: 0 | IK39: 0
A40: 18 | B40: 1 | C40: 61 | E40: 5,1 | F40: 01.6.01.11 | G40: Листы облицовочные декоративные | H40: м2 | I40: =I38*J40 -> 155.904 | J40: 105 | O40: =ROUND(CP40,2) -> 0 | P40: =ROUND(CQ40*I40,2) -> 0 | Q40: =ROUND(CR40*I40,2) -> 0 | R40: =ROUND(CS40*I40,2) -> 0 | S40: =ROUND(CT40*I40,2) -> 0 | T40: =ROUND(CU40*I40,2) -> 0 | U40: =CV40*I40 -> 0 | V40: =CW40*I40 -> 0 | W40: =ROUND(CX40*I40,2) -> 0 | X40: =ROUND(CY40,2) -> 0 | Y40: =ROUND(CZ40,2) -> 0 | AA40: 16496956 | AB40: =ROUND((AC40+AD40+AF40),6) -> 0 | AC40: =ROUND((ES40),6) -> 0 | AD40: =ROUND((((ET40)-(EU40))+AE40),6) -> 0 | AE40: =ROUND((EU40),6) -> 0 | AF40: =ROUND((EV40),6) -> 0 | AG40: =ROUND((AP40),6) -> 0 | AH40: =(EW40) -> 0 | AI40: =(EX40) -> 0 | AJ40: =ROUND((AS40),6) -> 0 | AK40: 0 | AL40: 0 | AM40: 0 | AN40: 0 | AO40: 0 | AP40: 0 | AQ40: 0 | AR40: 0 | AS40: 0 | AT40: 80 | AU40: 37 | AV40: 1 | AW40: 1 | AZ40: 1 | BA40: 1 | BB40: 1 | BC40: 1 | BH40: 3 | BI40: 1 | BM40: 15001 | BN40: 0 | BP40: 0 | BQ40: 2 | BR40: 0 | BS40: 1 | BT40: 1 | BU40: 1 | BV40: 1 | BW40: 1 | BX40: 1 | BZ40: 105 | CA40: 55 | CF40: 0 | CG40: 0 | CM40: 0 | CO40: 0 | CP40: =(P40+Q40+S40) -> 0 | CQ40: =AC40*BC40 -> 0 | CR40: =AD40*BB40 -> 0 | CS40: =AE40*BS40 -> 0 | CT40: =AF40*BA40 -> 0 | CU40: =AG40 -> 0 | CV40: =AH40 -> 0 | CW40: =AI40 -> 0 | CX40: =AJ40 -> 0 | CY40: =(((S40+R40)*AT40)/100) -> 0 | CZ40: =(((S40+R40)*AU40)/100) -> 0 | DN40: 0 | DO40: 0 | DP40: 1 | DQ40: 1 | DU40: 1005 | DV40: м2 | DW40: м2 | DX40: 1 | EE40: 15139126 | EF40: 2 | EG40: Общестроительные работы | EH40: 0 | EJ40: 1 | EK40: 15001 | EL40: Отделочные работы | EM40: ФЕР-15 | EQ40: 0 | ER40: 0 | ES40: 0 | ET40: 0 | EU40: 0 | EV40: 0 | EW40: 0 | EX40: 0 | FQ40: 0 | FR40: =ROUND(IF(AND(BH40=3,BI40=3),P40,0),2) -> 0 | FS40: 0 | FT40: *0,9 | FU40: *0,85 | FV40: *0,85 | FW40: *0,8 | FX40: 94.5 | FY40: 46.75 | GD40: 0 | GF40: -112006704 | GG40: 2 | GH40: 1 | GI40: -2 | GJ40: 0 | GK40: =ROUND(R40*(R12)/100,2) -> 0 | GL40: =ROUND(IF(AND(BH40=3,BI40=3,FS40<>0),P40,0),2) -> 0 | GM40: =ROUND(O40+X40+Y40+GK40,2)+GX40 -> 0 | GN40: =IF(OR(BI40=0,BI40=1),ROUND(O40+X40+Y40+GK40,2),0) -> 0 | GO40: =IF(BI40=2,ROUND(O40+X40+Y40+GK40,2),0) -> 0 | GP40: =IF(BI40=4,ROUND(O40+X40+Y40+GK40,2)+GX40,0) -> 0 | GR40: 0 | GS40: 3 | GT40: 0 | GV40: =ROUND(GT40,6) -> 0 | GW40: 1 | GX40: =ROUND(GV40*GW40*I40,2) -> 0 | HA40: 0 | HB40: 0 | IK40: 0
A41: 18 | B41: 1 | C41: 72 | E41: 5,1 | F41: 01.6.01.11 | G41: Листы облицовочные декоративные | H41: м2 | I41: =I39*J41 -> 155.904 | J41: 105 | O41: =ROUND(CP41,2) -> 0 | P41: =ROUND(CQ41*I41,2) -> 0 | Q41: =ROUND(CR41*I41,2) -> 0 | R41: =ROUND(CS41*I41,2) -> 0 | S41: =ROUND(CT41*I41,2) -> 0 | T41: =ROUND(CU41*I41,2) -> 0 | U41: =CV41*I41 -> 0 | V41: =CW41*I41 -> 0 | W41: =ROUND(CX41*I41,2) -> 0 | X41: =ROUND(CY41,2) -> 0 | Y41: =ROUND(CZ41,2) -> 0 | AA41: 16497268 | AB41: =ROUND((AC41+AD41+AF41),6) -> 0 | AC41: =ROUND((ES41),6) -> 0 | AD41: =ROUND((((ET41)-(EU41))+AE41),6) -> 0 | AE41: =ROUND((EU41),6) -> 0 | AF41: =ROUND((EV41),6) -> 0 | AG41: =ROUND((AP41),6) -> 0 | AH41: =(EW41) -> 0 | AI41: =(EX41) -> 0 | AJ41: =ROUND((AS41),6) -> 0 | AK41: 0 | AL41: 0 | AM41: 0 | AN41: 0 | AO41: 0 | AP41: 0 | AQ41: 0 | AR41: 0 | AS41: 0 | AT41: 95 | AU41: 47 | AV41: 1 | AW41: 1 | AZ41: 6.57 | BA41: 1 | BB41: 1 | BC41: 6.57 | BH41: 3 | BI41: 1 | BM41: 15001 | BN41: 0 | BP41: 0 | BQ41: 2 | BR41: 0 | BS41: 1 | BT41: 1 | BU41: 1 | BV41: 1 | BW41: 1 | BX41: 1 | BZ41: 105 | CA41: 55 | CF41: 0 | CG41: 0 | CM41: 0 | CO41: 0 | CP41: =(P41+Q41+S41) -> 0 | CQ41: =AC41*BC41 -> 0 | CR41: =AD41*BB41 -> 0 | CS41: =AE41*BS41 -> 0 | CT41: =AF41*BA41 -> 0 | CU41: =AG41 -> 0 | CV41: =AH41 -> 0 | CW41: =AI41 -> 0 | CX41: =AJ41 -> 0 | CY41: =(((S41+R41)*AT41)/100) -> 0 | CZ41: =(((S41+R41)*AU41)/100) -> 0 | DN41: 0 | DO41: 0 | DP41: 1 | DQ41: 1 | DU41: 1005 | DV41: м2 | DW41: м2 | DX41: 1 | EE41: 15139126 | EF41: 2 | EG41: Общестроительные работы | EH41: 0 | EJ41: 1 | EK41: 15001 | EL41: Отделочные работы | EM41: ФЕР-15 | EQ41: 0 | ER41: 0 | ES41: 0 | ET41: 0 | EU41: 0 | EV41: 0 | EW41: 0 | EX41: 0 | FQ41: 0 | FR41: =ROUND(IF(AND(BH41=3,BI41=3),P41,0),2) -> 0 | FS41: 0 | FT41: *0,9 | FU41: *0,85 | FX41: 94.5 | FY41: 46.75 | GD41: 0 | GF41: -112006704 | GG41: 1 | GH41: 1 | GI41: 4 | GJ41: 0 | GK41: =ROUND(R41*(S12)/100,2) -> 0 | GL41: =ROUND(IF(AND(BH41=3,BI41=3,FS41<>0),P41,0),2) -> 0 | GM41: =ROUND(O41+X41+Y41+GK41,2)+GX41 -> 0 | GN41: =IF(OR(BI41=0,BI41=1),ROUND(O41+X41+Y41+GK41,2),0) -> 0 | GO41: =IF(BI41=2,ROUND(O41+X41+Y41+GK41,2),0) -> 0 | GP41: =IF(BI41=4,ROUND(O41+X41+Y41+GK41,2)+GX41,0) -> 0 | GR41: 0 | GS41: 0 | GT41: 0 | GV41: =ROUND(GT41,6) -> 0 | GW41: 1 | GX41: =ROUND(GV41*GW41*I41,2) -> 0 | HA41: 0 | HB41: 0 | IK41: 0
A42: 18 | B42: 1 | C42: 63 | E42: 5,2 | F42: 11.3.03.05-0001 | G42: Панели пластиковые для откосов "Реас Пласт" шириной 0,4 м, длиной 3,0 м, белые матовые, лакированные | H42: м2 | I42: =I38*J42 -> 155.904 | J42: 105 | O42: =ROUND(CP42,2) -> 5359.98 | P42: =ROUND(CQ42*I42,2) -> 5359.98 | Q42: =ROUND(CR42*I42,2) -> 0 | R42: =ROUND(CS42*I42,2) -> 0 | S42: =ROUND(CT42*I42,2) -> 0 | T42: =ROUND(CU42*I42,2) -> 0 | U42: =CV42*I42 -> 0 | V42: =CW42*I42 -> 0 | W42: =ROUND(CX42*I42,2) -> 0 | X42: =ROUND(CY42,2) -> 0 | Y42: =ROUND(CZ42,2) -> 0 | AA42: 16496956 | AB42: =ROUND((AC42+AD42+AF42),6) -> 34.38 | AC42: =ROUND((ES42),6) -> 34.38 | AD42: =ROUND((((ET42)-(EU42))+AE42),6) -> 0 | AE42: =ROUND((EU42),6) -> 0 | AF42: =ROUND((EV42),6) -> 0 | AG42: =ROUND((AP42),6) -> 0 | AH42: =(EW42) -> 0 | AI42: =(EX42) -> 0 | AJ42: =ROUND((AS42),6) -> 0 | AK42: 34.38 | AL42: 34.38 | AM42: 0 | AN42: 0 | AO42: 0 | AP42: 0 | AQ42: 0 | AR42: 0 | AS42: 0 | AT42: 80 | AU42: 37 | AV42: 1 | AW42: 1 | AZ42: 1 | BA42: 1 | BB42: 1 | BC42: 1 | BH42: 3 | BI42: 1 | BJ42: ФССЦ-2001, 11.3.03.05-0001, приказ Минстроя России №1039/пр от 30.12.2016г. | BM42: 15001 | BN42: 0 | BP42: 0 | BQ42: 2 | BR42: 0 | BS42: 1 | BT42: 1 | BU42: 1 | BV42: 1 | BW42: 1 | BX42: 1 | BZ42: 105 | CA42: 55 | CF42: 0 | CG42: 0 | CM42: 0 | CO42: 0 | CP42: =(P42+Q42+S42) -> 5359.98 | CQ42: =AC42*BC42 -> 34.38 | CR42: =AD42*BB42 -> 0 | CS42: =AE42*BS42 -> 0 | CT42: =AF42*BA42 -> 0 | CU42: =AG42 -> 0 | CV42: =AH42 -> 0 | CW42: =AI42 -> 0 | CX42: =AJ42 -> 0 | CY42: =(((S42+R42)*AT42)/100) -> 0 | CZ42: =(((S42+R42)*AU42)/100) -> 0 | DN42: 0 | DO42: 0 | DP42: 1 | DQ42: 1 | DU42: 1005 | DV42: м2 | DW42: м2 | DX42: 1 | EE42: 15139126 | EF42: 2 | EG42: Общестроительные работы | EH42: 0 | EJ42: 1 | EK42: 15001 | EL42: Отделочные работы | EM42: ФЕР-15 | EQ42: 0 | ER42: 34.38 | ES42: 34.38 | ET42: 0 | EU42: 0 | EV42: 0 | EW42: 0 | EX42: 0 | FQ42: 0 | FR42: =ROUND(IF(AND(BH42=3,BI42=3),P42,0),2) -> 0 | FS42: 0 | FT42: *0,9 | FU42: *0,85 | FV42: *0,85 | FW42: *0,8 | FX42: 94.5 | FY42: 46.75 | GD42: 0 | GF42: -956992290 | GG42: 2 | GH42: 1 | GI42: -2 | GJ42: 0 | GK42: =ROUND(R42*(R12)/100,2) -> 0 | GL42: =ROUND(IF(AND(BH42=3,BI42=3,FS42<>0),P42,0),2) -> 0 | GM42: =ROUND(O42+X42+Y42+GK42,2)+GX42 -> 5359.98 | GN42: =IF(OR(BI42=0,BI42=1),ROUND(O42+X42+Y42+GK42,2),0) -> 5359.98 | GO42: =IF(BI42=2,ROUND(O42+X42+Y42+GK42,2),0) -> 0 | GP42: =IF(BI42=4,ROUND(O42+X42+Y42+GK42,2)+GX42,0) -> 0 | GR42: 0 | GS42: 3 | GT42: 0 | GV42: =ROUND(GT42,6) -> 0 | GW42: 1 | GX42: =ROUND(GV42*GW42*I42,2) -> 0 | HA42: 0 | HB42: 0 | IK42: 0
A43: 18 | B43: 1 | C43: 74 | E43: 5,2 | F43: 11.3.03.05-0001 | G43: Панели пластиковые для откосов "Реас Пласт" шириной 0,4 м, длиной 3,0 м, белые матовые, лакированные | H43: м2 | I43: =I39*J43 -> 155.904 | J43: 105 | O43: =ROUND(CP43,2) -> 35215.07 | P43: =ROUND(CQ43*I43,2) -> 35215.07 | Q43: =ROUND(CR43*I43,2) -> 0 | R43: =ROUND(CS43*I43,2) -> 0 | S43: =ROUND(CT43*I43,2) -> 0 | T43: =ROUND(CU43*I43,2) -> 0 | U43: =CV43*I43 -> 0 | V43: =CW43*I43 -> 0 | W43: =ROUND(CX43*I43,2) -> 0 | X43: =ROUND(CY43,2) -> 0 | Y43: =ROUND(CZ43,2) -> 0 | AA43: 16497268 | AB43: =ROUND((AC43+AD43+AF43),6) -> 34.38 | AC43: =ROUND((ES43),6) -> 34.38 | AD43: =ROUND((((ET43)-(EU43))+AE43),6) -> 0 | AE43: =ROUND((EU43),6) -> 0 | AF43: =ROUND((EV43),6) -> 0 | AG43: =ROUND((AP43),6) -> 0 | AH43: =(EW43) -> 0 | AI43: =(EX43) -> 0 | AJ43: =ROUND((AS43),6) -> 0 | AK43: 34.38 | AL43: 34.38 | AM43: 0 | AN43: 0 | AO43: 0 | AP43: 0 | AQ43: 0 | AR43: 0 | AS43: 0 | AT43: 95 | AU43: 47 | AV43: 1 | AW43: 1 | AZ43: 6.57 | BA43: 1 | BB43: 1 | BC43: 6.57 | BH43: 3 | BI43: 1 | BJ43: ФССЦ-2001, 11.3.03.05-0001, приказ Минстроя России №1039/пр от 30.12.2016г. | BM43: 15001 | BN43: 0 | BP43: 0 | BQ43: 2 | BR43: 0 | BS43: 1 | BT43: 1 | BU43: 1 | BV43: 1 | BW43: 1 | BX43: 1 | BZ43: 105 | CA43: 55 | CF43: 0 | CG43: 0 | CM43: 0 | CO43: 0 | CP43: =(P43+Q43+S43) -> 35215.07 | CQ43: =AC43*BC43 -> 225.8766 | CR43: =AD43*BB43 -> 0 | CS43: =AE43*BS43 -> 0 | CT43: =AF43*BA43 -> 0 | CU43: =AG43 -> 0 | CV43: =AH43 -> 0 | CW43: =AI43 -> 0 | CX43: =AJ43 -> 0 | CY43: =(((S43+R43)*AT43)/100) -> 0 | CZ43: =(((S43+R43)*AU43)/100) -> 0 | DN43: 0 | DO43: 0 | DP43: 1 | DQ43: 1 | DU43: 1005 | DV43: м2 | DW43: м2 | DX43: 1 | EE43: 15139126 | EF43: 2 | EG43: Общестроительные работы | EH43: 0 | EJ43: 1 | EK43: 15001 | EL43: Отделочные работы | EM43: ФЕР-15 | EQ43: 0 | ER43: 34.38 | ES43: 34.38 | ET43: 0 | EU43: 0 | EV43: 0 | EW43: 0 | EX43: 0 | FQ43: 0 | FR43: =ROUND(IF(AND(BH43=3,BI43=3),P43,0),2) -> 0 | FS43: 0 | FT43: *0,9 | FU43: *0,85 | FX43: 94.5 | FY43: 46.75 | GD43: 0 | GF43: -956992290 | GG43: 1 | GH43: 1 | GI43: 4 | GJ43: 0 | GK43: =ROUND(R43*(S12)/100,2) -> 0 | GL43: =ROUND(IF(AND(BH43=3,BI43=3,FS43<>0),P43,0),2) -> 0 | GM43: =ROUND(O43+X43+Y43+GK43,2)+GX43 -> 35215.07 | GN43: =IF(OR(BI43=0,BI43=1),ROUND(O43+X43+Y43+GK43,2),0) -> 35215.07 | GO43: =IF(BI43=2,ROUND(O43+X43+Y43+GK43,2),0) -> 0 | GP43: =IF(BI43=4,ROUND(O43+X43+Y43+GK43,2)+GX43,0) -> 0 | GR43: 0 | GS43: 0 | GT43: 0 | GV43: =ROUND(GT43,6) -> 0 | GW43: 1 | GX43: =ROUND(GV43*GW43*I43,2) -> 0 | HA43: 0 | HB43: 0 | IK43: 0
A44: 18 | B44: 1 | C44: 65 | E44: 5,3 | F44: 14.1.06.05 | G44: Клей | H44: кг | I44: =I38*J44 -> 44.544 | J44: 30 | O44: =ROUND(CP44,2) -> 0 | P44: =ROUND(CQ44*I44,2) -> 0 | Q44: =ROUND(CR44*I44,2) -> 0 | R44: =ROUND(CS44*I44,2) -> 0 | S44: =ROUND(CT44*I44,2) -> 0 | T44: =ROUND(CU44*I44,2) -> 0 | U44: =CV44*I44 -> 0 | V44: =CW44*I44 -> 0 | W44: =ROUND(CX44*I44,2) -> 0 | X44: =ROUND(CY44,2) -> 0 | Y44: =ROUND(CZ44,2) -> 0 | AA44: 16496956 | AB44: =ROUND((AC44+AD44+AF44),6) -> 0 | AC44: =ROUND((ES44),6) -> 0 | AD44: =ROUND((((ET44)-(EU44))+AE44),6) -> 0 | AE44: =ROUND((EU44),6) -> 0 | AF44: =ROUND((EV44),6) -> 0 | AG44: =ROUND((AP44),6) -> 0 | AH44: =(EW44) -> 0 | AI44: =(EX44) -> 0 | AJ44: =ROUND((AS44),6) -> 0 | AK44: 0 | AL44: 0 | AM44: 0 | AN44: 0 | AO44: 0 | AP44: 0 | AQ44: 0 | AR44: 0 | AS44: 0 | AT44: 80 | AU44: 37 | AV44: 1 | AW44: 1 | AZ44: 1 | BA44: 1 | BB44: 1 | BC44: 1 | BH44: 3 | BI44: 1 | BM44: 15001 | BN44: 0 | BP44: 0 | BQ44: 2 | BR44: 0 | BS44: 1 | BT44: 1 | BU44: 1 | BV44: 1 | BW44: 1 | BX44: 1 | BZ44: 105 | CA44: 55 | CF44: 0 | CG44: 0 | CM44: 0 | CO44: 0 | CP44: =(P44+Q44+S44) -> 0 | CQ44: =AC44*BC44 -> 0 | CR44: =AD44*BB44 -> 0 | CS44: =AE44*BS44 -> 0 | CT44: =AF44*BA44 -> 0 | CU44: =AG44 -> 0 | CV44: =AH44 -> 0 | CW44: =AI44 -> 0 | CX44: =AJ44 -> 0 | CY44: =(((S44+R44)*AT44)/100) -> 0 | CZ44: =(((S44+R44)*AU44)/100) -> 0 | DN44: 0 | DO44: 0 | DP44: 1 | DQ44: 1 | DU44: 1009 | DV44: кг | DW44: кг | DX44: 1 | EE44: 15139126 | EF44: 2 | EG44: Общестроительные работы | EH44: 0 | EJ44: 1 | EK44: 15001 | EL44: Отделочные работы | EM44: ФЕР-15 | EQ44: 0 | ER44: 0 | ES44: 0 | ET44: 0 | EU44: 0 | EV44: 0 | EW44: 0 | EX44: 0 | FQ44: 0 | FR44: =ROUND(IF(AND(BH44=3,BI44=3),P44,0),2) -> 0 | FS44: 0 | FT44: *0,9 | FU44: *0,85 | FV44: *0,85 | FW44: *0,8 | FX44: 94.5 | FY44: 46.75 | GD44: 0 | GF44: -1516100259 | GG44: 2 | GH44: 1 | GI44: -2 | GJ44: 0 | GK44: =ROUND(R44*(R12)/100,2) -> 0 | GL44: =ROUND(IF(AND(BH44=3,BI44=3,FS44<>0),P44,0),2) -> 0 | GM44: =ROUND(O44+X44+Y44+GK44,2)+GX44 -> 0 | GN44: =IF(OR(BI44=0,BI44=1),ROUND(O44+X44+Y44+GK44,2),0) -> 0 | GO44: =IF(BI44=2,ROUND(O44+X44+Y44+GK44,2),0) -> 0 | GP44: =IF(BI44=4,ROUND(O44+X44+Y44+GK44,2)+GX44,0) -> 0 | GR44: 0 | GS44: 3 | GT44: 0 | GV44: =ROUND(GT44,6) -> 0 | GW44: 1 | GX44: =ROUND(GV44*GW44*I44,2) -> 0 | HA44: 0 | HB44: 0 | IK44: 0
A45: 18 | B45: 1 | C45: 76 | E45: 5,3 | F45: 14.1.06.05 | G45: Клей | H45: кг | I45: =I39*J45 -> 44.544 | J45: 30 | O45: =ROUND(CP45,2) -> 0 | P45: =ROUND(CQ45*I45,2) -> 0 | Q45: =ROUND(CR45*I45,2) -> 0 | R45: =ROUND(CS45*I45,2) -> 0 | S45: =ROUND(CT45*I45,2) -> 0 | T45: =ROUND(CU45*I45,2) -> 0 | U45: =CV45*I45 -> 0 | V45: =CW45*I45 -> 0 | W45: =ROUND(CX45*I45,2) -> 0 | X45: =ROUND(CY45,2) -> 0 | Y45: =ROUND(CZ45,2) -> 0 | AA45: 16497268 | AB45: =ROUND((AC45+AD45+AF45),6) -> 0 | AC45: =ROUND((ES45),6) -> 0 | AD45: =ROUND((((ET45)-(EU45))+AE45),6) -> 0 | AE45: =ROUND((EU45),6) -> 0 | AF45: =ROUND((EV45),6) -> 0 | AG45: =ROUND((AP45),6) -> 0 | AH45: =(EW45) -> 0 | AI45: =(EX45) -> 0 | AJ45: =ROUND((AS45),6) -> 0 | AK45: 0 | AL45: 0 | AM45: 0 | AN45: 0 | AO45: 0 | AP45: 0 | AQ45: 0 | AR45: 0 | AS45: 0 | AT45: 95 | AU45: 47 | AV45: 1 | AW45: 1 | AZ45: 6.57 | BA45: 1 | BB45: 1 | BC45: 6.57 | BH45: 3 | BI45: 1 | BM45: 15001 | BN45: 0 | BP45: 0 | BQ45: 2 | BR45: 0 | BS45: 1 | BT45: 1 | BU45: 1 | BV45: 1 | BW45: 1 | BX45: 1 | BZ45: 105 | CA45: 55 | CF45: 0 | CG45: 0 | CM45: 0 | CO45: 0 | CP45: =(P45+Q45+S45) -> 0 | CQ45: =AC45*BC45 -> 0 | CR45: =AD45*BB45 -> 0 | CS45: =AE45*BS45 -> 0 | CT45: =AF45*BA45 -> 0 | CU45: =AG45 -> 0 | CV45: =AH45 -> 0 | CW45: =AI45 -> 0 | CX45: =AJ45 -> 0 | CY45: =(((S45+R45)*AT45)/100) -> 0 | CZ45: =(((S45+R45)*AU45)/100) -> 0 | DN45: 0 | DO45: 0 | DP45: 1 | DQ45: 1 | DU45: 1009 | DV45: кг | DW45: кг | DX45: 1 | EE45: 15139126 | EF45: 2 | EG45: Общестроительные работы | EH45: 0 | EJ45: 1 | EK45: 15001 | EL45: Отделочные работы | EM45: ФЕР-15 | EQ45: 0 | ER45: 0 | ES45: 0 | ET45: 0 | EU45: 0 | EV45: 0 | EW45: 0 | EX45: 0 | FQ45: 0 | FR45: =ROUND(IF(AND(BH45=3,BI45=3),P45,0),2) -> 0 | FS45: 0 | FT45: *0,9 | FU45: *0,85 | FX45: 94.5 | FY45: 46.75 | GD45: 0 | GF45: -1516100259 | GG45: 1 | GH45: 1 | GI45: 4 | GJ45: 0 | GK45: =ROUND(R45*(S12)/100,2) -> 0 | GL45: =ROUND(IF(AND(BH45=3,BI45=3,FS45<>0),P45,0),2) -> 0 | GM45: =ROUND(O45+X45+Y45+GK45,2)+GX45 -> 0 | GN45: =IF(OR(BI45=0,BI45=1),ROUND(O45+X45+Y45+GK45,2),0) -> 0 | GO45: =IF(BI45=2,ROUND(O45+X45+Y45+GK45,2),0) -> 0 | GP45: =IF(BI45=4,ROUND(O45+X45+Y45+GK45,2)+GX45,0) -> 0 | GR45: 0 | GS45: 0 | GT45: 0 | GV45: =ROUND(GT45,6) -> 0 | GW45: 1 | GX45: =ROUND(GV45*GW45*I45,2) -> 0 | HA45: 0 | HB45: 0 | IK45: 0
A46: 18 | B46: 1 | C46: 64 | E46: 5,4 | F46: 14.1.02.03-0002 | G46: Клей ПВА | H46: кг | I46: =I38*J46 -> 44.544 | J46: 30 | O46: =ROUND(CP46,2) -> 708.25 | P46: =ROUND(CQ46*I46,2) -> 708.25 | Q46: =ROUND(CR46*I46,2) -> 0 | R46: =ROUND(CS46*I46,2) -> 0 | S46: =ROUND(CT46*I46,2) -> 0 | T46: =ROUND(CU46*I46,2) -> 0 | U46: =CV46*I46 -> 0 | V46: =CW46*I46 -> 0 | W46: =ROUND(CX46*I46,2) -> 0 | X46: =ROUND(CY46,2) -> 0 | Y46: =ROUND(CZ46,2) -> 0 | AA46: 16496956 | AB46: =ROUND((AC46+AD46+AF46),6) -> 15.9 | AC46: =ROUND((ES46),6) -> 15.9 | AD46: =ROUND((((ET46)-(EU46))+AE46),6) -> 0 | AE46: =ROUND((EU46),6) -> 0 | AF46: =ROUND((EV46),6) -> 0 | AG46: =ROUND((AP46),6) -> 0 | AH46: =(EW46) -> 0 | AI46: =(EX46) -> 0 | AJ46: =ROUND((AS46),6) -> 0 | AK46: 15.9 | AL46: 15.9 | AM46: 0 | AN46: 0 | AO46: 0 | AP46: 0 | AQ46: 0 | AR46: 0 | AS46: 0 | AT46: 80 | AU46: 37 | AV46: 1 | AW46: 1 | AZ46: 1 | BA46: 1 | BB46: 1 | BC46: 1 | BH46: 3 | BI46: 1 | BJ46: ФССЦ-2001, 14.1.02.03-0002, приказ Минстроя России №1039/пр от 30.12.2016г. | BM46: 15001 | BN46: 0 | BP46: 0 | BQ46: 2 | BR46: 0 | BS46: 1 | BT46: 1 | BU46: 1 | BV46: 1 | BW46: 1 | BX46: 1 | BZ46: 105 | CA46: 55 | CF46: 0 | CG46: 0 | CM46: 0 | CO46: 0 | CP46: =(P46+Q46+S46) -> 708.25 | CQ46: =AC46*BC46 -> 15.9 | CR46: =AD46*BB46 -> 0 | CS46: =AE46*BS46 -> 0 | CT46: =AF46*BA46 -> 0 | CU46: =AG46 -> 0 | CV46: =AH46 -> 0 | CW46: =AI46 -> 0 | CX46: =AJ46 -> 0 | CY46: =(((S46+R46)*AT46)/100) -> 0 | CZ46: =(((S46+R46)*AU46)/100) -> 0 | DN46: 0 | DO46: 0 | DP46: 1 | DQ46: 1 | DU46: 1009 | DV46: кг | DW46: кг | DX46: 1 | EE46: 15139126 | EF46: 2 | EG46: Общестроительные работы | EH46: 0 | EJ46: 1 | EK46: 15001 | EL46: Отделочные работы | EM46: ФЕР-15 | EQ46: 0 | ER46: 15.9 | ES46: 15.9 | ET46: 0 | EU46: 0 | EV46: 0 | EW46: 0 | EX46: 0 | FQ46: 0 | FR46: =ROUND(IF(AND(BH46=3,BI46=3),P46,0),2) -> 0 | FS46: 0 | FT46: *0,9 | FU46: *0,85 | FV46: *0,85 | FW46: *0,8 | FX46: 94.5 | FY46: 46.75 | GD46: 0 | GF46: 1104462431 | GG46: 2 | GH46: 1 | GI46: -2 | GJ46: 0 | GK46: =ROUND(R46*(R12)/100,2) -> 0 | GL46: =ROUND(IF(AND(BH46=3,BI46=3,FS46<>0),P46,0),2) -> 0 | GM46: =ROUND(O46+X46+Y46+GK46,2)+GX46 -> 708.25 | GN46: =IF(OR(BI46=0,BI46=1),ROUND(O46+X46+Y46+GK46,2),0) -> 708.25 | GO46: =IF(BI46=2,ROUND(O46+X46+Y46+GK46,2),0) -> 0 | GP46: =IF(BI46=4,ROUND(O46+X46+Y46+GK46,2)+GX46,0) -> 0 | GR46: 0 | GS46: 3 | GT46: 0 | GV46: =ROUND(GT46,6) -> 0 | GW46: 1 | GX46: =ROUND(GV46*GW46*I46,2) -> 0 | HA46: 0 | HB46: 0 | IK46: 0
A47: 18 | B47: 1 | C47: 75 | E47: 5,4 | F47: 14.1.02.03-0002 | G47: Клей ПВА | H47: кг | I47: =I39*J47 -> 44.544 | J47: 30 | O47: =ROUND(CP47,2) -> 4653.2 | P47: =ROUND(CQ47*I47,2) -> 4653.2 | Q47: =ROUND(CR47*I47,2) -> 0 | R47: =ROUND(CS47*I47,2) -> 0 | S47: =ROUND(CT47*I47,2) -> 0 | T47: =ROUND(CU47*I47,2) -> 0 | U47: =CV47*I47 -> 0 | V47: =CW47*I47 -> 0 | W47: =ROUND(CX47*I47,2) -> 0 | X47: =ROUND(CY47,2) -> 0 | Y47: =ROUND(CZ47,2) -> 0 | AA47: 16497268 | AB47: =ROUND((AC47+AD47+AF47),6) -> 15.9 | AC47: =ROUND((ES47),6) -> 15.9 | AD47: =ROUND((((ET47)-(EU47))+AE47),6) -> 0 | AE47: =ROUND((EU47),6) -> 0 | AF47: =ROUND((EV47),6) -> 0 | AG47: =ROUND((AP47),6) -> 0 | AH47: =(EW47) -> 0 | AI47: =(EX47) -> 0 | AJ47: =ROUND((AS47),6) -> 0 | AK47: 15.9 | AL47: 15.9 | AM47: 0 | AN47: 0 | AO47: 0 | AP47: 0 | AQ47: 0 | AR47: 0 | AS47: 0 | AT47: 95 | AU47: 47 | AV47: 1 | AW47: 1 | AZ47: 6.57 | BA47: 1 | BB47: 1 | BC47: 6.57 | BH47: 3 | BI47: 1 | BJ47: ФССЦ-2001, 14.1.02.03-0002, приказ Минстроя России №1039/пр от 30.12.2016г. | BM47: 15001 | BN47: 0 | BP47: 0 | BQ47: 2 | BR47: 0 | BS47: 1 | BT47: 1 | BU47: 1 | BV47: 1 | BW47: 1 | BX47: 1 | BZ47: 105 | CA47: 55 | CF47: 0 | CG47: 0 | CM47: 0 | CO47: 0 | CP47: =(P47+Q47+S47) -> 4653.2 | CQ47: =AC47*BC47 -> 104.463 | CR47: =AD47*BB47 -> 0 | CS47: =AE47*BS47 -> 0 | CT47: =AF47*BA47 -> 0 | CU47: =AG47 -> 0 | CV47: =AH47 -> 0 | CW47: =AI47 -> 0 | CX47: =AJ47 -> 0 | CY47: =(((S47+R47)*AT47)/100) -> 0 | CZ47: =(((S47+R47)*AU47)/100) -> 0 | DN47: 0 | DO47: 0 | DP47: 1 | DQ47: 1 | DU47: 1009 | DV47: кг | DW47: кг | DX47: 1 | EE47: 15139126 | EF47: 2 | EG47: Общестроительные работы | EH47: 0 | EJ47: 1 | EK47: 15001 | EL47: Отделочные работы | EM47: ФЕР-15 | EQ47: 0 | ER47: 15.9 | ES47: 15.9 | ET47: 0 | EU47: 0 | EV47: 0 | EW47: 0 | EX47: 0 | FQ47: 0 | FR47: =ROUND(IF(AND(BH47=3,BI47=3),P47,0),2) -> 0 | FS47: 0 | FT47: *0,9 | FU47: *0,85 | FX47: 94.5 | FY47: 46.75 | GD47: 0 | GF47: 1104462431 | GG47: 1 | GH47: 1 | GI47: 4 | GJ47: 0 | GK47: =ROUND(R47*(S12)/100,2) -> 0 | GL47: =ROUND(IF(AND(BH47=3,BI47=3,FS47<>0),P47,0),2) -> 0 | GM47: =ROUND(O47+X47+Y47+GK47,2)+GX47 -> 4653.2 | GN47: =IF(OR(BI47=0,BI47=1),ROUND(O47+X47+Y47+GK47,2),0) -> 4653.2 | GO47: =IF(BI47=2,ROUND(O47+X47+Y47+GK47,2),0) -> 0 | GP47: =IF(BI47=4,ROUND(O47+X47+Y47+GK47,2)+GX47,0) -> 0 | GR47: 0 | GS47: 0 | GT47: 0 | GV47: =ROUND(GT47,6) -> 0 | GW47: 1 | GX47: =ROUND(GV47*GW47*I47,2) -> 0 | HA47: 0 | HB47: 0 | IK47: 0
A48: 18 | B48: 1 | C48: 66 | E48: 5,5 | F48: 14.3.01.01-0001 | G48: Грунтовка: «Бетоконтакт», КНАУФ | H48: кг | I48: =I38*J48 -> 13.215 | J48: 8.9001886 | O48: =ROUND(CP48,2) -> 199.41 | P48: =ROUND(CQ48*I48,2) -> 199.41 | Q48: =ROUND(CR48*I48,2) -> 0 | R48: =ROUND(CS48*I48,2) -> 0 | S48: =ROUND(CT48*I48,2) -> 0 | T48: =ROUND(CU48*I48,2) -> 0 | U48: =CV48*I48 -> 0 | V48: =CW48*I48 -> 0 | W48: =ROUND(CX48*I48,2) -> 0 | X48: =ROUND(CY48,2) -> 0 | Y48: =ROUND(CZ48,2) -> 0 | AA48: 16496956 | AB48: =ROUND((AC48+AD48+AF48),6) -> 15.09 | AC48: =ROUND((ES48),6) -> 15.09 | AD48: =ROUND((((ET48)-(EU48))+AE48),6) -> 0 | AE48: =ROUND((EU48),6) -> 0 | AF48: =ROUND((EV48),6) -> 0 | AG48: =ROUND((AP48),6) -> 0 | AH48: =(EW48) -> 0 | AI48: =(EX48) -> 0 | AJ48: =ROUND((AS48),6) -> 0 | AK48: 15.09 | AL48: 15.09 | AM48: 0 | AN48: 0 | AO48: 0 | AP48: 0 | AQ48: 0 | AR48: 0 | AS48: 0 | AT48: 80 | AU48: 37 | AV48: 1 | AW48: 1 | AZ48: 1 | BA48: 1 | BB48: 1 | BC48: 1 | BH48: 3 | BI48: 1 | BJ48: ФССЦ-2001, 14.3.01.01-0001, приказ Минстроя России №1039/пр от 30.12.2016г. | BM48: 15001 | BN48: 0 | BP48: 0 | BQ48: 2 | BR48: 0 | BS48: 1 | BT48: 1 | BU48: 1 | BV48: 1 | BW48: 1 | BX48: 1 | BZ48: 105 | CA48: 55 | CF48: 0 | CG48: 0 | CM48: 0 | CO48: 0 | CP48: =(P48+Q48+S48) -> 199.41 | CQ48: =AC48*BC48 -> 15.09 | CR48: =AD48*BB48 -> 0 | CS48: =AE48*BS48 -> 0 | CT48: =AF48*BA48 -> 0 | CU48: =AG48 -> 0 | CV48: =AH48 -> 0 | CW48: =AI48 -> 0 | CX48: =AJ48 -> 0 | CY48: =(((S48+R48)*AT48)/100) -> 0 | CZ48: =(((S48+R48)*AU48)/100) -> 0 | DN48: 0 | DO48: 0 | DP48: 1 | DQ48: 1 | DU48: 1009 | DV48: кг | DW48: кг | DX48: 1 | EE48: 15139126 | EF48: 2 | EG48: Общестроительные работы | EH48: 0 | EJ48: 1 | EK48: 15001 | EL48: Отделочные работы | EM48: ФЕР-15 | EQ48: 0 | ER48: 15.09 | ES48: 15.09 | ET48: 0 | EU48: 0 | EV48: 0 | EW48: 0 | EX48: 0 | FQ48: 0 | FR48: =ROUND(IF(AND(BH48=3,BI48=3),P48,0),2) -> 0 | FS48: 0 | FT48: *0,9 | FU48: *0,85 | FV48: *0,85 | FW48: *0,8 | FX48: 94.5 | FY48: 46.75 | GD48: 0 | GF48: 1453462043 | GG48: 2 | GH48: 1 | GI48: -2 | GJ48: 0 | GK48: =ROUND(R48*(R12)/100,2) -> 0 | GL48: =ROUND(IF(AND(BH48=3,BI48=3,FS48<>0),P48,0),2) -> 0 | GM48: =ROUND(O48+X48+Y48+GK48,2)+GX48 -> 199.41 | GN48: =IF(OR(BI48=0,BI48=1),ROUND(O48+X48+Y48+GK48,2),0) -> 199.41 | GO48: =IF(BI48=2,ROUND(O48+X48+Y48+GK48,2),0) -> 0 | GP48: =IF(BI48=4,ROUND(O48+X48+Y48+GK48,2)+GX48,0) -> 0 | GR48: 0 | GS48: 3 | GT48: 0 | GV48: =ROUND(GT48,6) -> 0 | GW48: 1 | GX48: =ROUND(GV48*GW48*I48,2) -> 0 | HA48: 0 | HB48: 0 | IK48: 0
A49: 18 | B49: 1 | C49: 77 | E49: 5,5 | F49: 14.3.01.01-0001 | G49: Грунтовка: «Бетоконтакт», КНАУФ | H49: кг | I49: =I39*J49 -> 13.215 | J49: 8.9001886 | O49: =ROUND(CP49,2) -> 1310.15 | P49: =ROUND(CQ49*I49,2) -> 1310.15 | Q49: =ROUND(CR49*I49,2) -> 0 | R49: =ROUND(CS49*I49,2) -> 0 | S49: =ROUND(CT49*I49,2) -> 0 | T49: =ROUND(CU49*I49,2) -> 0 | U49: =CV49*I49 -> 0 | V49: =CW49*I49 -> 0 | W49: =ROUND(CX49*I49,2) -> 0 | X49: =ROUND(CY49,2) -> 0 | Y49: =ROUND(CZ49,2) -> 0 | AA49: 16497268 | AB49: =ROUND((AC49+AD49+AF49),6) -> 15.09 | AC49: =ROUND((ES49),6) -> 15.09 | AD49: =ROUND((((ET49)-(EU49))+AE49),6) -> 0 | AE49: =ROUND((EU49),6) -> 0 | AF49: =ROUND((EV49),6) -> 0 | AG49: =ROUND((AP49),6) -> 0 | AH49: =(EW49) -> 0 | AI49: =(EX49) -> 0 | AJ49: =ROUND((AS49),6) -> 0 | AK49: 15.09 | AL49: 15.09 | AM49: 0 | AN49: 0 | AO49: 0 | AP49: 0 | AQ49: 0 | AR49: 0 | AS49: 0 | AT49: 95 | AU49: 47 | AV49: 1 | AW49: 1 | AZ49: 6.57 | BA49: 1 | BB49: 1 | BC49: 6.57 | BH49: 3 | BI49: 1 | BJ49: ФССЦ-2001, 14.3.01.01-0001, приказ Минстроя России №1039/пр от 30.12.2016г. | BM49: 15001 | BN49: 0 | BP49: 0 | BQ49: 2 | BR49: 0 | BS49: 1 | BT49: 1 | BU49: 1 | BV49: 1 | BW49: 1 | BX49: 1 | BZ49: 105 | CA49: 55 | CF49: 0 | CG49: 0 | CM49: 0 | CO49: 0 | CP49: =(P49+Q49+S49) -> 1310.15 | CQ49: =AC49*BC49 -> 99.1413 | CR49: =AD49*BB49 -> 0 | CS49: =AE49*BS49 -> 0 | CT49: =AF49*BA49 -> 0 | CU49: =AG49 -> 0 | CV49: =AH49 -> 0 | CW49: =AI49 -> 0 | CX49: =AJ49 -> 0 | CY49: =(((S49+R49)*AT49)/100) -> 0 | CZ49: =(((S49+R49)*AU49)/100) -> 0 | DN49: 0 | DO49: 0 | DP49: 1 | DQ49: 1 | DU49: 1009 | DV49: кг | DW49: кг | DX49: 1 | EE49: 15139126 | EF49: 2 | EG49: Общестроительные работы | EH49: 0 | EJ49: 1 | EK49: 15001 | EL49: Отделочные работы | EM49: ФЕР-15 | EQ49: 0 | ER49: 15.09 | ES49: 15.09 | ET49: 0 | EU49: 0 | EV49: 0 | EW49: 0 | EX49: 0 | FQ49: 0 | FR49: =ROUND(IF(AND(BH49=3,BI49=3),P49,0),2) -> 0 | FS49: 0 | FT49: *0,9 | FU49: *0,85 | FX49: 94.5 | FY49: 46.75 | GD49: 0 | GF49: 1453462043 | GG49: 1 | GH49: 1 | GI49: 4 | GJ49: 0 | GK49: =ROUND(R49*(S12)/100,2) -> 0 | GL49: =ROUND(IF(AND(BH49=3,BI49=3,FS49<>0),P49,0),2) -> 0 | GM49: =ROUND(O49+X49+Y49+GK49,2)+GX49 -> 1310.15 | GN49: =IF(OR(BI49=0,BI49=1),ROUND(O49+X49+Y49+GK49,2),0) -> 1310.15 | GO49: =IF(BI49=2,ROUND(O49+X49+Y49+GK49,2),0) -> 0 | GP49: =IF(BI49=4,ROUND(O49+X49+Y49+GK49,2)+GX49,0) -> 0 | GR49: 0 | GS49: 0 | GT49: 0 | GV49: =ROUND(GT49,6) -> 0 | GW49: 1 | GX49: =ROUND(GV49*GW49*I49,2) -> 0 | HA49: 0 | HB49: 0 | IK49: 0
A50: 18 | B50: 1 | C50: 67 | E50: 5,6 | F50: 14.4.01.21 | G50: Грунтовка | H50: т | I50: =I38*J50 -> 0.013215 | J50: 0.0089001886 | O50: =ROUND(CP50,2) -> 0 | P50: =ROUND(CQ50*I50,2) -> 0 | Q50: =ROUND(CR50*I50,2) -> 0 | R50: =ROUND(CS50*I50,2) -> 0 | S50: =ROUND(CT50*I50,2) -> 0 | T50: =ROUND(CU50*I50,2) -> 0 | U50: =CV50*I50 -> 0 | V50: =CW50*I50 -> 0 | W50: =ROUND(CX50*I50,2) -> 0 | X50: =ROUND(CY50,2) -> 0 | Y50: =ROUND(CZ50,2) -> 0 | AA50: 16496956 | AB50: =ROUND((AC50+AD50+AF50),6) -> 0 | AC50: =ROUND((ES50),6) -> 0 | AD50: =ROUND((((ET50)-(EU50))+AE50),6) -> 0 | AE50: =ROUND((EU50),6) -> 0 | AF50: =ROUND((EV50),6) -> 0 | AG50: =ROUND((AP50),6) -> 0 | AH50: =(EW50) -> 0 | AI50: =(EX50) -> 0 | AJ50: =ROUND((AS50),6) -> 0 | AK50: 0 | AL50: 0 | AM50: 0 | AN50: 0 | AO50: 0 | AP50: 0 | AQ50: 0 | AR50: 0 | AS50: 0 | AT50: 80 | AU50: 37 | AV50: 1 | AW50: 1 | AZ50: 1 | BA50: 1 | BB50: 1 | BC50: 1 | BH50: 3 | BI50: 1 | BM50: 15001 | BN50: 0 | BP50: 0 | BQ50: 2 | BR50: 0 | BS50: 1 | BT50: 1 | BU50: 1 | BV50: 1 | BW50: 1 | BX50: 1 | BZ50: 105 | CA50: 55 | CF50: 0 | CG50: 0 | CM50: 0 | CO50: 0 | CP50: =(P50+Q50+S50) -> 0 | CQ50: =AC50*BC50 -> 0 | CR50: =AD50*BB50 -> 0 | CS50: =AE50*BS50 -> 0 | CT50: =AF50*BA50 -> 0 | CU50: =AG50 -> 0 | CV50: =AH50 -> 0 | CW50: =AI50 -> 0 | CX50: =AJ50 -> 0 | CY50: =(((S50+R50)*AT50)/100) -> 0 | CZ50: =(((S50+R50)*AU50)/100) -> 0 | DN50: 0 | DO50: 0 | DP50: 1 | DQ50: 1 | DU50: 1009 | DV50: т | DW50: т | DX50: 1000 | EE50: 15139126 | EF50: 2 | EG50: Общестроительные работы | EH50: 0 | EJ50: 1 | EK50: 15001 | EL50: Отделочные работы | EM50: ФЕР-15 | EQ50: 0 | ER50: 0 | ES50: 0 | ET50: 0 | EU50: 0 | EV50: 0 | EW50: 0 | EX50: 0 | FQ50: 0 | FR50: =ROUND(IF(AND(BH50=3,BI50=3),P50,0),2) -> 0 | FS50: 0 | FT50: *0,9 | FU50: *0,85 | FV50: *0,85 | FW50: *0,8 | FX50: 94.5 | FY50: 46.75 | GD50: 0 | GF50: -1212923053 | GG50: 2 | GH50: 1 | GI50: -2 | GJ50: 0 | GK50: =ROUND(R50*(R12)/100,2) -> 0 | GL50: =ROUND(IF(AND(BH50=3,BI50=3,FS50<>0),P50,0),2) -> 0 | GM50: =ROUND(O50+X50+Y50+GK50,2)+GX50 -> 0 | GN50: =IF(OR(BI50=0,BI50=1),ROUND(O50+X50+Y50+GK50,2),0) -> 0 | GO50: =IF(BI50=2,ROUND(O50+X50+Y50+GK50,2),0) -> 0 | GP50: =IF(BI50=4,ROUND(O50+X50+Y50+GK50,2)+GX50,0) -> 0 | GR50: 0 | GS50: 3 | GT50: 0 | GV50: =ROUND(GT50,6) -> 0 | GW50: 1 | GX50: =ROUND(GV50*GW50*I50,2) -> 0 | HA50: 0 | HB50: 0 | IK50: 0
A51: 18 | B51: 1 | C51: 78 | E51: 5,6 | F51: 14.4.01.21 | G51: Грунтовка | H51: т | I51: =I39*J51 -> 0.013215 | J51: 0.0089001886 | O51: =ROUND(CP51,2) -> 0 | P51: =ROUND(CQ51*I51,2) -> 0 | Q51: =ROUND(CR51*I51,2) -> 0 | R51: =ROUND(CS51*I51,2) -> 0 | S51: =ROUND(CT51*I51,2) -> 0 | T51: =ROUND(CU51*I51,2) -> 0 | U51: =CV51*I51 -> 0 | V51: =CW51*I51 -> 0 | W51: =ROUND(CX51*I51,2) -> 0 | X51: =ROUND(CY51,2) -> 0 | Y51: =ROUND(CZ51,2) -> 0 | AA51: 16497268 | AB51: =ROUND((AC51+AD51+AF51),6) -> 0 | AC51: =ROUND((ES51),6) -> 0 | AD51: =ROUND((((ET51)-(EU51))+AE51),6) -> 0 | AE51: =ROUND((EU51),6) -> 0 | AF51: =ROUND((EV51),6) -> 0 | AG51: =ROUND((AP51),6) -> 0 | AH51: =(EW51) -> 0 | AI51: =(EX51) -> 0 | AJ51: =ROUND((AS51),6) -> 0 | AK51: 0 | AL51: 0 | AM51: 0 | AN51: 0 | AO51: 0 | AP51: 0 | AQ51: 0 | AR51: 0 | AS51: 0 | AT51: 95 | AU51: 47 | AV51: 1 | AW51: 1 | AZ51: 6.57 | BA51: 1 | BB51: 1 | BC51: 6.57 | BH51: 3 | BI51: 1 | BM51: 15001 | BN51: 0 | BP51: 0 | BQ51: 2 | BR51: 0 | BS51: 1 | BT51: 1 | BU51: 1 | BV51: 1 | BW51: 1 | BX51: 1 | BZ51: 105 | CA51: 55 | CF51: 0 | CG51: 0 | CM51: 0 | CO51: 0 | CP51: =(P51+Q51+S51) -> 0 | CQ51: =AC51*BC51 -> 0 | CR51: =AD51*BB51 -> 0 | CS51: =AE51*BS51 -> 0 | CT51: =AF51*BA51 -> 0 | CU51: =AG51 -> 0 | CV51: =AH51 -> 0 | CW51: =AI51 -> 0 | CX51: =AJ51 -> 0 | CY51: =(((S51+R51)*AT51)/100) -> 0 | CZ51: =(((S51+R51)*AU51)/100) -> 0 | DN51: 0 | DO51: 0 | DP51: 1 | DQ51: 1 | DU51: 1009 | DV51: т | DW51: т | DX51: 1000 | EE51: 15139126 | EF51: 2 | EG51: Общестроительные работы | EH51: 0 | EJ51: 1 | EK51: 15001 | EL51: Отделочные работы | EM51: ФЕР-15 | EQ51: 0 | ER51: 0 | ES51: 0 | ET51: 0 | EU51: 0 | EV51: 0 | EW51: 0 | EX51: 0 | FQ51: 0 | FR51: =ROUND(IF(AND(BH51=3,BI51=3),P51,0),2) -> 0 | FS51: 0 | FT51: *0,9 | FU51: *0,85 | FX51: 94.5 | FY51: 46.75 | GD51: 0 | GF51: -1212923053 | GG51: 1 | GH51: 1 | GI51: 4 | GJ51: 0 | GK51: =ROUND(R51*(S12)/100,2) -> 0 | GL51: =ROUND(IF(AND(BH51=3,BI51=3,FS51<>0),P51,0),2) -> 0 | GM51: =ROUND(O51+X51+Y51+GK51,2)+GX51 -> 0 | GN51: =IF(OR(BI51=0,BI51=1),ROUND(O51+X51+Y51+GK51,2),0) -> 0 | GO51: =IF(BI51=2,ROUND(O51+X51+Y51+GK51,2),0) -> 0 | GP51: =IF(BI51=4,ROUND(O51+X51+Y51+GK51,2)+GX51,0) -> 0 | GR51: 0 | GS51: 0 | GT51: 0 | GV51: =ROUND(GT51,6) -> 0 | GW51: 1 | GX51: =ROUND(GV51*GW51*I51,2) -> 0 | HA51: 0 | HB51: 0 | IK51: 0
A52: 17 | B52: 1 | E52: 6 | F52: т01-01-01-041 | G52: Погрузочные работы при автомобильных перевозках мусора строительного с погрузкой вручную | H52: 1 Т ГРУЗА | I52: 1.5 | J52: 0 | O52: =0 -> 0 | P52: =0 -> 0 | Q52: =0 -> 0 | R52: =0 -> 0 | S52: =0 -> 0 | T52: =0 -> 0 | U52: =0 -> 0 | V52: =0 -> 0 | ... Y52: =0 -> 0 | AA52: 16496956 | AB52: =ROUND((AK52),6) -> 42.98 | AC52: =0 -> 0 | AD52: =0 -> 0 | AE52: =0 -> 0 | AF52: =0 -> 0 | AG52: =0 -> 0 | AH52: =0 -> 0 | AI52: =0 -> 0 | AJ52: =0 -> 0 | AK52: 42.98 | AL52: 0 | AM52: 0 | AN52: 0 | AO52: 0 | AP52: 0 | AQ52: 0 | AR52: 0 | AS52: 0 | AT52: 0 | AU52: 0 | AV52: 1 | AW52: 1 | AZ52: 1 | BA52: 1 | BB52: 1 | BC52: 1 | BH52: 0 | BI52: 1 | BJ52: ФССЦпг-2001, т01-01-01-041, приказ Минстроя России №1039/пр от 30.12.2016г. | BM52: 700004 | BN52: 0 | BP52: 0 | BQ52: 19 | BR52: 0 | BS52: 1 | BT52: 1 | BU52: 1 | BV52: 1 | BW52: 1 | BX52: 1 | BZ52: 0 | CA52: 0 | CF52: 0 | CG52: 0 | CM52: 0 | CO52: 0 | CP52: =AB52*AZ52 -> 42.98 | CQ52: 0 | CR52: 0 | CS52: 0 | CT52: 0 | CU52: 0 | CV52: 0 | CW52: 0 | CX52: 0 | CY52: 0 | CZ52: 0 | DN52: 0 | DO52: 0 | DP52: 1 | DQ52: 1 | DU52: 1013 | DV52: 1 Т ГРУЗА | DW52: 1 Т ГРУЗА | DX52: 1 | EE52: 15139288 | EF52: 19 | EG52: Погрузочно-разгрузочные работы | EH52: 0 | EJ52: 1 | EK52: 700004 | EL52: Перевозка грузов , (ФССЦпр 2011-изм. № 4-6, раздел 1): погрузочно-разгрузочные работы (НР и СП в прям. затратах ) | EM52: ФССЦпр пог. а/п (2011,изм. 4-6) | EQ52: 0 | ER52: 0 | ES52: 0 | ET52: 0 | EU52: 0 | EV52: 0 | EW52: 0 | EX52: 0 | EY52: 0 | FQ52: 0 | FR52: =ROUND(IF(AND(BH52=3,BI52=3),P52,0),2) -> 0 | FS52: 0 | FX52: 0 | FY52: 0 | GD52: 0 | GF52: 811861299 | GG52: 2 | GH52: 1 | GI52: -2 | GJ52: 2 | GK52: =ROUND(R52*(R12)/100,2) -> 0 | GL52: =ROUND(IF(AND(BH52=3,BI52=3,FS52<>0),P52,0),2) -> 0 | GM52: =ROUND(CP52*I52,2) -> 64.47 | GN52: =IF(OR(BI52=0,BI52=1),ROUND(CP52*I52,2),0) -> 64.47 | GO52: =IF(BI52=2,ROUND(CP52*I52,2),0) -> 0 | GP52: =IF(BI52=4,ROUND(CP52*I52,2)+GX52,0) -> 0 | GR52: 0 | GS52: 3 | GV52: =0 -> 0 | GW52: 1 | GX52: =ROUND(GV52*GW52*I52,2) -> 0 | GY52: 0 | GZ52: 0 | HA52: 0 | HB52: 0 | IK52: 0
A53: 17 | B53: 1 | E53: 6 | F53: т01-01-01-041 | G53: Погрузочные работы при автомобильных перевозках мусора строительного с погрузкой вручную | H53: 1 Т ГРУЗА | I53: 1.5 | J53: 0 | O53: =0 -> 0 | P53: =0 -> 0 | Q53: =0 -> 0 | R53: =0 -> 0 | S53: =0 -> 0 | T53: =0 -> 0 | U53: =0 -> 0 | V53: =0 -> 0 | ... Y53: =0 -> 0 | AA53: 16497268 | AB53: =ROUND((AK53),6) -> 42.98 | AC53: =0 -> 0 | AD53: =0 -> 0 | AE53: =0 -> 0 | AF53: =0 -> 0 | AG53: =0 -> 0 | AH53: =0 -> 0 | AI53: =0 -> 0 | AJ53: =0 -> 0 | AK53: 42.98 | AL53: 0 | AM53: 0 | AN53: 0 | AO53: 0 | AP53: 0 | AQ53: 0 | AR53: 0 | AS53: 0 | AT53: 0 | AU53: 0 | AV53: 1 | AW53: 1 | AZ53: 6.57 | BA53: 1 | BB53: 1 | BC53: 1 | BH53: 0 | BI53: 1 | BJ53: ФССЦпг-2001, т01-01-01-041, приказ Минстроя России №1039/пр от 30.12.2016г. | BM53: 700004 | BN53: 0 | BP53: 0 | BQ53: 19 | BR53: 0 | BS53: 1 | BT53: 1 | BU53: 1 | BV53: 1 | BW53: 1 | BX53: 1 | BZ53: 0 | CA53: 0 | CF53: 0 | CG53: 0 | CM53: 0 | CO53: 0 | CP53: =AB53*AZ53 -> 282.3786 | CQ53: 0 | CR53: 0 | CS53: 0 | CT53: 0 | CU53: 0 | CV53: 0 | CW53: 0 | CX53: 0 | CY53: 0 | CZ53: 0 | DN53: 0 | DO53: 0 | DP53: 1 | DQ53: 1 | DU53: 1013 | DV53: 1 Т ГРУЗА | DW53: 1 Т ГРУЗА | DX53: 1 | EE53: 15139288 | EF53: 19 | EG53: Погрузочно-разгрузочные работы | EH53: 0 | EJ53: 1 | EK53: 700004 | EL53: Перевозка грузов , (ФССЦпр 2011-изм. № 4-6, раздел 1): погрузочно-разгрузочные работы (НР и СП в прям. затратах ) | EM53: ФССЦпр пог. а/п (2011,изм. 4-6) | EQ53: 0 | ER53: 0 | ES53: 0 | ET53: 0 | EU53: 0 | EV53: 0 | EW53: 0 | EX53: 0 | EY53: 0 | FQ53: 0 | FR53: =ROUND(IF(AND(BH53=3,BI53=3),P53,0),2) -> 0 | FS53: 0 | FX53: 0 | FY53: 0 | GD53: 0 | GF53: 811861299 | GG53: 1 | GH53: 1 | GI53: 4 | GJ53: 2 | GK53: =ROUND(R53*(S12)/100,2) -> 0 | GL53: =ROUND(IF(AND(BH53=3,BI53=3,FS53<>0),P53,0),2) -> 0 | GM53: =ROUND(CP53*I53,2) -> 423.57 | GN53: =IF(OR(BI53=0,BI53=1),ROUND(CP53*I53,2),0) -> 423.57 | GO53: =IF(BI53=2,ROUND(CP53*I53,2),0) -> 0 | GP53: =IF(BI53=4,ROUND(CP53*I53,2)+GX53,0) -> 0 | GR53: 0 | GS53: 0 | GV53: =0 -> 0 | GW53: 1 | GX53: =ROUND(GV53*GW53*I53,2) -> 0 | GY53: 0 | GZ53: 0 | HA53: 0 | HB53: 0 | IK53: 0
A54: 17 | B54: 1 | E54: 7 | F54: т03-21-01-015 | G54: Перевозка грузов I класса автомобилями-самосвалами грузоподъемностью 10 т работающих вне карьера на расстояние до 15 км | H54: 1 Т ГРУЗА | I54: 1.5 | J54: 0 | O54: =0 -> 0 | P54: =0 -> 0 | Q54: =0 -> 0 | R54: =0 -> 0 | S54: =0 -> 0 | T54: =0 -> 0 | U54: =0 -> 0 | V54: =0 -> 0 | ... Y54: =0 -> 0 | AA54: 16496956 | AB54: =ROUND((AK54),6) -> 13.38 | AC54: =0 -> 0 | AD54: =0 -> 0 | AE54: =0 -> 0 | AF54: =0 -> 0 | AG54: =0 -> 0 | AH54: =0 -> 0 | AI54: =0 -> 0 | AJ54: =0 -> 0 | AK54: 13.38 | AL54: 0 | AM54: 0 | AN54: 0 | AO54: 0 | AP54: 0 | AQ54: 0 | AR54: 0 | AS54: 0 | AT54: 0 | AU54: 0 | AV54: 1 | AW54: 1 | AZ54: 1 | BA54: 1 | BB54: 1 | BC54: 1 | BH54: 0 | BI54: 1 | BJ54: ФССЦпг-2001, т03-21-01-015, приказ Минстроя России №1039/пр от 30.12.2016г. | BM54: 700005 | BN54: 0 | BP54: 0 | BQ54: 10 | BR54: 0 | BS54: 1 | BT54: 1 | BU54: 1 | BV54: 1 | BW54: 1 | BX54: 1 | BZ54: 0 | CA54: 0 | CF54: 0 | CG54: 0 | CM54: 0 | CO54: 0 | CP54: =AB54*AZ54 -> 13.38 | CQ54: 0 | CR54: 0 | CS54: 0 | CT54: 0 | CU54: 0 | CV54: 0 | CW54: 0 | CX54: 0 | CY54: 0 | CZ54: 0 | DN54: 0 | DO54: 0 | DP54: 1 | DQ54: 1 | DU54: 1013 | DV54: 1 Т ГРУЗА | DW54: 1 Т ГРУЗА | DX54: 1 | EE54: 15139292 | EF54: 10 | EG54: Перевозка грузов авто/транспортом | EH54: 0 | EJ54: 1 | EK54: 700005 | EL54: Перевозкуа грузов (ФССЦпр-2011 - изм. 7, разделы 1-4) - по сметной стоимости | EM54: ФССЦпр , изм. 7 | EQ54: 0 | ER54: 0 | ES54: 0 | ET54: 0 | EU54: 0 | EV54: 0 | EW54: 0 | EX54: 0 | EY54: 0 | FQ54: 0 | FR54: =ROUND(IF(AND(BH54=3,BI54=3),P54,0),2) -> 0 | FS54: 0 | FX54: 0 | FY54: 0 | GD54: 0 | GF54: 57370386 | GG54: 2 | GH54: 1 | GI54: -2 | GJ54: 2 | GK54: =ROUND(R54*(R12)/100,2) -> 0 | GL54: =ROUND(IF(AND(BH54=3,BI54=3,FS54<>0),P54,0),2) -> 0 | GM54: =ROUND(CP54*I54,2) -> 20.07 | GN54: =IF(OR(BI54=0,BI54=1),ROUND(CP54*I54,2),0) -> 20.07 | GO54: =IF(BI54=2,ROUND(CP54*I54,2),0) -> 0 | GP54: =IF(BI54=4,ROUND(CP54*I54,2)+GX54,0) -> 0 | GR54: 0 | GS54: 3 | GV54: =0 -> 0 | GW54: 1 | GX54: =ROUND(GV54*GW54*I54,2) -> 0 | GY54: 0 | GZ54: 0 | HA54: 0 | HB54: 0 | IK54: 0
A55: 17 | B55: 1 | E55: 7 | F55: т03-21-01-015 | G55: Перевозка грузов I класса автомобилями-самосвалами грузоподъемностью 10 т работающих вне карьера на расстояние до 15 км | H55: 1 Т ГРУЗА | I55: 1.5 | J55: 0 | O55: =0 -> 0 | P55: =0 -> 0 | Q55: =0 -> 0 | R55: =0 -> 0 | S55: =0 -> 0 | T55: =0 -> 0 | U55: =0 -> 0 | V55: =0 -> 0 | ... Y55: =0 -> 0 | AA55: 16497268 | AB55: =ROUND((AK55),6) -> 13.38 | AC55: =0 -> 0 | AD55: =0 -> 0 | AE55: =0 -> 0 | AF55: =0 -> 0 | AG55: =0 -> 0 | AH55: =0 -> 0 | AI55: =0 -> 0 | AJ55: =0 -> 0 | AK55: 13.38 | AL55: 0 | AM55: 0 | AN55: 0 | AO55: 0 | AP55: 0 | AQ55: 0 | AR55: 0 | AS55: 0 | AT55: 0 | AU55: 0 | AV55: 1 | AW55: 1 | AZ55: 6.57 | BA55: 1 | BB55: 1 | BC55: 1 | BH55: 0 | BI55: 1 | BJ55: ФССЦпг-2001, т03-21-01-015, приказ Минстроя России №1039/пр от 30.12.2016г. | BM55: 700005 | BN55: 0 | BP55: 0 | BQ55: 10 | BR55: 0 | BS55: 1 | BT55: 1 | BU55: 1 | BV55: 1 | BW55: 1 | BX55: 1 | BZ55: 0 | CA55: 0 | CF55: 0 | CG55: 0 | CM55: 0 | CO55: 0 | CP55: =AB55*AZ55 -> 87.9066 | CQ55: 0 | CR55: 0 | CS55: 0 | CT55: 0 | CU55: 0 | CV55: 0 | CW55: 0 | CX55: 0 | CY55: 0 | CZ55: 0 | DN55: 0 | DO55: 0 | DP55: 1 | DQ55: 1 | DU55: 1013 | DV55: 1 Т ГРУЗА | DW55: 1 Т ГРУЗА | DX55: 1 | EE55: 15139292 | EF55: 10 | EG55: Перевозка грузов авто/транспортом | EH55: 0 | EJ55: 1 | EK55: 700005 | EL55: Перевозкуа грузов (ФССЦпр-2011 - изм. 7, разделы 1-4) - по сметной стоимости | EM55: ФССЦпр , изм. 7 | EQ55: 0 | ER55: 0 | ES55: 0 | ET55: 0 | EU55: 0 | EV55: 0 | EW55: 0 | EX55: 0 | EY55: 0 | FQ55: 0 | FR55: =ROUND(IF(AND(BH55=3,BI55=3),P55,0),2) -> 0 | FS55: 0 | FX55: 0 | FY55: 0 | GD55: 0 | GF55: 57370386 | GG55: 1 | GH55: 1 | GI55: 4 | GJ55: 2 | GK55: =ROUND(R55*(S12)/100,2) -> 0 | GL55: =ROUND(IF(AND(BH55=3,BI55=3,FS55<>0),P55,0),2) -> 0 | GM55: =ROUND(CP55*I55,2) -> 131.86 | GN55: =IF(OR(BI55=0,BI55=1),ROUND(CP55*I55,2),0) -> 131.86 | GO55: =IF(BI55=2,ROUND(CP55*I55,2),0) -> 0 | GP55: =IF(BI55=4,ROUND(CP55*I55,2)+GX55,0) -> 0 | GR55: 0 | GS55: 0 | GV55: =0 -> 0 | GW55: 1 | GX55: =ROUND(GV55*GW55*I55,2) -> 0 | GY55: 0 | GZ55: 0 | HA55: 0 | HB55: 0 | IK55: 0
A57: 51 | B57: =B20 -> 1 | C57: =A20 -> 3 | D57: =ROW(A20) -> 20 | F57: =IF(F20<>"",F20,"") -> Новая локальная смета | G57: =IF(G20<>"",G20,"") -> Новая локальная смета | H57: 0 | O57: =ROUND(AB57,2) -> 508165.03 | P57: =ROUND(AC57,2) -> 499848.97 | Q57: =ROUND(AD57,2) -> 884.6 | R57: =ROUND(AE57,2) -> 266.58 | S57: =ROUND(AF57,2) -> 7431.46 | T57: =ROUND(AG57,2) -> 0 | U57: =AH57 -> 862.14202 | V57: =AI57 -> 20.7152 | W57: =ROUND(AJ57,2) -> 0 | X57: =ROUND(AK57,2) -> 6467.1 | Y57: =ROUND(AL57,2) -> 3340.58 | AB57: =ROUND(SUMIF(AA24:AA55,"=16496956",O24:O55),2) -> 508165.03 | AC57: =ROUND(SUMIF(AA24:AA55,"=16496956",P24:P55),2) -> 499848.97 | AD57: =ROUND(SUMIF(AA24:AA55,"=16496956",Q24:Q55),2) -> 884.6 | AE57: =ROUND(SUMIF(AA24:AA55,"=16496956",R24:R55),2) -> 266.58 | AF57: =ROUND(SUMIF(AA24:AA55,"=16496956",S24:S55),2) -> 7431.46 | AG57: =ROUND(SUMIF(AA24:AA55,"=16496956",T24:T55),2) -> 0 | AH57: =SUMIF(AA24:AA55,"=16496956",U24:U55) -> 862.14202 | AI57: =SUMIF(AA24:AA55,"=16496956",V24:V55) -> 20.7152 | AJ57: =ROUND(SUMIF(AA24:AA55,"=16496956",W24:W55),2) -> 0 | AK57: =ROUND(SUMIF(AA24:AA55,"=16496956",X24:X55),2) -> 6467.1 | AL57: =ROUND(SUMIF(AA24:AA55,"=16496956",Y24:Y55),2) -> 3340.58 | AO57: =ROUND(BX57,2) -> 0 | AP57: =ROUND(BY57,2) -> 0 | AQ57: =ROUND(BZ57,2) -> 0 | AR57: =ROUND(CA57,2) -> 518057.25 | AS57: =ROUND(CB57,2) -> 518057.25 | AT57: =ROUND(CC57,2) -> 0 | AU57: =ROUND(CD57,2) -> 0 | AV57: =ROUND(CE57,2) -> 499848.97 | ... BC57: =ROUND(CL57,2) -> 0 | BX57: =ROUND(SUMIF(AA24:AA55,"=16496956",FQ24:FQ55),2) -> 0 | BY57: =ROUND(SUMIF(AA24:AA55,"=16496956",FR24:FR55),2) -> 0 | BZ57: =ROUND(SUMIF(AA24:AA55,"=16496956",GL24:GL55),2) -> 0 | CA57: =ROUND(SUMIF(AA24:AA55,"=16496956",GM24:GM55),2) -> 518057.25 | CB57: =ROUND(SUMIF(AA24:AA55,"=16496956",GN24:GN55),2) -> 518057.25 | CC57: =ROUND(SUMIF(AA24:AA55,"=16496956",GO24:GO55),2) -> 0 | CD57: =ROUND(SUMIF(AA24:AA55,"=16496956",GP24:GP55),2) -> 0 | CE57: =AC57-BX57 -> 499848.97 | CF57: =AC57-BY57 -> 499848.97 | CG57: =BX57-BZ57 -> 0 | CH57: =AC57-BX57-BY57+BZ57 -> 499848.97 | CI57: =BY57-BZ57 -> 0 | CJ57: =ROUND(SUMIF(AA24:AA55,"=16496956",GX24:GX55),2) -> 0 | CK57: =ROUND(SUMIF(AA24:AA55,"=16496956",GY24:GY55),2) -> 0 | CL57: =ROUND(SUMIF(AA24:AA55,"=16496956",GZ24:GZ55),2) -> 0 | DG57: =ROUND(DT57,2) -> 897756.12 | DH57: =ROUND(DU57,2) -> 843119.63 | DI57: =ROUND(DV57,2) -> 5811.8 | DJ57: =ROUND(DW57,2) -> 1751.44 | DK57: =ROUND(DX57,2) -> 48824.69 | DL57: =ROUND(DY57,2) -> 0 | DM57: =DZ57 -> 862.14202 | DN57: =EA57 -> 20.7152 | DO57: =ROUND(EB57,2) -> 0 | DP57: =ROUND(EC57,2) -> 50154.19 | DQ57: =ROUND(ED57,2) -> 27586.2 | DT57: =ROUND(SUMIF(AA24:AA55,"=16497268",O24:O55),2) -> 897756.12 | DU57: =ROUND(SUMIF(AA24:AA55,"=16497268",P24:P55),2) -> 843119.63 | DV57: =ROUND(SUMIF(AA24:AA55,"=16497268",Q24:Q55),2) -> 5811.8 | DW57: =ROUND(SUMIF(AA24:AA55,"=16497268",R24:R55),2) -> 1751.44 | DX57: =ROUND(SUMIF(AA24:AA55,"=16497268",S24:S55),2) -> 48824.69 | DY57: =ROUND(SUMIF(AA24:AA55,"=16497268",T24:T55),2) -> 0 | DZ57: =SUMIF(AA24:AA55,"=16497268",U24:U55) -> 862.14202 | EA57: =SUMIF(AA24:AA55,"=16497268",V24:V55) -> 20.7152 | EB57: =ROUND(SUMIF(AA24:AA55,"=16497268",W24:W55),2) -> 0 | EC57: =ROUND(SUMIF(AA24:AA55,"=16497268",X24:X55),2) -> 50154.19 | ED57: =ROUND(SUMIF(AA24:AA55,"=16497268",Y24:Y55),2) -> 27586.2 | EG57: =ROUND(FP57,2) -> 0 | EH57: =ROUND(FQ57,2) -> 0 | EI57: =ROUND(FR57,2) -> 0 | EJ57: =ROUND(FS57,2) -> 976051.94 | EK57: =ROUND(FT57,2) -> 976051.94 | EL57: =ROUND(FU57,2) -> 0 | EM57: =ROUND(FV57,2) -> 0 | EN57: =ROUND(FW57,2) -> 843119.63 | ... EU57: =ROUND(GD57,2) -> 0 | FP57: =ROUND(SUMIF(AA24:AA55,"=16497268",FQ24:FQ55),2) -> 0 | FQ57: =ROUND(SUMIF(AA24:AA55,"=16497268",FR24:FR55),2) -> 0 | FR57: =ROUND(SUMIF(AA24:AA55,"=16497268",GL24:GL55),2) -> 0 | FS57: =ROUND(SUMIF(AA24:AA55,"=16497268",GM24:GM55),2) -> 976051.94 | FT57: =ROUND(SUMIF(AA24:AA55,"=16497268",GN24:GN55),2) -> 976051.94 | FU57: =ROUND(SUMIF(AA24:AA55,"=16497268",GO24:GO55),2) -> 0 | FV57: =ROUND(SUMIF(AA24:AA55,"=16497268",GP24:GP55),2) -> 0 | FW57: =DU57-FP57 -> 843119.63 | FX57: =DU57-FQ57 -> 843119.63 | FY57: =FP57-FR57 -> 0 | FZ57: =DU57-FP57-FQ57+FR57 -> 843119.63 | GA57: =FQ57-FR57 -> 0 | GB57: =ROUND(SUMIF(AA24:AA55,"=16497268",GX24:GX55),2) -> 0 | GC57: =ROUND(SUMIF(AA24:AA55,"=16497268",GY24:GY55),2) -> 0 | GD57: =ROUND(SUMIF(AA24:AA55,"=16497268",GZ24:GZ55),2) -> 0 | GX57: 0
A59: 50 | B59: 0 | C59: 0 | D59: 1 | E59: 201 | F59: =ROUND(Source!O57,O59) -> 508165.03 | G59: ПЗ | H59: Прямые затраты | K59: 201 | L59: 1 | M59: 3 | O59: 2 | P59: =ROUND(Source!DG57,O59) -> 897756.12
A60: 50 | B60: 0 | C60: 0 | D60: 1 | E60: 202 | F60: =ROUND(Source!P57,O60) -> 499848.97 | G60: СтМатОб | H60: Стоимость материальных ресурсов (всего) | K60: 202 | L60: 2 | M60: 3 | O60: 2 | P60: =ROUND(Source!DH57,O60) -> 843119.63
A61: 50 | B61: 0 | C61: 0 | D61: 1 | E61: 222 | F61: =ROUND(Source!AO57,O61) -> 0 | G61: СтМатОбЗак | H61: Стоимость материалов и оборудования заказчика | K61: 222 | L61: 3 | M61: 3 | O61: 2 | P61: =ROUND(Source!EG57,O61) -> 0
A62: 50 | B62: 0 | C62: 0 | D62: 1 | E62: 225 | F62: =ROUND(Source!AV57,O62) -> 499848.97 | G62: СтМатОбПод | H62: Стоимость материалов и оборудования подрядчика | K62: 225 | L62: 4 | M62: 3 | O62: 2 | P62: =ROUND(Source!EN57,O62) -> 843119.63
A63: 50 | B63: 0 | C63: 0 | D63: 1 | E63: 226 | F63: =ROUND(Source!AW57,O63) -> 499848.97 | G63: СтМат | H63: Стоимость материалов (всего) | K63: 226 | L63: 5 | M63: 3 | O63: 2 | P63: =ROUND(Source!EO57,O63) -> 843119.63
A64: 50 | B64: 0 | C64: 0 | D64: 1 | E64: 227 | F64: =ROUND(Source!AX57,O64) -> 0 | G64: СтМатЗак | H64: Стоимость материалов заказчика | K64: 227 | L64: 6 | M64: 3 | O64: 2 | P64: =ROUND(Source!EP57,O64) -> 0
A65: 50 | B65: 0 | C65: 0 | D65: 1 | E65: 228 | F65: =ROUND(Source!AY57,O65) -> 499848.97 | G65: СтМатПод | H65: Стоимость материалов подрядчика | K65: 228 | L65: 7 | M65: 3 | O65: 2 | P65: =ROUND(Source!EQ57,O65) -> 843119.63
A66: 50 | B66: 0 | C66: 0 | D66: 1 | E66: 216 | F66: =ROUND(Source!AP57,O66) -> 0 | G66: Оборуд | H66: Стоимость оборудования (всего) | K66: 216 | L66: 8 | M66: 3 | O66: 2 | P66: =ROUND(Source!EH57,O66) -> 0
A67: 50 | B67: 0 | C67: 0 | D67: 1 | E67: 223 | F67: =ROUND(Source!AQ57,O67) -> 0 | G67: ОборудЗак | H67: Стоимость оборудования заказчика | K67: 223 | L67: 9 | M67: 3 | O67: 2 | P67: =ROUND(Source!EI57,O67) -> 0
A68: 50 | B68: 0 | C68: 0 | D68: 1 | E68: 229 | F68: =ROUND(Source!AZ57,O68) -> 0 | G68: ОборудПод | H68: Стоимость оборудования подрядчика | K68: 229 | L68: 10 | M68: 3 | O68: 2 | P68: =ROUND(Source!ER57,O68) -> 0
A69: 50 | B69: 0 | C69: 0 | D69: 1 | E69: 203 | F69: =ROUND(Source!Q57,O69) -> 884.6 | G69: ЭММ | H69: Эксплуатация машин | K69: 203 | L69: 11 | M69: 3 | O69: 2 | P69: =ROUND(Source!DI57,O69) -> 5811.8
A70: 50 | B70: 0 | C70: 0 | D70: 1 | E70: 231 | F70: =ROUND(Source!BB57,O70) -> 0 | G70: ЭММсНРиСП | H70: Эксплуатация машин по ТСН-2001.16 | K70: 231 | L70: 12 | M70: 3 | O70: 2 | P70: =ROUND(Source!ET57,O70) -> 0
A71: 50 | B71: 0 | C71: 0 | D71: 1 | E71: 204 | F71: =ROUND(Source!R57,O71) -> 266.58 | G71: ЗПМ | H71: ЗП машинистов | K71: 204 | L71: 13 | M71: 3 | O71: 2 | P71: =ROUND(Source!DJ57,O71) -> 1751.44
A72: 50 | B72: 0 | C72: 0 | D72: 1 | E72: 205 | F72: =ROUND(Source!S57,O72) -> 7431.46 | G72: ОЗП | H72: Основная ЗП рабочих | K72: 205 | L72: 14 | M72: 3 | O72: 2 | P72: =ROUND(Source!DK57,O72) -> 48824.69
A73: 50 | B73: 0 | C73: 0 | D73: 1 | E73: 232 | F73: =ROUND(Source!BC57,O73) -> 0 | G73: ОЗПсНРиСП | H73: Основная ЗП рабочих по ТСН-2001.16 | K73: 232 | L73: 15 | M73: 3 | O73: 2 | P73: =ROUND(Source!EU57,O73) -> 0
A74: 50 | B74: 0 | C74: 0 | D74: 1 | E74: 214 | F74: =ROUND(Source!AS57,O74) -> 518057.25 | G74: Строит | H74: Строительные работы с НР и СП | K74: 214 | L74: 16 | M74: 3 | O74: 2 | P74: =ROUND(Source!EK57,O74) -> 976051.94
A75: 50 | B75: 0 | C75: 0 | D75: 1 | E75: 215 | F75: =ROUND(Source!AT57,O75) -> 0 | G75: Монтаж | H75: Монтажные работы с НР и СП | K75: 215 | L75: 17 | M75: 3 | O75: 2 | P75: =ROUND(Source!EL57,O75) -> 0
A76: 50 | B76: 0 | C76: 0 | D76: 1 | E76: 217 | F76: =ROUND(Source!AU57,O76) -> 0 | G76: Прочие | H76: Прочие работы с НР и СП | K76: 217 | L76: 18 | M76: 3 | O76: 2 | P76: =ROUND(Source!EM57,O76) -> 0
A77: 50 | B77: 0 | C77: 0 | D77: 1 | E77: 230 | F77: =ROUND(Source!BA57,O77) -> 0 | G77: ПрочиеЗатр | H77: Прочие затраты по ТСН-2001.16 | K77: 230 | L77: 19 | M77: 3 | O77: 2 | P77: =ROUND(Source!ES57,O77) -> 0
A78: 50 | B78: 0 | C78: 0 | D78: 1 | E78: 206 | F78: =ROUND(Source!T57,O78) -> 0 | G78: ВозврМат | H78: Возврат материалов | K78: 206 | L78: 20 | M78: 3 | O78: 2 | P78: =ROUND(Source!DL57,O78) -> 0
A79: 50 | B79: 0 | C79: 0 | D79: 1 | E79: 207 | F79: =Source!U57 -> 862.14202 | G79: ТрудСтр | H79: Трудозатраты строителей | K79: 207 | L79: 21 | M79: 3 | O79: -1 | P79: =Source!DM57 -> 862.14202
A80: 50 | B80: 0 | C80: 0 | D80: 1 | E80: 208 | F80: =Source!V57 -> 20.7152 | G80: ТрудМаш | H80: Трудозатраты машинистов | K80: 208 | L80: 22 | M80: 3 | O80: -1 | P80: =Source!DN57 -> 20.7152
A81: 50 | B81: 0 | C81: 0 | D81: 1 | E81: 209 | F81: =ROUND(Source!W57,O81) -> 0 | G81: ТранспМат | H81: Транспорт материалов | K81: 209 | L81: 23 | M81: 3 | O81: 2 | P81: =ROUND(Source!DO57,O81) -> 0
A82: 50 | B82: 0 | C82: 0 | D82: 1 | E82: 210 | F82: =ROUND(Source!X57,O82) -> 6467.1 | G82: НР | H82: Накладные расходы | K82: 210 | L82: 24 | M82: 3 | O82: 2 | P82: =ROUND(Source!DP57,O82) -> 50154.19
A83: 50 | B83: 0 | C83: 0 | D83: 1 | E83: 211 | F83: =ROUND(Source!Y57,O83) -> 3340.58 | G83: СмПриб | H83: Сметная прибыль | K83: 211 | L83: 25 | M83: 3 | O83: 2 | P83: =ROUND(Source!DQ57,O83) -> 27586.2
A84: 50 | B84: 0 | C84: 0 | D84: 1 | E84: 0 | F84: =ROUND(Source!AR57,O84) -> 518057.25 | G84: Всего | H84: Всего с НР и СП | K84: 224 | L84: 26 | M84: 3 | O84: 2 | P84: =ROUND(Source!EJ57,O84) -> 976051.94
A85: 50 | B85: 1 | C85: 0 | D85: 2 | E85: 0 | F85: =ROUND(F84,O85) -> 518057.25 | G85: Итого 1 | H85: Всего | K85: 212 | L85: 27 | M85: 0 | O85: 2 | P85: =ROUND(P84,O85) -> 976051.94
A86: 50 | B86: 1 | C86: 0 | D86: 2 | E86: 0 | F86: =ROUND(F85*0.18,O86) -> 93250.31 | G86: Итого2 | H86: Итого НДС 18% | K86: 212 | L86: 28 | M86: 0 | O86: 2 | P86: =ROUND(P85*0.18,O86) -> 175689.35
A87: 50 | B87: 1 | C87: 0 | D87: 2 | E87: 224 | F87: =ROUND(F85+F86,O87) -> 611307.56 | G87: Итого 3 | H87: Всего по смете | K87: 212 | L87: 29 | M87: 0 | O87: 2 | P87: =ROUND(P85+P86,O87) -> 1151741.3
A89: 51 | B89: =B12 -> 150 | C89: =A12 -> 1 | D89: =ROW(A12) -> 12 | F89: =IF(F12<>"",F12,"") -> Новый объект | G89: =IF(G12<>"",G12,"") -> Капитальный ремонт окооных проемов общежития ДИТИ НИЯУ МИФИ_цена поставщика | H89: 0 | O89: =ROUND(O57,2) -> 508165.03 | P89: =ROUND(P57,2) -> 499848.97 | Q89: =ROUND(Q57,2) -> 884.6 | R89: =ROUND(R57,2) -> 266.58 | S89: =ROUND(S57,2) -> 7431.46 | T89: =ROUND(T57,2) -> 0 | U89: =U57 -> 862.14202 | V89: =V57 -> 20.7152 | W89: =ROUND(W57,2) -> 0 | X89: =ROUND(X57,2) -> 6467.1 | Y89: =ROUND(Y57,2) -> 3340.58 | AO89: =ROUND(AO57,2) -> 0 | AP89: =ROUND(AP57,2) -> 0 | AQ89: =ROUND(AQ57,2) -> 0 | AR89: =ROUND(AR57,2) -> 518057.25 | AS89: =ROUND(AS57,2) -> 518057.25 | AT89: =ROUND(AT57,2) -> 0 | AU89: =ROUND(AU57,2) -> 0 | AV89: =ROUND(AV57,2) -> 499848.97 | ... BC89: =ROUND(BC57,2) -> 0 | DG89: =ROUND(DG57,2) -> 897756.12 | DH89: =ROUND(DH57,2) -> 843119.63 | DI89: =ROUND(DI57,2) -> 5811.8 | DJ89: =ROUND(DJ57,2) -> 1751.44 | DK89: =ROUND(DK57,2) -> 48824.69 | DL89: =ROUND(DL57,2) -> 0 | DM89: =DM57 -> 862.14202 | DN89: =DN57 -> 20.7152 | DO89: =ROUND(DO57,2) -> 0 | DP89: =ROUND(DP57,2) -> 50154.19 | DQ89: =ROUND(DQ57,2) -> 27586.2 | EG89: =ROUND(EG57,2) -> 0 | EH89: =ROUND(EH57,2) -> 0 | EI89: =ROUND(EI57,2) -> 0 | EJ89: =ROUND(EJ57,2) -> 976051.94 | EK89: =ROUND(EK57,2) -> 976051.94 | EL89: =ROUND(EL57,2) -> 0 | EM89: =ROUND(EM57,2) -> 0 | EN89: =ROUND(EN57,2) -> 843119.63 | ... EU89: =ROUND(EU57,2) -> 0 | GX89: 0
A91: 50 | B91: 0 | C91: 0 | D91: 1 | E91: 201 | F91: =ROUND(Source!O89,O91) -> 508165.03 | G91: ПЗ | H91: Прямые затраты | K91: 201 | L91: 1 | M91: 3 | O91: 2 | P91: =ROUND(Source!DG89,O91) -> 897756.12
A92: 50 | B92: 0 | C92: 0 | D92: 1 | E92: 202 | F92: =ROUND(Source!P89,O92) -> 499848.97 | G92: СтМатОб | H92: Стоимость материальных ресурсов (всего) | K92: 202 | L92: 2 | M92: 3 | O92: 2 | P92: =ROUND(Source!DH89,O92) -> 843119.63
A93: 50 | B93: 0 | C93: 0 | D93: 1 | E93: 222 | F93: =ROUND(Source!AO89,O93) -> 0 | G93: СтМатОбЗак | H93: Стоимость материалов и оборудования заказчика | K93: 222 | L93: 3 | M93: 3 | O93: 2 | P93: =ROUND(Source!EG89,O93) -> 0
A94: 50 | B94: 0 | C94: 0 | D94: 1 | E94: 225 | F94: =ROUND(Source!AV89,O94) -> 499848.97 | G94: СтМатОбПод | H94: Стоимость материалов и оборудования подрядчика | K94: 225 | L94: 4 | M94: 3 | O94: 2 | P94: =ROUND(Source!EN89,O94) -> 843119.63
A95: 50 | B95: 0 | C95: 0 | D95: 1 | E95: 226 | F95: =ROUND(Source!AW89,O95) -> 499848.97 | G95: СтМат | H95: Стоимость материалов (всего) | K95: 226 | L95: 5 | M95: 3 | O95: 2 | P95: =ROUND(Source!EO89,O95) -> 843119.63
A96: 50 | B96: 0 | C96: 0 | D96: 1 | E96: 227 | F96: =ROUND(Source!AX89,O96) -> 0 | G96: СтМатЗак | H96: Стоимость материалов заказчика | K96: 227 | L96: 6 | M96: 3 | O96: 2 | P96: =ROUND(Source!EP89,O96) -> 0
A97: 50 | B97: 0 | C97: 0 | D97: 1 | E97: 228 | F97: =ROUND(Source!AY89,O97) -> 499848.97 | G97: СтМатПод | H97: Стоимость материалов подрядчика | K97: 228 | L97: 7 | M97: 3 | O97: 2 | P97: =ROUND(Source!EQ89,O97) -> 843119.63
A98: 50 | B98: 0 | C98: 0 | D98: 1 | E98: 216 | F98: =ROUND(Source!AP89,O98) -> 0 | G98: Оборуд | H98: Стоимость оборудования (всего) | K98: 216 | L98: 8 | M98: 3 | O98: 2 | P98: =ROUND(Source!EH89,O98) -> 0
A99: 50 | B99: 0 | C99: 0 | D99: 1 | E99: 223 | F99: =ROUND(Source!AQ89,O99) -> 0 | G99: ОборудЗак | H99: Стоимость оборудования заказчика | K99: 223 | L99: 9 | M99: 3 | O99: 2 | P99: =ROUND(Source!EI89,O99) -> 0
A100: 50 | B100: 0 | C100: 0 | D100: 1 | E100: 229 | F100: =ROUND(Source!AZ89,O100) -> 0 | G100: ОборудПод | H100: Стоимость оборудования подрядчика | K100: 229 | L100: 10 | M100: 3 | O100: 2 | P100: =ROUND(Source!ER89,O100) -> 0
A101: 50 | B101: 0 | C101: 0 | D101: 1 | E101: 203 | F101: =ROUND(Source!Q89,O101) -> 884.6 | G101: ЭММ | H101: Эксплуатация машин | K101: 203 | L101: 11 | M101: 3 | O101: 2 | P101: =ROUND(Source!DI89,O101) -> 5811.8
A102: 50 | B102: 0 | C102: 0 | D102: 1 | E102: 231 | F102: =ROUND(Source!BB89,O102) -> 0 | G102: ЭММсНРиСП | H102: Эксплуатация машин по ТСН-2001.16 | K102: 231 | L102: 12 | M102: 3 | O102: 2 | P102: =ROUND(Source!ET89,O102) -> 0
A103: 50 | B103: 0 | C103: 0 | D103: 1 | E103: 204 | F103: =ROUND(Source!R89,O103) -> 266.58 | G103: ЗПМ | H103: ЗП машинистов | K103: 204 | L103: 13 | M103: 3 | O103: 2 | P103: =ROUND(Source!DJ89,O103) -> 1751.44
A104: 50 | B104: 0 | C104: 0 | D104: 1 | E104: 205 | F104: =ROUND(Source!S89,O104) -> 7431.46 | G104: ОЗП | H104: Основная ЗП рабочих | K104: 205 | L104: 14 | M104: 3 | O104: 2 | P104: =ROUND(Source!DK89,O104) -> 48824.69
A105: 50 | B105: 0 | C105: 0 | D105: 1 | E105: 232 | F105: =ROUND(Source!BC89,O105) -> 0 | G105: ОЗПсНРиСП | H105: Основная ЗП рабочих по ТСН-2001.16 | K105: 232 | L105: 15 | M105: 3 | O105: 2 | P105: =ROUND(Source!EU89,O105) -> 0
A106: 50 | B106: 0 | C106: 0 | D106: 1 | E106: 214 | F106: =ROUND(Source!AS89,O106) -> 518057.25 | G106: Строит | H106: Строительные работы с НР и СП | K106: 214 | L106: 16 | M106: 3 | O106: 2 | P106: =ROUND(Source!EK89,O106) -> 976051.94
A107: 50 | B107: 0 | C107: 0 | D107: 1 | E107: 215 | F107: =ROUND(Source!AT89,O107) -> 0 | G107: Монтаж | H107: Монтажные работы с НР и СП | K107: 215 | L107: 17 | M107: 3 | O107: 2 | P107: =ROUND(Source!EL89,O107) -> 0
A108: 50 | B108: 0 | C108: 0 | D108: 1 | E108: 217 | F108: =ROUND(Source!AU89,O108) -> 0 | G108: Прочие | H108: Прочие работы с НР и СП | K108: 217 | L108: 18 | M108: 3 | O108: 2 | P108: =ROUND(Source!EM89,O108) -> 0
A109: 50 | B109: 0 | C109: 0 | D109: 1 | E109: 230 | F109: =ROUND(Source!BA89,O109) -> 0 | G109: ПрочиеЗатр | H109: Прочие затраты по ТСН-2001.16 | K109: 230 | L109: 19 | M109: 3 | O109: 2 | P109: =ROUND(Source!ES89,O109) -> 0
A110: 50 | B110: 0 | C110: 0 | D110: 1 | E110: 206 | F110: =ROUND(Source!T89,O110) -> 0 | G110: ВозврМат | H110: Возврат материалов | K110: 206 | L110: 20 | M110: 3 | O110: 2 | P110: =ROUND(Source!DL89,O110) -> 0
A111: 50 | B111: 0 | C111: 0 | D111: 1 | E111: 207 | F111: =Source!U89 -> 862.14202 | G111: ТрудСтр | H111: Трудозатраты строителей | K111: 207 | L111: 21 | M111: 3 | O111: -1 | P111: =Source!DM89 -> 862.14202
A112: 50 | B112: 0 | C112: 0 | D112: 1 | E112: 208 | F112: =Source!V89 -> 20.7152 | G112: ТрудМаш | H112: Трудозатраты машинистов | K112: 208 | L112: 22 | M112: 3 | O112: -1 | P112: =Source!DN89 -> 20.7152
A113: 50 | B113: 0 | C113: 0 | D113: 1 | E113: 209 | F113: =ROUND(Source!W89,O113) -> 0 | G113: ТранспМат | H113: Транспорт материалов | K113: 209 | L113: 23 | M113: 3 | O113: 2 | P113: =ROUND(Source!DO89,O113) -> 0
A114: 50 | B114: 0 | C114: 0 | D114: 1 | E114: 210 | F114: =ROUND(Source!X89,O114) -> 6467.1 | G114: НР | H114: Накладные расходы | K114: 210 | L114: 24 | M114: 3 | O114: 2 | P114: =ROUND(Source!DP89,O114) -> 50154.19
A115: 50 | B115: 0 | C115: 0 | D115: 1 | E115: 211 | F115: =ROUND(Source!Y89,O115) -> 3340.58 | G115: СмПриб | H115: Сметная прибыль | K115: 211 | L115: 25 | M115: 3 | O115: 2 | P115: =ROUND(Source!DQ89,O115) -> 27586.2
A116: 50 | B116: 0 | C116: 0 | D116: 1 | E116: 0 | F116: =ROUND(Source!AR89,O116) -> 518057.25 | G116: Всего | H116: Всего с НР и СП | K116: 224 | L116: 26 | M116: 3 | O116: 2 | P116: =ROUND(Source!EJ89,O116) -> 976051.94
A117: 50 | B117: 1 | C117: 0 | D117: 2 | E117: 0 | F117: =ROUND(F116,O117) -> 518057.25 | G117: Итого 1 | H117: Всего | K117: 212 | L117: 27 | M117: 0 | O117: 2 | P117: =ROUND(P116,O117) -> 976051.94
A118: 50 | B118: 1 | C118: 0 | D118: 2 | E118: 0 | F118: =ROUND(F117*0.18,O118) -> 93250.31 | G118: Итого2 | H118: Итого НДС 18% | K118: 212 | L118: 28 | M118: 0 | O118: 2 | P118: =ROUND(P117*0.18,O118) -> 175689.35
A119: 50 | B119: 1 | C119: 0 | D119: 2 | E119: 224 | F119: =ROUND(F117+F118,O119) -> 611307.56 | G119: Итого 3 | H119: Всего по смете | K119: 212 | L119: 29 | M119: 0 | O119: 2 | P119: =ROUND(P117+P118,O119) -> 1151741.3
A122: 70 | B122: 1 | D122: 1 | E122: СТР_РЕК | F122: СТРОИТЕЛЬСТВО и РЕКОНСТРУКЦИЯ зданий и сооружений всех назначений | G122: 0 | H122: 0 | J122: 1 | K122: 0 | N122: 0 | O122: 0
A123: 70 | B123: 1 | D123: 2 | E123: РЕМ_ЖИЛ | F123: КАП. РЕМ. ЖИЛЫХ И ОБЩЕСТВЕННЫХ ЗДАНИЙ | G123: 1 | H123: 0 | J123: 1 | K123: 0 | N123: 0 | O123: 1
...

Sheet SourceObSm
A1: 0 | B1: Smeta.RU (495) 974-1589 | D1: _OBSM_ | F1: 0 | G1: 0 | H1: 0 | I1: Smeta.RU | J1: НИЯУ МИФИ Доп. раб. место MCCS-0027251 | K1: 0 | L1: 27251 | M1: 10
A12: 1 | B12: 53 | C12: 0 | E12: 0 | F12: Новый объект | G12: Капитальный ремонт окооных проемов общежития ДИТИ НИЯУ МИФИ_цена поставщика | I12: 0 | K12: 0 | O12: 0 | P12: 0 | Q12: 0 | R12: 0 | S12: 0 | V12: 0 | BH12: Сметные нормы списания | BI12: Коды ценников | BJ12: 1 | BK12: 1 | BL12: 0 | BM12: 0 | BN12: 1 | BO12: 0 | BP12: 6 | BQ12: 2 | BR12: 1 | BS12: 1 | BT12: 0 | BU12: 0 | BV12: 0 | BW12: 0 | BX12: 0 | BY12: ФЕР-2017 | BZ12: ТР для Версии 10: Центральные регионы (с учетом п-ма 2536-ИП/12/ГС от 22.03.2017 г | CA12: ФЕР-2017 | CB12: ФЕР-2017 | CC12: ФЕР-2017 | CD12: ФЕР-2017 | CE12: Поправки для ГСН 2017 от 31.03.2017 г | CF12: 0 | CG12: 0 | CH12: 524296 | CK12: 0 | EC12: 0
A14: 22 | B14: 0 | C14: 0 | D14: 16496956 | E14: 16497268 | F14: 3
A16: 3 | B16: 1 | C16: Новая локальная смета | D16: Новая локальная смета | E16: =(Source!F74)/1000 -> 518.05725 | F16: =(Source!F75)/1000 -> 0 | G16: =(Source!F66)/1000 -> 0 | H16: =(Source!F76)/1000+(Source!F77)/1000 -> 0 | I16: =E16+F16+G16+H16 -> 518.05725 | J16: =(Source!F72)/1000 -> 7.43146 | T16: =(Source!P74)/1000 -> 976.05194 | U16: =(Source!P75)/1000 -> 0 | V16: =(Source!P66)/1000 -> 0 | W16: =(Source!P76)/1000+(Source!P77)/1000 -> 0 | X16: =T16+U16+V16+W16 -> 976.05194 | Y16: =(Source!P72)/1000 -> 48.82469 | AI16: 0 | AJ16: 0 | AN16: 0 | AT16: 508165.03 | AU16: 499848.97 | AV16: 0 | AW16: 0 | AX16: 0 | AY16: 884.6 | AZ16: 266.58 | BA16: 7431.46 | BB16: 518057.25 | BC16: 0 | BD16: 0 | BE16: 0 | BF16: 862.14202 | BG16: 20.7152 | BH16: 0 | BI16: 6467.1 | BJ16: 3340.58 | BK16: 611307.56 | BR16: 897756.12 | BS16: 843119.63 | BT16: 0 | BU16: 0 | BV16: 0 | BW16: 5811.8 | BX16: 1751.44 | BY16: 48824.69 | BZ16: 976051.94 | CA16: 0 | CB16: 0 | CC16: 0 | CD16: 862.14202 | CE16: 20.7152 | CF16: 0 | CG16: 50154.19 | CH16: 27586.2 | CI16: 1151741.3
A18: 51 | E18: =SUMIF(A16:A17,3,E16:E17) -> 518.05725 | F18: =SUMIF(A16:A17,3,F16:F17) -> 0 | G18: =SUMIF(A16:A17,3,G16:G17) -> 0 | H18: =SUMIF(A16:A17,3,H16:H17) -> 0 | I18: =SUMIF(A16:A17,3,I16:I17) -> 518.05725 | J18: =SUMIF(A16:A17,3,J16:J17) -> 7.43146 | T18: =SUMIF(A16:A17,3,T16:T17) -> 976.05194 | U18: =SUMIF(A16:A17,3,U16:U17) -> 0 | V18: =SUMIF(A16:A17,3,V16:V17) -> 0 | W18: =SUMIF(A16:A17,3,W16:W17) -> 0 | X18: =SUMIF(A16:A17,3,X16:X17) -> 976.05194 | Y18: =SUMIF(A16:A17,3,Y16:Y17) -> 48.82469
A20: 50 | B20: 0 | C20: 0 | D20: 1 | E20: 201 | F20: 508165.03 | G20: ПЗ | H20: Прямые затраты | K20: 201 | L20: 1 | M20: 3 | O20: 2 | P20: 897756.12
A21: 50 | B21: 0 | C21: 0 | D21: 1 | E21: 202 | F21: 499848.97 | G21: СтМатОб | H21: Стоимость материальных ресурсов (всего) | K21: 202 | L21: 2 | M21: 3 | O21: 2 | P21: 843119.63
A22: 50 | B22: 0 | C22: 0 | D22: 1 | E22: 222 | F22: 0 | G22: СтМатОбЗак | H22: Стоимость материалов и оборудования заказчика | K22: 222 | L22: 3 | M22: 3 | O22: 2 | P22: 0
A23: 50 | B23: 0 | C23: 0 | D23: 1 | E23: 225 | F23: 499848.97 | G23: СтМатОбПод | H23: Стоимость материалов и оборудования подрядчика | K23: 225 | L23: 4 | M23: 3 | O23: 2 | P23: 843119.63
A24: 50 | B24: 0 | C24: 0 | D24: 1 | E24: 226 | F24: 499848.97 | G24: СтМат | H24: Стоимость материалов (всего) | K24: 226 | L24: 5 | M24: 3 | O24: 2 | P24: 843119.63
A25: 50 | B25: 0 | C25: 0 | D25: 1 | E25: 227 | F25: 0 | G25: СтМатЗак | H25: Стоимость материалов заказчика | K25: 227 | L25: 6 | M25: 3 | O25: 2 | P25: 0
A26: 50 | B26: 0 | C26: 0 | D26: 1 | E26: 228 | F26: 499848.97 | G26: СтМатПод | H26: Стоимость материалов подрядчика | K26: 228 | L26: 7 | M26: 3 | O26: 2 | P26: 843119.63
A27: 50 | B27: 0 | C27: 0 | D27: 1 | E27: 216 | F27: 0 | G27: Оборуд | H27: Стоимость оборудования (всего) | K27: 216 | L27: 8 | M27: 3 | O27: 2 | P27: 0
A28: 50 | B28: 0 | C28: 0 | D28: 1 | E28: 223 | F28: 0 | G28: ОборудЗак | H28: Стоимость оборудования заказчика | K28: 223 | L28: 9 | M28: 3 | O28: 2 | P28: 0
A29: 50 | B29: 0 | C29: 0 | D29: 1 | E29: 229 | F29: 0 | G29: ОборудПод | H29: Стоимость оборудования подрядчика | K29: 229 | L29: 10 | M29: 3 | O29: 2 | P29: 0
A30: 50 | B30: 0 | C30: 0 | D30: 1 | E30: 203 | F30: 884.6 | G30: ЭММ | H30: Эксплуатация машин | K30: 203 | L30: 11 | M30: 3 | O30: 2 | P30: 5811.8
A31: 50 | B31: 0 | C31: 0 | D31: 1 | E31: 231 | F31: 0 | G31: ЭММсНРиСП | H31: Эксплуатация машин по ТСН-2001.16 | K31: 231 | L31: 12 | M31: 3 | O31: 2 | P31: 0
... A48: 50 | B48: 1 | C48: 0 | D48: 2 | E48: 224 | F48: 611307.56 | G48: Итого 3 | H48: Всего по смете | K48: 212 | L48: 29 | M48: 0 | O48: 2 | P48: 1151741.3
A50: -1
A53: 75 | B53: Базовый | C53: 2017 | D53: 4 | E53: 0 | F53: 0 | G53: 0 | H53: 1 | I53: 0 | J53: 1 | K53: 0 | L53: 0 | M53: 0 | N53: 16496956 | O53: 1
A54: 75 | B54: Новый уровень цен | C54: 2017 | D54: 4 | E54: 0 | G54: 0 | H54: 1 | I54: 0 | J54: 1 | K54: 0 | L54: 0 | M54: 1 | N54: 16497268 | O54: 2
A55: 3 | B55: Индексы за итогом | C55: 6.57 | D55: 1 | E55: 1 | F55: 1 | G55: 1 | H55: 1 | I55: 1 | J55: 1 | K55: 1 | L55: 1 | M55: 6.57 | N55: 1 | O55: 1 | P55: 1 | Q55: 1 | R55: 1

Sheet SmtRes
A1: =ROW(Source!A24) -> 24 | B1: 16496956 | C1: 16497018 | D1: 15433667 | E1: 1 | F1: 1 | G1: 1 | H1: 1 | I1: 1-100-24 | K1: Рабочий среднего разряда 2.4 | L1: 1191 | N1: 1013 | O1: чел.-ч. | P1: чел.-ч. | Q1: 1 | W1: 0 | X1: 371339561 | Y1: 188.54 | AA1: 0 | AB1: 0 | AC1: 0 | AD1: 8.09 | AE1: 0 | AF1: 0 | AG1: 0 | AH1: 8.09 | AI1: 1 | AJ1: 1 | AK1: 1 | AL1: 1 | AN1: 0 | AO1: 1 | AP1: 0 | AQ1: 0 | AR1: 0 | AT1: 188.54 | AV1: 1 | AW1: 2 | AX1: 16497022 | AY1: 1 | AZ1: 0 | BA1: 1 | BB1: 0 | BC1: 0 | BD1: 0 | BE1: 0 | BF1: 0 | BG1: 0 | BH1: 0 | BI1: 0 | BJ1: 0 | BK1: 0 | BL1: 0 | BM1: 0 | BN1: 0 | BO1: 0 | BP1: 0 | BQ1: 0 | BR1: 0 | BS1: 0 | BT1: 0 | BU1: 0 | BV1: 0 | BW1: 0 | CX1: =Y1*Source!I24 -> 304.07731 | CY1: =AD1 -> 8.09 | CZ1: =AH1 -> 8.09 | DA1: =AL1 -> 1 | DB1: 0
A2: =ROW(Source!A24) -> 24 | B2: 16496956 | C2: 16497018 | D2: 15430395 | E2: 1 | F2: 1 | G2: 1 | H2: 1 | I2: 4-100-00 | K2: Затраты труда машинистов | L2: 1191 | N2: 1013 | O2: чел.-ч. | P2: чел.-ч. | Q2: 1 | W2: 0 | X2: -1417349443 | Y2: 7.74 | AA2: 0 | AB2: 0 | AC2: 0 | AD2: 0 | AE2: 0 | AF2: 0 | AG2: 0 | AH2: 0 | AI2: 1 | AJ2: 1 | AK2: 1 | AL2: 1 | AN2: 0 | AO2: 1 | AP2: 0 | AQ2: 0 | AR2: 0 | AT2: 7.74 | AV2: 2 | AW2: 2 | AX2: 16497023 | AY2: 1 | AZ2: 0 | BA2: 2 | BB2: 0 | BC2: 0 | BD2: 0 | BE2: 0 | BF2: 0 | BG2: 0 | BH2: 0 | BI2: 0 | BJ2: 0 | BK2: 0 | BL2: 0 | BM2: 0 | BN2: 0 | BO2: 0 | BP2: 0 | BQ2: 0 | BR2: 0 | BS2: 0 | BT2: 0 | BU2: 0 | BV2: 0 | BW2: 0 | CX2: =Y2*Source!I24 -> 12.483072 | CY2: =AD2 -> 0 | CZ2: =AH2 -> 0 | DA2: =AL2 -> 1 | DB2: 0
A3: =ROW(Source!A24) -> 24 | B3: 16496956 | C3: 16497018 | D3: 15247974 | E3: 1 | F3: 1 | G3: 1 | H3: 2 | I3: 91.06.06-048 | J3: ФСЭМ-2001, 91.06.06-048, приказ Минстроя России №1039/пр от 30.12.2016г. | K3: Подъемники одномачтовые, грузоподъемность до 500 кг, высота подъема 45 м | L3: 1368 | N3: 1011 | O3: маш.-ч | P3: маш.-ч | Q3: 1 | W3: 0 | X3: 1188625873 | Y3: 7.74 | AA3: 0 | AB3: 31.26 | AC3: 13.5 | AD3: 0 | AE3: 0 | AF3: 31.26 | AG3: 13.5 | AH3: 0 | AI3: 1 | AJ3: 1 | AK3: 1 | AL3: 1 | AN3: 0 | AO3: 1 | AP3: 0 | AQ3: 0 | AR3: 0 | AT3: 7.74 | AV3: 0 | AW3: 2 | AX3: 16497024 | AY3: 1 | AZ3: 0 | BA3: 3 | BB3: 0 | BC3: 0 | BD3: 0 | BE3: 0 | BF3: 0 | BG3: 0 | BH3: 0 | BI3: 0 | BJ3: 0 | BK3: 0 | BL3: 0 | BM3: 0 | BN3: 0 | BO3: 0 | BP3: 0 | BQ3: 0 | BR3: 0 | BS3: 0 | BT3: 0 | BU3: 0 | BV3: 0 | BW3: 0 | CX3: =Y3*Source!I24 -> 12.483072 | CY3: =AB3 -> 31.26 | CZ3: =AF3 -> 31.26 | DA3: =AJ3 -> 1 | DB3: 0
A4: =ROW(Source!A25) -> 25 | B4: 16497268 | C4: 16497018 | D4: 15433667 | E4: 1 | F4: 1 | G4: 1 | H4: 1 | I4: 1-100-24 | K4: Рабочий среднего разряда 2.4 | L4: 1191 | N4: 1013 | O4: чел.-ч. | P4: чел.-ч. | Q4: 1 | W4: 0 | X4: 371339561 | Y4: 188.54 | AA4: 0 | AB4: 0 | AC4: 0 | AD4: 53.15 | AE4: 0 | AF4: 0 | AG4: 0 | AH4: 8.09 | AI4: 1 | AJ4: 1 | AK4: 1 | AL4: 6.57 | AN4: 0 | AO4: 1 | AP4: 0 | AQ4: 0 | AR4: 0 | AT4: 188.54 | AV4: 1 | AW4: 2 | AX4: 16497022 | AY4: 1 | AZ4: 0 | BA4: 4 | BB4: 0 | BC4: 0 | BD4: 0 | BE4: 0 | BF4: 0 | BG4: 0 | BH4: 0 | BI4: 0 | BJ4: 0 | BK4: 0 | BL4: 0 | BM4: 0 | BN4: 0 | BO4: 0 | BP4: 0 | BQ4: 0 | BR4: 0 | BS4: 0 | BT4: 0 | BU4: 0 | BV4: 0 | BW4: 0 | CX4: =Y4*Source!I25 -> 304.07731 | CY4: =AD4 -> 53.15 | CZ4: =AH4 -> 8.09 | DA4: =AL4 -> 6.57 | DB4: 0
A5: =ROW(Source!A25) -> 25 | B5: 16497268 | C5: 16497018 | D5: 15430395 | E5: 1 | F5: 1 | G5: 1 | H5: 1 | I5: 4-100-00 | K5: Затраты труда машинистов | L5: 1191 | N5: 1013 | O5: чел.-ч. | P5: чел.-ч. | Q5: 1 | W5: 0 | X5: -1417349443 | Y5: 7.74 | AA5: 0 | AB5: 0 | AC5: 0 | AD5: 0 | AE5: 0 | AF5: 0 | AG5: 0 | AH5: 0 | AI5: 1 | AJ5: 1 | AK5: 6.57 | AL5: 1 | AN5: 0 | AO5: 1 | AP5: 0 | AQ5: 0 | AR5: 0 | AT5: 7.74 | AV5: 2 | AW5: 2 | AX5: 16497023 | AY5: 1 | AZ5: 0 | BA5: 5 | BB5: 0 | BC5: 0 | BD5: 0 | BE5: 0 | BF5: 0 | BG5: 0 | BH5: 0 | BI5: 0 | BJ5: 0 | BK5: 0 | BL5: 0 | BM5: 0 | BN5: 0 | BO5: 0 | BP5: 0 | BQ5: 0 | BR5: 0 | BS5: 0 | BT5: 0 | BU5: 0 | BV5: 0 | BW5: 0 | CX5: =Y5*Source!I25 -> 12.483072 | CY5: =AD5 -> 0 | CZ5: =AH5 -> 0 | DA5: =AL5 -> 1 | DB5: 0
A6: =ROW(Source!A25) -> 25 | B6: 16497268 | C6: 16497018 | D6: 15247974 | E6: 1 | F6: 1 | G6: 1 | H6: 2 | I6: 91.06.06-048 | J6: ФСЭМ-2001, 91.06.06-048, приказ Минстроя России №1039/пр от 30.12.2016г. | K6: Подъемники одномачтовые, грузоподъемность до 500 кг, высота подъема 45 м | L6: 1368 | N6: 1011 | O6: маш.-ч | P6: маш.-ч | Q6: 1 | W6: 0 | X6: 1188625873 | Y6: 7.74 | AA6: 0 | AB6: 205.38 | AC6: 13.5 | AD6: 0 | AE6: 0 | AF6: 31.26 | AG6: 13.5 | AH6: 0 | AI6: 1 | AJ6: 6.57 | AK6: 1 | AL6: 1 | AN6: 0 | AO6: 1 | AP6: 0 | AQ6: 0 | AR6: 0 | AT6: 7.74 | AV6: 0 | AW6: 2 | AX6: 16497024 | AY6: 1 | AZ6: 0 | BA6: 6 | BB6: 0 | BC6: 0 | BD6: 0 | BE6: 0 | BF6: 0 | BG6: 0 | BH6: 0 | BI6: 0 | BJ6: 0 | BK6: 0 | BL6: 0 | BM6: 0 | BN6: 0 | BO6: 0 | BP6: 0 | BQ6: 0 | BR6: 0 | BS6: 0 | BT6: 0 | BU6: 0 | BV6: 0 | BW6: 0 | CX6: =Y6*Source!I25 -> 12.483072 | CY6: =AB6 -> 205.38 | CZ6: =AF6 -> 31.26 | DA6: =AJ6 -> 6.57 | DB6: 0
A7: =ROW(Source!A26) -> 26 | B7: 16496956 | C7: 16497025 | D7: 15436014 | E7: 1 | F7: 1 | G7: 1 | H7: 1 | I7: 1-100-32 | K7: Рабочий среднего разряда 3.2 | L7: 1191 | N7: 1013 | O7: чел.-ч. | P7: чел.-ч. | Q7: 1 | W7: 0 | X7: -784637506 | Y7: 149.16 | AA7: 0 | AB7: 0 | AC7: 0 | AD7: 8.74 | AE7: 0 | AF7: 0 | AG7: 0 | AH7: 8.74 | AI7: 1 | AJ7: 1 | AK7: 1 | AL7: 1 | AN7: 0 | AO7: 1 | AP7: 0 | AQ7: 0 | AR7: 0 | AT7: 149.16 | AV7: 1 | AW7: 2 | AX7: 16497038 | AY7: 1 | AZ7: 0 | BA7: 7 | BB7: 0 | BC7: 0 | BD7: 0 | BE7: 0 | BF7: 0 | BG7: 0 | BH7: 0 | BI7: 0 | BJ7: 0 | BK7: 0 | BL7: 0 | BM7: 0 | BN7: 0 | BO7: 0 | BP7: 0 | BQ7: 0 | BR7: 0 | BS7: 0 | BT7: 0 | BU7: 0 | BV7: 0 | BW7: 0 | CX7: =Y7*Source!I26 -> 240.56525 | CY7: =AD7 -> 8.74 | CZ7: =AH7 -> 8.74 | DA7: =AL7 -> 1 | DB7: 0
A8: =ROW(Source!A26) -> 26 | B8: 16496956 | C8: 16497025 | D8: 15430395 | E8: 1 | F8: 1 | G8: 1 | H8: 1 | I8: 4-100-00 | K8: Затраты труда машинистов | L8: 1191 | N8: 1013 | O8: чел.-ч. | P8: чел.-ч. | Q8: 1 | W8: 0 | X8: -1417349443 | Y8: 4.23 | AA8: 0 | AB8: 0 | AC8: 0 | AD8: 0 | AE8: 0 | AF8: 0 | AG8: 0 | AH8: 0 | AI8: 1 | AJ8: 1 | AK8: 1 | AL8: 1 | AN8: 0 | AO8: 1 | AP8: 0 | AQ8: 0 | AR8: 0 | AT8: 4.23 | AV8: 2 | AW8: 2 | AX8: 16497039 | AY8: 1 | AZ8: 0 | BA8: 8 | BB8: 0 | BC8: 0 | BD8: 0 | BE8: 0 | BF8: 0 | BG8: 0 | BH8: 0 | BI8: 0 | BJ8: 0 | BK8: 0 | BL8: 0 | BM8: 0 | BN8: 0 | BO8: 0 | BP8: 0 | BQ8: 0 | BR8: 0 | BS8: 0 | BT8: 0 | BU8: 0 | BV8: 0 | BW8: 0 | CX8: =Y8*Source!I26 -> 6.822144 | CY8: =AD8 -> 0 | CZ8: =AH8 -> 0 | DA8: =AL8 -> 1 | DB8: 0
A9: =ROW(Source!A26) -> 26 | B9: 16496956 | C9: 16497025 | D9: 15247974 | E9: 1 | F9: 1 | G9: 1 | H9: 2 | I9: 91.06.06-048 | J9: ФСЭМ-2001, 91.06.06-048, приказ Минстроя России №1039/пр от 30.12.2016г. | K9: Подъемники одномачтовые, грузоподъемность до 500 кг, высота подъема 45 м | L9: 1368 | N9: 1011 | O9: маш.-ч | P9: маш.-ч | Q9: 1 | W9: 0 | X9: 1188625873 | Y9: 0.66 | AA9: 0 | AB9: 31.26 | AC9: 13.5 | AD9: 0 | AE9: 0 | AF9: 31.26 | AG9: 13.5 | AH9: 0 | AI9: 1 | AJ9: 1 | AK9: 1 | AL9: 1 | AN9: 0 | AO9: 1 | AP9: 0 | AQ9: 0 | AR9: 0 | AT9: 0.66 | AV9: 0 | AW9: 2 | AX9: 16497040 | AY9: 1 | AZ9: 0 | BA9: 9 | BB9: 0 | BC9: 0 | BD9: 0 | BE9: 0 | BF9: 0 | BG9: 0 | BH9: 0 | BI9: 0 | BJ9: 0 | BK9: 0 | BL9: 0 | BM9: 0 | BN9: 0 | BO9: 0 | BP9: 0 | BQ9: 0 | BR9: 0 | BS9: 0 | BT9: 0 | BU9: 0 | BV9: 0 | BW9: 0 | CX9: =Y9*Source!I26 -> 1.064448 | CY9: =AB9 -> 31.26 | CZ9: =AF9 -> 31.26 | DA9: =AJ9 -> 1 | DB9: 0
A10: =ROW(Source!A26) -> 26 | B10: 16496956 | C10: 16497025 | D10: 15249073 | E10: 1 | F10: 1 | G10: 1 | H10: 2 | I10: 91.14.02-001 | J10: ФСЭМ-2001, 91.14.02-001, приказ Минстроя России №1039/пр от 30.12.2016г. | K10: Автомобили бортовые, грузоподъемность до 5 т | L10: 1368 | N10: 1011 | O10: маш.-ч | P10: маш.-ч | Q10: 1 | W10: 0 | X10: 1372534845 | Y10: 3.57 | AA10: 0 | AB10: 65.71 | AC10: 11.6 | AD10: 0 | AE10: 0 | AF10: 65.71 | AG10: 11.6 | AH10: 0 | AI10: 1 | AJ10: 1 | AK10: 1 | AL10: 1 | AN10: 0 | AO10: 1 | AP10: 0 | AQ10: 0 | AR10: 0 | AT10: 3.57 | AV10: 0 | AW10: 2 | AX10: 16497041 | AY10: 1 | AZ10: 0 | BA10: 10 | BB10: 0 | BC10: 0 | BD10: 0 | BE10: 0 | BF10: 0 | BG10: 0 | BH10: 0 | BI10: 0 | BJ10: 0 | BK10: 0 | BL10: 0 | BM10: 0 | BN10: 0 | BO10: 0 | BP10: 0 | BQ10: 0 | BR10: 0 | BS10: 0 | BT10: 0 | BU10: 0 | BV10: 0 | BW10: 0 | CX10: =Y10*Source!I26 -> 5.757696 | CY10: =AB10 -> 65.71 | CZ10: =AF10 -> 65.71 | DA10: =AJ10 -> 1 | DB10: 0
A11: =ROW(Source!A26) -> 26 | B11: 16496956 | C11: 16497025 | D11: 15167551 | E11: 1 | F11: 1 | G11: 1 | H11: 3 | I11: 01.7.06.02-0001 | J11: ФССЦ-2001, 01.7.06.02-0001, приказ Минстроя России №1039/пр от 30.12.2016г. | K11: Лента бутиловая | L11: 1301 | N11: 1003 | O11: м | P11: м | Q11: 1 | W11: 0 | X11: 751777312 | Y11: 253 | AA11: 6.38 | AB11: 0 | AC11: 0 | AD11: 0 | AE11: 6.38 | AF11: 0 | AG11: 0 | AH11: 0 | AI11: 1 | AJ11: 1 | AK11: 1 | AL11: 1 | AN11: 0 | AO11: 1 | AP11: 0 | AQ11: 0 | AR11: 0 | AT11: 253 | AV11: 0 | AW11: 2 | AX11: 16497042 | AY11: 1 | AZ11: 0 | BA11: 11 | BB11: 0 | BC11: 0 | BD11: 0 | BE11: 0 | BF11: 0 | BG11: 0 | BH11: 0 | BI11: 0 | BJ11: 0 | BK11: 0 | BL11: 0 | BM11: 0 | BN11: 0 | BO11: 0 | BP11: 0 | BQ11: 0 | BR11: 0 | BS11: 0 | BT11: 0 | BU11: 0 | BV11: 0 | BW11: 0 | CX11: =Y11*Source!I26 -> 408.0384 | CY11: =AA11 -> 6.38 | CZ11: =AE11 -> 6.38 | DA11: =AI11 -> 1 | DB11: 0
A12: =ROW(Source!A26) -> 26 | B12: 16496956 | C12: 16497025 | D12: 15167552 | E12: 1 | F12: 1 | G12: 1 | H12: 3 | I12: 01.7.06.02-0002 | J12: ФССЦ-2001, 01.7.06.02-0002, приказ Минстроя России №1039/пр от 30.12.2016г. | K12: Лента бутиловая диффузионная | L12: 1301 | N12: 1003 | O12: м | P12: м | Q12: 1 | W12: 0 | X12: 1744203244 | Y12: 59 | AA12: 7.95 | AB12: 0 | AC12: 0 | AD12: 0 | AE12: 7.95 | AF12: 0 | AG12: 0 | AH12: 0 | AI12: 1 | AJ12: 1 | AK12: 1 | AL12: 1 | AN12: 0 | AO12: 1 | AP12: 0 | AQ12: 0 | AR12: 0 | AT12: 59 | AV12: 0 | AW12: 2 | AX12: 16497043 | AY12: 1 | AZ12: 0 | BA12: 12 | BB12: 0 | BC12: 0 | BD12: 0 | BE12: 0 | BF12: 0 | BG12: 0 | BH12: 0 | BI12: 0 | BJ12: 0 | BK12: 0 | BL12: 0 | BM12: 0 | BN12: 0 | BO12: 0 | BP12: 0 | BQ12: 0 | BR12: 0 | BS12: 0 | BT12: 0 | BU12: 0 | BV12: 0 | BW12: 0 | CX12: =Y12*Source!I26 -> 95.1552 | CY12: =AA12 -> 7.95 | CZ12: =AE12 -> 7.95 | DA12: =AI12 -> 1 | DB12: 0
A13: =ROW(Source!A26) -> 26 | B13: 16496956 | C13: 16497025 | D13: 15167640 | E13: 1 | F13: 1 | G13: 1 | H13: 3 | I13: 01.7.06.11-0001 | J13: ФССЦ-2001, 01.7.06.11-0001, приказ Минстроя России №1039/пр от 30.12.2016г. | K13: Лента ПСУЛ | L13: 1302 | N13: 1003 | O13: 10 м | P13: 10 м | Q13: 10 | W13: 0 | X13: -405326455 | Y13: 15.9 | AA13: 64.1 | AB13: 0 | AC13: 0 | AD13: 0 | AE13: 64.1 | AF13: 0 | AG13: 0 | AH13: 0 | AI13: 1 | AJ13: 1 | AK13: 1 | AL13: 1 | AN13: 0 | AO13: 1 | AP13: 0 | AQ13: 0 | AR13: 0 | AT13: 15.9 | AV13: 0 | AW13: 2 | AX13: 16497044 | AY13: 1 | AZ13: 0 | BA13: 13 | BB13: 0 | BC13: 0 | BD13: 0 | BE13: 0 | BF13: 0 | BG13: 0 | BH13: 0 | BI13: 0 | BJ13: 0 | BK13: 0 | BL13: 0 | BM13: 0 | BN13: 0 | BO13: 0 | BP13: 0 | BQ13: 0 | BR13: 0 | BS13: 0 | BT13: 0 | BU13: 0 | BV13: 0 | BW13: 0 | CX13: =Y13*Source!I26 -> 25.64352 | CY13: =AA13 -> 64.1 | CZ13: =AE13 -> 64.1 | DA13: =AI13 -> 1 | DB13: 0
A14: =ROW(Source!A26) -> 26 | B14: 16496956 | C14: 16497025 | D14: 15170065 | E14: 1 | F14: 1 | G14: 1 | H14: 3 | I14: 01.7.15.07-0005 | J14: ФССЦ-2001, 01.7.15.07-0005, приказ Минстроя России №1039/пр от 30.12.2016г. | K14: Дюбели монтажные 10х130 (10х132, 10х150) мм | L14: 1358 | N14: 1010 | O14: 10 шт. | P14: 10 шт. | Q14: 10 | W14: 0 | X14: -858120743 | Y14: 41.2 | AA14: 7.03 | AB14: 0 | AC14: 0 | AD14: 0 | AE14: 7.03 | AF14: 0 | AG14: 0 | AH14: 0 | AI14: 1 | AJ14: 1 | AK14: 1 | AL14: 1 | AN14: 0 | AO14: 1 | AP14: 0 | AQ14: 0 | AR14: 0 | AT14: 41.2 | AV14: 0 | AW14: 2 | AX14: 16497045 | AY14: 1 | AZ14: 0 | BA14: 14 | BB14: 0 | BC14: 0 | BD14: 0 | BE14: 0 | BF14: 0 | BG14: 0 | BH14: 0 | BI14: 0 | BJ14: 0 | BK14: 0 | BL14: 0 | BM14: 0 | BN14: 0 | BO14: 0 | BP14: 0 | BQ14: 0 | BR14: 0 | BS14: 0 | BT14: 0 | BU14: 0 | BV14: 0 | BW14: 0 | CX14: =Y14*Source!I26 -> 66.44736 | CY14: =AA14 -> 7.03 | CZ14: =AE14 -> 7.03 | DA14: =AI14 -> 1 | DB14: 0
A15: =ROW(Source!A26) -> 26 | B15: 16496956 | C15: 16497025 | D15: 15197780 | E15: 1 | F15: 1 | G15: 1 | H15: 3 | I15: 11.3.03.15-0021 | J15: ФССЦ-2001, 11.3.03.15-0021, приказ Минстроя России №1039/пр от 30.12.2016г. | K15: Клинья пластиковые монтажные | L15: 1355 | N15: 1010 | O15: 100 шт. | P15: 100 шт. | Q15: 100 | W15: 0 | X15: 1709713925 | Y15: 8 | AA15: 50 | AB15: 0 | AC15: 0 | AD15: 0 | AE15: 50 | AF15: 0 | AG15: 0 | AH15: 0 | AI15: 1 | AJ15: 1 | AK15: 1 | AL15: 1 | AN15: 0 | AO15: 1 | AP15: 0 | AQ15: 0 | AR15: 0 | AT15: 8 | AV15: 0 | AW15: 2 | AX15: 16497047 | AY15: 1 | AZ15: 0 | BA15: 16 | BB15: 0 | BC15: 0 | BD15: 0 | BE15: 0 | BF15: 0 | BG15: 0 | BH15: 0 | BI15: 0 | BJ15: 0 | BK15: 0 | BL15: 0 | BM15: 0 | BN15: 0 | BO15: 0 | BP15: 0 | BQ15: 0 | BR15: 0 | BS15: 0 | BT15: 0 | BU15: 0 | BV15: 0 | BW15: 0 | CX15: =Y15*Source!I26 -> 12.9024 | CY15: =AA15 -> 50 | CZ15: =AE15 -> 50 | DA15: =AI15 -> 1 | DB15: 0
A16: =ROW(Source!A26) -> 26 | B16: 16496956 | C16: 16497025 | D16: 15204239 | E16: 1 | F16: 1 | G16: 1 | H16: 3 | I16: 14.5.01.05-0001 | J16: ФССЦ-2001, 14.5.01.05-0001, приказ Минстроя России №1039/пр от 30.12.2016г. | K16: Герметик пенополиуретановый (пена монтажная) типа Makrofleks, Soudal в баллонах по 750 мл | L16: 1354 | N16: 1010 | O16: шт. | P16: шт. | Q16: 1 | W16: 0 | X16: -1018551266 | Y16: 71 | AA16: 67 | AB16: 0 | AC16: 0 | AD16: 0 | AE16: 67 | AF16: 0 | AG16: 0 | AH16: 0 | AI16: 1 | AJ16: 1 | AK16: 1 | AL16: 1 | AN16: 0 | AO16: 1 | AP16: 0 | AQ16: 0 | AR16: 0 | AT16: 71 | AV16: 0 | AW16: 2 | AX16: 16497048 | AY16: 1 | AZ16: 0 | BA16: 17 | BB16: 0 | BC16: 0 | BD16: 0 | BE16: 0 | BF16: 0 | BG16: 0 | BH16: 0 | BI16: 0 | BJ16: 0 | BK16: 0 | BL16: 0 | BM16: 0 | BN16: 0 | BO16: 0 | BP16: 0 | BQ16: 0 | BR16: 0 | BS16: 0 | BT16: 0 | BU16: 0 | BV16: 0 | BW16: 0 | CX16: =Y16*Source!I26 -> 114.5088 | CY16: =AA16 -> 67 | CZ16: =AE16 -> 67 | DA16: =AI16 -> 1 | DB16: 0
A17: =ROW(Source!A26) -> 26 | B17: 16496956 | C17: 16497025 | D17: 0 | E17: 0 | F17: 1 | G17: 1 | H17: 3 | I17: Цена поставщика | K17: Блок оконный пластиковый | L17: 1327 | N17: 1005 | O17: м2 | P17: м2 | Q17: 1 | W17: 0 | X17: -1032967554 | Y17: 100 | AA17: 2930.65 | AB17: 0 | AC17: 0 | AD17: 0 | AE17: 2930.65 | AF17: 0 | AG17: 0 | AH17: 0 | AI17: 1 | AJ17: 1 | AK17: 1 | AL17: 1 | AN17: 0 | AO17: 0 | AP17: 0 | AQ17: 0 | AR17: 0 | AT17: 100 | AV17: 0 | AW17: 1 | AX17: -1 | AY17: 0 | AZ17: 0 | BB17: 0 | BC17: 0 | BD17: 0 | BE17: 0 | BF17: 0 | BG17: 0 | BH17: 0 | BI17: 0 | BJ17: 0 | BK17: 0 | BL17: 0 | BM17: 0 | BN17: 0 | BO17: 0 | BP17: 0 | BQ17: 0 | BR17: 0 | BS17: 0 | BT17: 0 | BU17: 0 | BV17: 0 | BW17: 0 | CX17: =Y17*Source!I26 -> 161.28 | CY17: =AA17 -> 2930.65 | CZ17: =AE17 -> 2930.65 | DA17: =AI17 -> 1 | DB17: 0
A18: =ROW(Source!A27) -> 27 | B18: 16497268 | C18: 16497025 | D18: 15436014 | E18: 1 | F18: 1 | G18: 1 | H18: 1 | I18: 1-100-32 | K18: Рабочий среднего разряда 3.2 | L18: 1191 | N18: 1013 | O18: чел.-ч. | P18: чел.-ч. | Q18: 1 | W18: 0 | X18: -784637506 | Y18: 149.16 | AA18: 0 | AB18: 0 | AC18: 0 | AD18: 57.42 | AE18: 0 | AF18: 0 | AG18: 0 | AH18: 8.74 | AI18: 1 | AJ18: 1 | AK18: 1 | AL18: 6.57 | AN18: 0 | AO18: 1 | AP18: 0 | AQ18: 0 | AR18: 0 | AT18: 149.16 | AV18: 1 | AW18: 2 | AX18: 16497038 | AY18: 1 | AZ18: 0 | BA18: 18 | BB18: 0 | BC18: 0 | BD18: 0 | BE18: 0 | BF18: 0 | BG18: 0 | BH18: 0 | BI18: 0 | BJ18: 0 | BK18: 0 | BL18: 0 | BM18: 0 | BN18: 0 | BO18: 0 | BP18: 0 | BQ18: 0 | BR18: 0 | BS18: 0 | BT18: 0 | BU18: 0 | BV18: 0 | BW18: 0 | CX18: =Y18*Source!I27 -> 240.56525 | CY18: =AD18 -> 57.42 | CZ18: =AH18 -> 8.74 | DA18: =AL18 -> 6.57 | DB18: 0
A19: =ROW(Source!A27) -> 27 | B19: 16497268 | C19: 16497025 | D19: 15430395 | E19: 1 | F19: 1 | G19: 1 | H19: 1 | I19: 4-100-00 | K19: Затраты труда машинистов | L19: 1191 | N19: 1013 | O19: чел.-ч. | P19: чел.-ч. | Q19: 1 | W19: 0 | X19: -1417349443 | Y19: 4.23 | AA19: 0 | AB19: 0 | AC19: 0 | AD19: 0 | AE19: 0 | AF19: 0 | AG19: 0 | AH19: 0 | AI19: 1 | AJ19: 1 | AK19: 6.57 | AL19: 1 | AN19: 0 | AO19: 1 | AP19: 0 | AQ19: 0 | AR19: 0 | AT19: 4.23 | AV19: 2 | AW19: 2 | AX19: 16497039 | AY19: 1 | AZ19: 0 | BA19: 19 | BB19: 0 | BC19: 0 | BD19: 0 | BE19: 0 | BF19: 0 | BG19: 0 | BH19: 0 | BI19: 0 | BJ19: 0 | BK19: 0 | BL19: 0 | BM19: 0 | BN19: 0 | BO19: 0 | BP19: 0 | BQ19: 0 | BR19: 0 | BS19: 0 | BT19: 0 | BU19: 0 | BV19: 0 | BW19: 0 | CX19: =Y19*Source!I27 -> 6.822144 | CY19: =AD19 -> 0 | CZ19: =AH19 -> 0 | DA19: =AL19 -> 1 | DB19: 0
A20: =ROW(Source!A27) -> 27 | B20: 16497268 | C20: 16497025 | D20: 15247974 | E20: 1 | F20: 1 | G20: 1 | H20: 2 | I20: 91.06.06-048 | J20: ФСЭМ-2001, 91.06.06-048, приказ Минстроя России №1039/пр от 30.12.2016г. | K20: Подъемники одномачтовые, грузоподъемность до 500 кг, высота подъема 45 м | L20: 1368 | N20: 1011 | O20: маш.-ч | P20: маш.-ч | Q20: 1 | W20: 0 | X20: 1188625873 | Y20: 0.66 | AA20: 0 | AB20: 205.38 | AC20: 13.5 | AD20: 0 | AE20: 0 | AF20: 31.26 | AG20: 13.5 | AH20: 0 | AI20: 1 | AJ20: 6.57 | AK20: 1 | AL20: 1 | AN20: 0 | AO20: 1 | AP20: 0 | AQ20: 0 | AR20: 0 | AT20: 0.66 | AV20: 0 | AW20: 2 | AX20: 16497040 | AY20: 1 | AZ20: 0 | BA20: 20 | BB20: 0 | BC20: 0 | BD20: 0 | BE20: 0 | BF20: 0 | BG20: 0 | BH20: 0 | BI20: 0 | BJ20: 0 | BK20: 0 | BL20: 0 | BM20: 0 | BN20: 0 | BO20: 0 | BP20: 0 | BQ20: 0 | BR20: 0 | BS20: 0 | BT20: 0 | BU20: 0 | BV20: 0 | BW20: 0 | CX20: =Y20*Source!I27 -> 1.064448 | CY20: =AB20 -> 205.38 | CZ20: =AF20 -> 31.26 | DA20: =AJ20 -> 6.57 | DB20: 0
A21: =ROW(Source!A27) -> 27 | B21: 16497268 | C21: 16497025 | D21: 15249073 | E21: 1 | F21: 1 | G21: 1 | H21: 2 | I21: 91.14.02-001 | J21: ФСЭМ-2001, 91.14.02-001, приказ Минстроя России №1039/пр от 30.12.2016г. | K21: Автомобили бортовые, грузоподъемность до 5 т | L21: 1368 | N21: 1011 | O21: маш.-ч | P21: маш.-ч | Q21: 1 | W21: 0 | X21: 1372534845 | Y21: 3.57 | AA21: 0 | AB21: 431.71 | AC21: 11.6 | AD21: 0 | AE21: 0 | AF21: 65.71 | AG21: 11.6 | AH21: 0 | AI21: 1 | AJ21: 6.57 | AK21: 1 | AL21: 1 | AN21: 0 | AO21: 1 | AP21: 0 | AQ21: 0 | AR21: 0 | AT21: 3.57 | AV21: 0 | AW21: 2 | AX21: 16497041 | AY21: 1 | AZ21: 0 | BA21: 21 | BB21: 0 | BC21: 0 | BD21: 0 | BE21: 0 | BF21: 0 | BG21: 0 | BH21: 0 | BI21: 0 | BJ21: 0 | BK21: 0 | BL21: 0 | BM21: 0 | BN21: 0 | BO21: 0 | BP21: 0 | BQ21: 0 | BR21: 0 | BS21: 0 | BT21: 0 | BU21: 0 | BV21: 0 | BW21: 0 | CX21: =Y21*Source!I27 -> 5.757696 | CY21: =AB21 -> 431.71 | CZ21: =AF21 -> 65.71 | DA21: =AJ21 -> 6.57 | DB21: 0
A22: =ROW(Source!A27) -> 27 | B22: 16497268 | C22: 16497025 | D22: 15167551 | E22: 1 | F22: 1 | G22: 1 | H22: 3 | I22: 01.7.06.02-0001 | J22: ФССЦ-2001, 01.7.06.02-0001, приказ Минстроя России №1039/пр от 30.12.2016г. | K22: Лента бутиловая | L22: 1301 | N22: 1003 | O22: м | P22: м | Q22: 1 | W22: 0 | X22: 751777312 | Y22: 253 | AA22: 41.92 | AB22: 0 | AC22: 0 | AD22: 0 | AE22: 6.38 | AF22: 0 | AG22: 0 | AH22: 0 | AI22: 6.57 | AJ22: 1 | AK22: 1 | AL22: 1 | AN22: 0 | AO22: 1 | AP22: 0 | AQ22: 0 | AR22: 0 | AT22: 253 | AV22: 0 | AW22: 2 | AX22: 16497042 | AY22: 1 | AZ22: 0 | BA22: 22 | BB22: 0 | BC22: 0 | BD22: 0 | BE22: 0 | BF22: 0 | BG22: 0 | BH22: 0 | BI22: 0 | BJ22: 0 | BK22: 0 | BL22: 0 | BM22: 0 | BN22: 0 | BO22: 0 | BP22: 0 | BQ22: 0 | BR22: 0 | BS22: 0 | BT22: 0 | BU22: 0 | BV22: 0 | BW22: 0 | CX22: =Y22*Source!I27 -> 408.0384 | CY22: =AA22 -> 41.92 | CZ22: =AE22 -> 6.38 | DA22: =AI22 -> 6.57 | DB22: 0
A23: =ROW(Source!A27) -> 27 | B23: 16497268 | C23: 16497025 | D23: 15167552 | E23: 1 | F23: 1 | G23: 1 | H23: 3 | I23: 01.7.06.02-0002 | J23: ФССЦ-2001, 01.7.06.02-0002, приказ Минстроя России №1039/пр от 30.12.2016г. | K23: Лента бутиловая диффузионная | L23: 1301 | N23: 1003 | O23: м | P23: м | Q23: 1 | W23: 0 | X23: 1744203244 | Y23: 59 | AA23: 52.23 | AB23: 0 | AC23: 0 | AD23: 0 | AE23: 7.95 | AF23: 0 | AG23: 0 | AH23: 0 | AI23: 6.57 | AJ23: 1 | AK23: 1 | AL23: 1 | AN23: 0 | AO23: 1 | AP23: 0 | AQ23: 0 | AR23: 0 | AT23: 59 | AV23: 0 | AW23: 2 | AX23: 16497043 | AY23: 1 | AZ23: 0 | BA23: 23 | BB23: 0 | BC23: 0 | BD23: 0 | BE23: 0 | BF23: 0 | BG23: 0 | BH23: 0 | BI23: 0 | BJ23: 0 | BK23: 0 | BL23: 0 | BM23: 0 | BN23: 0 | BO23: 0 | BP23: 0 | BQ23: 0 | BR23: 0 | BS23: 0 | BT23: 0 | BU23: 0 | BV23: 0 | BW23: 0 | CX23: =Y23*Source!I27 -> 95.1552 | CY23: =AA23 -> 52.23 | CZ23: =AE23 -> 7.95 | DA23: =AI23 -> 6.57 | DB23: 0
A24: =ROW(Source!A27) -> 27 | B24: 16497268 | C24: 16497025 | D24: 15167640 | E24: 1 | F24: 1 | G24: 1 | H24: 3 | I24: 01.7.06.11-0001 | J24: ФССЦ-2001, 01.7.06.11-0001, приказ Минстроя России №1039/пр от 30.12.2016г. | K24: Лента ПСУЛ | L24: 1302 | N24: 1003 | O24: 10 м | P24: 10 м | Q24: 10 | W24: 0 | X24: -405326455 | Y24: 15.9 | AA24: 421.14 | AB24: 0 | AC24: 0 | AD24: 0 | AE24: 64.1 | AF24: 0 | AG24: 0 | AH24: 0 | AI24: 6.57 | AJ24: 1 | AK24: 1 | AL24: 1 | AN24: 0 | AO24: 1 | AP24: 0 | AQ24: 0 | AR24: 0 | AT24: 15.9 | AV24: 0 | AW24: 2 | AX24: 16497044 | AY24: 1 | AZ24: 0 | BA24: 24 | BB24: 0 | BC24: 0 | BD24: 0 | BE24: 0 | BF24: 0 | BG24: 0 | BH24: 0 | BI24: 0 | BJ24: 0 | BK24: 0 | BL24: 0 | BM24: 0 | BN24: 0 | BO24: 0 | BP24: 0 | BQ24: 0 | BR24: 0 | BS24: 0 | BT24: 0 | BU24: 0 | BV24: 0 | BW24: 0 | CX24: =Y24*Source!I27 -> 25.64352 | CY24: =AA24 -> 421.14 | CZ24: =AE24 -> 64.1 | DA24: =AI24 -> 6.57 | DB24: 0
A25: =ROW(Source!A27) -> 27 | B25: 16497268 | C25: 16497025 | D25: 15170065 | E25: 1 | F25: 1 | G25: 1 | H25: 3 | I25: 01.7.15.07-0005 | J25: ФССЦ-2001, 01.7.15.07-0005, приказ Минстроя России №1039/пр от 30.12.2016г. | K25: Дюбели монтажные 10х130 (10х132, 10х150) мм | L25: 1358 | N25: 1010 | O25: 10 шт. | P25: 10 шт. | Q25: 10 | W25: 0 | X25: -858120743 | Y25: 41.2 | AA25: 46.19 | AB25: 0 | AC25: 0 | AD25: 0 | AE25: 7.03 | AF25: 0 | AG25: 0 | AH25: 0 | AI25: 6.57 | AJ25: 1 | AK25: 1 | AL25: 1 | AN25: 0 | AO25: 1 | AP25: 0 | AQ25: 0 | AR25: 0 | AT25: 41.2 | AV25: 0 | AW25: 2 | AX25: 16497045 | AY25: 1 | AZ25: 0 | BA25: 25 | BB25: 0 | BC25: 0 | BD25: 0 | BE25: 0 | BF25: 0 | BG25: 0 | BH25: 0 | BI25: 0 | BJ25: 0 | BK25: 0 | BL25: 0 | BM25: 0 | BN25: 0 | BO25: 0 | BP25: 0 | BQ25: 0 | BR25: 0 | BS25: 0 | BT25: 0 | BU25: 0 | BV25: 0 | BW25: 0 | CX25: =Y25*Source!I27 -> 66.44736 | CY25: =AA25 -> 46.19 | CZ25: =AE25 -> 7.03 | DA25: =AI25 -> 6.57 | DB25: 0
A26: =ROW(Source!A27) -> 27 | B26: 16497268 | C26: 16497025 | D26: 15197780 | E26: 1 | F26: 1 | G26: 1 | H26: 3 | I26: 11.3.03.15-0021 | J26: ФССЦ-2001, 11.3.03.15-0021, приказ Минстроя России №1039/пр от 30.12.2016г. | K26: Клинья пластиковые монтажные | L26: 1355 | N26: 1010 | O26: 100 шт. | P26: 100 шт. | Q26: 100 | W26: 0 | X26: 1709713925 | Y26: 8 | AA26: 328.5 | AB26: 0 | AC26: 0 | AD26: 0 | AE26: 50 | AF26: 0 | AG26: 0 | AH26: 0 | AI26: 6.57 | AJ26: 1 | AK26: 1 | AL26: 1 | AN26: 0 | AO26: 1 | AP26: 0 | AQ26: 0 | AR26: 0 | AT26: 8 | AV26: 0 | AW26: 2 | AX26: 16497047 | AY26: 1 | AZ26: 0 | BA26: 27 | BB26: 0 | BC26: 0 | BD26: 0 | BE26: 0 | BF26: 0 | BG26: 0 | BH26: 0 | BI26: 0 | BJ26: 0 | BK26: 0 | BL26: 0 | BM26: 0 | BN26: 0 | BO26: 0 | BP26: 0 | BQ26: 0 | BR26: 0 | BS26: 0 | BT26: 0 | BU26: 0 | BV26: 0 | BW26: 0 | CX26: =Y26*Source!I27 -> 12.9024 | CY26: =AA26 -> 328.5 | CZ26: =AE26 -> 50 | DA26: =AI26 -> 6.57 | DB26: 0
A27: =ROW(Source!A27) -> 27 | B27: 16497268 | C27: 16497025 | D27: 15204239 | E27: 1 | F27: 1 | G27: 1 | H27: 3 | I27: 14.5.01.05-0001 | J27: ФССЦ-2001, 14.5.01.05-0001, приказ Минстроя России №1039/пр от 30.12.2016г. | K27: Герметик пенополиуретановый (пена монтажная) типа Makrofleks, Soudal в баллонах по 750 мл | L27: 1354 | N27: 1010 | O27: шт. | P27: шт. | Q27: 1 | W27: 0 | X27: -1018551266 | Y27: 71 | AA27: 440.19 | AB27: 0 | AC27: 0 | AD27: 0 | AE27: 67 | AF27: 0 | AG27: 0 | AH27: 0 | AI27: 6.57 | AJ27: 1 | AK27: 1 | AL27: 1 | AN27: 0 | AO27: 1 | AP27: 0 | AQ27: 0 | AR27: 0 | AT27: 71 | AV27: 0 | AW27: 2 | AX27: 16497048 | AY27: 1 | AZ27: 0 | BA27: 28 | BB27: 0 | BC27: 0 | BD27: 0 | BE27: 0 | BF27: 0 | BG27: 0 | BH27: 0 | BI27: 0 | BJ27: 0 | BK27: 0 | BL27: 0 | BM27: 0 | BN27: 0 | BO27: 0 | BP27: 0 | BQ27: 0 | BR27: 0 | BS27: 0 | BT27: 0 | BU27: 0 | BV27: 0 | BW27: 0 | CX27: =Y27*Source!I27 -> 114.5088 | CY27: =AA27 -> 440.19 | CZ27: =AE27 -> 67 | DA27: =AI27 -> 6.57 | DB27: 0
A28: =ROW(Source!A27) -> 27 | B28: 16497268 | C28: 16497025 | D28: 0 | E28: 0 | F28: 1 | G28: 1 | H28: 3 | I28: Цена поставщика | K28: Блок оконный пластиковый | L28: 1327 | N28: 1005 | O28: м2 | P28: м2 | Q28: 1 | W28: 0 | X28: -1032967554 | Y28: 100 | AA28: 2930.68 | AB28: 0 | AC28: 0 | AD28: 0 | AE28: 446.07 | AF28: 0 | AG28: 0 | AH28: 0 | AI28: 6.57 | AJ28: 1 | AK28: 1 | AL28: 1 | AN28: 0 | AO28: 0 | AP28: 0 | AQ28: 0 | AR28: 0 | AT28: 100 | AV28: 0 | AW28: 1 | AX28: -1 | AY28: 0 | AZ28: 0 | BB28: 0 | BC28: 0 | BD28: 0 | BE28: 0 | BF28: 0 | BG28: 0 | BH28: 0 | BI28: 0 | BJ28: 0 | BK28: 0 | BL28: 0 | BM28: 0 | BN28: 0 | BO28: 0 | BP28: 0 | BQ28: 0 | BR28: 0 | BS28: 0 | BT28: 0 | BU28: 0 | BV28: 0 | BW28: 0 | CX28: =Y28*Source!I27 -> 161.28 | CY28: =AA28 -> 2930.68 | CZ28: =AE28 -> 446.07 | DA28: =AI28 -> 6.57 | DB28: 0
A29: =ROW(Source!A30) -> 30 | B29: 16496956 | C29: 16497051 | D29: 15430767 | E29: 1 | F29: 1 | G29: 1 | H29: 1 | I29: 1-100-30 | K29: Рабочий среднего разряда 3 | L29: 1191 | N29: 1013 | O29: чел.-ч. | P29: чел.-ч. | Q29: 1 | W29: 0 | X29: -400197608 | Y29: 21.38 | AA29: 0 | AB29: 0 | AC29: 0 | AD29: 8.53 | AE29: 0 | AF29: 0 | AG29: 0 | AH29: 8.53 | AI29: 1 | AJ29: 1 | AK29: 1 | AL29: 1 | AN29: 0 | AO29: 1 | AP29: 0 | AQ29: 0 | AR29: 0 | AT29: 21.38 | AV29: 1 | AW29: 2 | AX29: 16497059 | AY29: 1 | AZ29: 0 | BA29: 29 | BB29: 0 | BC29: 0 | BD29: 0 | BE29: 0 | BF29: 0 | BG29: 0 | BH29: 0 | BI29: 0 | BJ29: 0 | BK29: 0 | BL29: 0 | BM29: 0 | BN29: 0 | BO29: 0 | BP29: 0 | BQ29: 0 | BR29: 0 | BS29: 0 | BT29: 0 | BU29: 0 | BV29: 0 | BW29: 0 | CX29: =Y29*Source!I30 -> 23.9456 | CY29: =AD29 -> 8.53 | CZ29: =AH29 -> 8.53 | DA29: =AL29 -> 1 | DB29: 0
A30: =ROW(Source!A30) -> 30 | B30: 16496956 | C30: 16497051 | D30: 15430395 | E30: 1 | F30: 1 | G30: 1 | H30: 1 | I30: 4-100-00 | K30: Затраты труда машинистов | L30: 1191 | N30: 1013 | O30: чел.-ч. | P30: чел.-ч. | Q30: 1 | W30: 0 | X30: -1417349443 | Y30: 0.37 | AA30: 0 | AB30: 0 | AC30: 0 | AD30: 0 | AE30: 0 | AF30: 0 | AG30: 0 | AH30: 0 | AI30: 1 | AJ30: 1 | AK30: 1 | AL30: 1 | AN30: 0 | AO30: 1 | AP30: 0 | AQ30: 0 | AR30: 0 | AT30: 0.37 | AV30: 2 | AW30: 2 | AX30: 16497060 | AY30: 1 | AZ30: 0 | BA30: 30 | BB30: 0 | BC30: 0 | BD30: 0 | BE30: 0 | BF30: 0 | BG30: 0 | BH30: 0 | BI30: 0 | BJ30: 0 | BK30: 0 | BL30: 0 | BM30: 0 | BN30: 0 | BO30: 0 | BP30: 0 | BQ30: 0 | BR30: 0 | BS30: 0 | BT30: 0 | BU30: 0 | BV30: 0 | BW30: 0 | CX30: =Y30*Source!I30 -> 0.4144 | CY30: =AD30 -> 0 | CZ30: =AH30 -> 0 | DA30: =AL30 -> 1 | DB30: 0
A31: =ROW(Source!A30) -> 30 | B31: 16496956 | C31: 16497051 | D31: 15247974 | E31: 1 | F31: 1 | G31: 1 | H31: 2 | I31: 91.06.06-048 | J31: ФСЭМ-2001, 91.06.06-048, приказ Минстроя России №1039/пр от 30.12.2016г. | K31: Подъемники одномачтовые, грузоподъемность до 500 кг, высота подъема 45 м | L31: 1368 | N31: 1011 | O31: маш.-ч | P31: маш.-ч | Q31: 1 | W31: 0 | X31: 1188625873 | Y31: 0.07 | AA31: 0 | AB31: 31.26 | AC31: 13.5 | AD31: 0 | AE31: 0 | AF31: 31.26 | AG31: 13.5 | AH31: 0 | AI31: 1 | AJ31: 1 | AK31: 1 | AL31: 1 | AN31: 0 | AO31: 1 | AP31: 0 | AQ31: 0 | AR31: 0 | AT31: 0.07 | AV31: 0 | AW31: 2 | AX31: 16497061 | AY31: 1 | AZ31: 0 | BA31: 31 | BB31: 0 | BC31: 0 | BD31: 0 | BE31: 0 | BF31: 0 | BG31: 0 | BH31: 0 | BI31: 0 | BJ31: 0 | BK31: 0 | BL31: 0 | BM31: 0 | BN31: 0 | BO31: 0 | BP31: 0 | BQ31: 0 | BR31: 0 | BS31: 0 | BT31: 0 | BU31: 0 | BV31: 0 | BW31: 0 | CX31: =Y31*Source!I30 -> 0.0784 | CY31: =AB31 -> 31.26 | CZ31: =AF31 -> 31.26 | DA31: =AJ31 -> 1 | DB31: 0
A32: =ROW(Source!A30) -> 30 | B32: 16496956 | C32: 16497051 | D32: 15249073 | E32: 1 | F32: 1 | G32: 1 | H32: 2 | I32: 91.14.02-001 | J32: ФСЭМ-2001, 91.14.02-001, приказ Минстроя России №1039/пр от 30.12.2016г. | K32: Автомобили бортовые, грузоподъемность до 5 т | L32: 1368 | N32: 1011 | O32: маш.-ч | P32: маш.-ч | Q32: 1 | W32: 0 | X32: 1372534845 | Y32: 0.3 | AA32: 0 | AB32: 65.71 | AC32: 11.6 | AD32: 0 | AE32: 0 | AF32: 65.71 | AG32: 11.6 | AH32: 0 | AI32: 1 | AJ32: 1 | AK32: 1 | AL32: 1 | AN32: 0 | AO32: 1 | AP32: 0 | AQ32: 0 | AR32: 0 | AT32: 0.3 | AV32: 0 | AW32: 2 | AX32: 16497062 | AY32: 1 | AZ32: 0 | BA32: 32 | BB32: 0 | BC32: 0 | BD32: 0 | BE32: 0 | BF32: 0 | BG32: 0 | BH32: 0 | BI32: 0 | BJ32: 0 | BK32: 0 | BL32: 0 | BM32: 0 | BN32: 0 | BO32: 0 | BP32: 0 | BQ32: 0 | BR32: 0 | BS32: 0 | BT32: 0 | BU32: 0 | BV32: 0 | BW32: 0 | CX32: =Y32*Source!I30 -> 0.336 | CY32: =AB32 -> 65.71 | CZ32: =AF32 -> 65.71 | DA32: =AJ32 -> 1 | DB32: 0
A33: =ROW(Source!A30) -> 30 | B33: 16496956 | C33: 16497051 | D33: 15197780 | E33: 1 | F33: 1 | G33: 1 | H33: 3 | I33: 11.3.03.15-0021 | J33: ФССЦ-2001, 11.3.03.15-0021, приказ Минстроя России №1039/пр от 30.12.2016г. | K33: Клинья пластиковые монтажные | L33: 1355 | N33: 1010 | O33: 100 шт. | P33: 100 шт. | Q33: 100 | W33: 0 | X33: 1709713925 | Y33: 4 | AA33: 50 | AB33: 0 | AC33: 0 | AD33: 0 | AE33: 50 | AF33: 0 | AG33: 0 | AH33: 0 | AI33: 1 | AJ33: 1 | AK33: 1 | AL33: 1 | AN33: 0 | AO33: 1 | AP33: 0 | AQ33: 0 | AR33: 0 | AT33: 4 | AV33: 0 | AW33: 2 | AX33: 16497064 | AY33: 1 | AZ33: 0 | BA33: 34 | BB33: 0 | BC33: 0 | BD33: 0 | BE33: 0 | BF33: 0 | BG33: 0 | BH33: 0 | BI33: 0 | BJ33: 0 | BK33: 0 | BL33: 0 | BM33: 0 | BN33: 0 | BO33: 0 | BP33: 0 | BQ33: 0 | BR33: 0 | BS33: 0 | BT33: 0 | BU33: 0 | BV33: 0 | BW33: 0 | CX33: =Y33*Source!I30 -> 4.48 | CY33: =AA33 -> 50 | CZ33: =AE33 -> 50 | DA33: =AI33 -> 1 | DB33: 0
A34: =ROW(Source!A30) -> 30 | B34: 16496956 | C34: 16497051 | D34: 15204239 | E34: 1 | F34: 1 | G34: 1 | H34: 3 | I34: 14.5.01.05-0001 | J34: ФССЦ-2001, 14.5.01.05-0001, приказ Минстроя России №1039/пр от 30.12.2016г. | K34: Герметик пенополиуретановый (пена монтажная) типа Makrofleks, Soudal в баллонах по 750 мл | L34: 1354 | N34: 1010 | O34: шт. | P34: шт. | Q34: 1 | W34: 0 | X34: -1018551266 | Y34: 90.7 | AA34: 67 | AB34: 0 | AC34: 0 | AD34: 0 | AE34: 67 | AF34: 0 | AG34: 0 | AH34: 0 | AI34: 1 | AJ34: 1 | AK34: 1 | AL34: 1 | AN34: 0 | AO34: 1 | AP34: 0 | AQ34: 0 | AR34: 0 | AT34: 90.7 | AV34: 0 | AW34: 2 | AX34: 16497065 | AY34: 1 | AZ34: 0 | BA34: 35 | BB34: 0 | BC34: 0 | BD34: 0 | BE34: 0 | BF34: 0 | BG34: 0 | BH34: 0 | BI34: 0 | BJ34: 0 | BK34: 0 | BL34: 0 | BM34: 0 | BN34: 0 | BO34: 0 | BP34: 0 | BQ34: 0 | BR34: 0 | BS34: 0 | BT34: 0 | BU34: 0 | BV34: 0 | BW34: 0 | CX34: =Y34*Source!I30 -> 101.584 | CY34: =AA34 -> 67 | CZ34: =AE34 -> 67 | DA34: =AI34 -> 1 | DB34: 0
A35: =ROW(Source!A30) -> 30 | B35: 16496956 | C35: 16497051 | D35: 0 | E35: 0 | F35: 1 | G35: 1 | H35: 3 | I35: Цена поставщика | K35: Доски подоконные ПВХ | L35: 1301 | N35: 1003 | O35: м | P35: м | Q35: 1 | W35: 0 | X35: -237550630 | Y35: 100 | AA35: 0 | AB35: 0 | AC35: 0 | AD35: 0 | AE35: 0 | AF35: 0 | AG35: 0 | AH35: 0 | AI35: 1 | AJ35: 1 | AK35: 1 | AL35: 1 | AN35: 0 | AO35: 0 | AP35: 0 | AQ35: 0 | AR35: 0 | AT35: 100 | AV35: 0 | AW35: 1 | AX35: -1 | AY35: 0 | AZ35: 0 | BB35: 0 | BC35: 0 | BD35: 0 | BE35: 0 | BF35: 0 | BG35: 0 | BH35: 0 | BI35: 0 | BJ35: 0 | BK35: 0 | BL35: 0 | BM35: 0 | BN35: 0 | BO35: 0 | BP35: 0 | BQ35: 0 | BR35: 0 | BS35: 0 | BT35: 0 | BU35: 0 | BV35: 0 | BW35: 0 | CX35: =Y35*Source!I30 -> 112 | CY35: =AA35 -> 0 | CZ35: =AE35 -> 0 | DA35: =AI35 -> 1 | DB35: 0
A36: =ROW(Source!A31) -> 31 | B36: 16497268 | C36: 16497051 | D36: 15430767 | E36: 1 | F36: 1 | G36: 1 | H36: 1 | I36: 1-100-30 | K36: Рабочий среднего разряда 3 | L36: 1191 | N36: 1013 | O36: чел.-ч. | P36: чел.-ч. | Q36: 1 | W36: 0 | X36: -400197608 | Y36: 21.38 | AA36: 0 | AB36: 0 | AC36: 0 | AD36: 56.04 | AE36: 0 | AF36: 0 | AG36: 0 | AH36: 8.53 | AI36: 1 | AJ36: 1 | AK36: 1 | AL36: 6.57 | AN36: 0 | AO36: 1 | AP36: 0 | AQ36: 0 | AR36: 0 | AT36: 21.38 | AV36: 1 | AW36: 2 | AX36: 16497059 | AY36: 1 | AZ36: 0 | BA36: 36 | BB36: 0 | BC36: 0 | BD36: 0 | BE36: 0 | BF36: 0 | BG36: 0 | BH36: 0 | BI36: 0 | BJ36: 0 | BK36: 0 | BL36: 0 | BM36: 0 | BN36: 0 | BO36: 0 | BP36: 0 | BQ36: 0 | BR36: 0 | BS36: 0 | BT36: 0 | BU36: 0 | BV36: 0 | BW36: 0 | CX36: =Y36*Source!I31 -> 23.9456 | CY36: =AD36 -> 56.04 | CZ36: =AH36 -> 8.53 | DA36: =AL36 -> 6.57 | DB36: 0
A37: =ROW(Source!A31) -> 31 | B37: 16497268 | C37: 16497051 | D37: 15430395 | E37: 1 | F37: 1 | G37: 1 | H37: 1 | I37: 4-100-00 | K37: Затраты труда машинистов | L37: 1191 | N37: 1013 | O37: чел.-ч. | P37: чел.-ч. | Q37: 1 | W37: 0 | X37: -1417349443 | Y37: 0.37 | AA37: 0 | AB37: 0 | AC37: 0 | AD37: 0 | AE37: 0 | AF37: 0 | AG37: 0 | AH37: 0 | AI37: 1 | AJ37: 1 | AK37: 6.57 | AL37: 1 | AN37: 0 | AO37: 1 | AP37: 0 | AQ37: 0 | AR37: 0 | AT37: 0.37 | AV37: 2 | AW37: 2 | AX37: 16497060 | AY37: 1 | AZ37: 0 | BA37: 37 | BB37: 0 | BC37: 0 | BD37: 0 | BE37: 0 | BF37: 0 | BG37: 0 | BH37: 0 | BI37: 0 | BJ37: 0 | BK37: 0 | BL37: 0 | BM37: 0 | BN37: 0 | BO37: 0 | BP37: 0 | BQ37: 0 | BR37: 0 | BS37: 0 | BT37: 0 | BU37: 0 | BV37: 0 | BW37: 0 | CX37: =Y37*Source!I31 -> 0.4144 | CY37: =AD37 -> 0 | CZ37: =AH37 -> 0 | DA37: =AL37 -> 1 | DB37: 0
A38: =ROW(Source!A31) -> 31 | B38: 16497268 | C38: 16497051 | D38: 15247974 | E38: 1 | F38: 1 | G38: 1 | H38: 2 | I38: 91.06.06-048 | J38: ФСЭМ-2001, 91.06.06-048, приказ Минстроя России №1039/пр от 30.12.2016г. | K38: Подъемники одномачтовые, грузоподъемность до 500 кг, высота подъема 45 м | L38: 1368 | N38: 1011 | O38: маш.-ч | P38: маш.-ч | Q38: 1 | W38: 0 | X38: 1188625873 | Y38: 0.07 | AA38: 0 | AB38: 205.38 | AC38: 13.5 | AD38: 0 | AE38: 0 | AF38: 31.26 | AG38: 13.5 | AH38: 0 | AI38: 1 | AJ38: 6.57 | AK38: 1 | AL38: 1 | AN38: 0 | AO38: 1 | AP38: 0 | AQ38: 0 | AR38: 0 | AT38: 0.07 | AV38: 0 | AW38: 2 | AX38: 16497061 | AY38: 1 | AZ38: 0 | BA38: 38 | BB38: 0 | BC38: 0 | BD38: 0 | BE38: 0 | BF38: 0 | BG38: 0 | BH38: 0 | BI38: 0 | BJ38: 0 | BK38: 0 | BL38: 0 | BM38: 0 | BN38: 0 | BO38: 0 | BP38: 0 | BQ38: 0 | BR38: 0 | BS38: 0 | BT38: 0 | BU38: 0 | BV38: 0 | BW38: 0 | CX38: =Y38*Source!I31 -> 0.0784 | CY38: =AB38 -> 205.38 | CZ38: =AF38 -> 31.26 | DA38: =AJ38 -> 6.57 | DB38: 0
A39: =ROW(Source!A31) -> 31 | B39: 16497268 | C39: 16497051 | D39: 15249073 | E39: 1 | F39: 1 | G39: 1 | H39: 2 | I39: 91.14.02-001 | J39: ФСЭМ-2001, 91.14.02-001, приказ Минстроя России №1039/пр от 30.12.2016г. | K39: Автомобили бортовые, грузоподъемность до 5 т | L39: 1368 | N39: 1011 | O39: маш.-ч | P39: маш.-ч | Q39: 1 | W39: 0 | X39: 1372534845 | Y39: 0.3 | AA39: 0 | AB39: 431.71 | AC39: 11.6 | AD39: 0 | AE39: 0 | AF39: 65.71 | AG39: 11.6 | AH39: 0 | AI39: 1 | AJ39: 6.57 | AK39: 1 | AL39: 1 | AN39: 0 | AO39: 1 | AP39: 0 | AQ39: 0 | AR39: 0 | AT39: 0.3 | AV39: 0 | AW39: 2 | AX39: 16497062 | AY39: 1 | AZ39: 0 | BA39: 39 | BB39: 0 | BC39: 0 | BD39: 0 | BE39: 0 | BF39: 0 | BG39: 0 | BH39: 0 | BI39: 0 | BJ39: 0 | BK39: 0 | BL39: 0 | BM39: 0 | BN39: 0 | BO39: 0 | BP39: 0 | BQ39: 0 | BR39: 0 | BS39: 0 | BT39: 0 | BU39: 0 | BV39: 0 | BW39: 0 | CX39: =Y39*Source!I31 -> 0.336 | CY39: =AB39 -> 431.71 | CZ39: =AF39 -> 65.71 | DA39: =AJ39 -> 6.57 | DB39: 0
A40: =ROW(Source!A31) -> 31 | B40: 16497268 | C40: 16497051 | D40: 15197780 | E40: 1 | F40: 1 | G40: 1 | H40: 3 | I40: 11.3.03.15-0021 | J40: ФССЦ-2001, 11.3.03.15-0021, приказ Минстроя России №1039/пр от 30.12.2016г. | K40: Клинья пластиковые монтажные | L40: 1355 | N40: 1010 | O40: 100 шт. | P40: 100 шт. | Q40: 100 | W40: 0 | X40: 1709713925 | Y40: 4 | AA40: 328.5 | AB40: 0 | AC40: 0 | AD40: 0 | AE40: 50 | AF40: 0 | AG40: 0 | AH40: 0 | AI40: 6.57 | AJ40: 1 | AK40: 1 | AL40: 1 | AN40: 0 | AO40: 1 | AP40: 0 | AQ40: 0 | AR40: 0 | AT40: 4 | AV40: 0 | AW40: 2 | AX40: 16497064 | AY40: 1 | AZ40: 0 | BA40: 41 | BB40: 0 | BC40: 0 | BD40: 0 | BE40: 0 | BF40: 0 | BG40: 0 | BH40: 0 | BI40: 0 | BJ40: 0 | BK40: 0 | BL40: 0 | BM40: 0 | BN40: 0 | BO40: 0 | BP40: 0 | BQ40: 0 | BR40: 0 | BS40: 0 | BT40: 0 | BU40: 0 | BV40: 0 | BW40: 0 | CX40: =Y40*Source!I31 -> 4.48 | CY40: =AA40 -> 328.5 | CZ40: =AE40 -> 50 | DA40: =AI40 -> 6.57 | DB40: 0
A41: =ROW(Source!A31) -> 31 | B41: 16497268 | C41: 16497051 | D41: 15204239 | E41: 1 | F41: 1 | G41: 1 | H41: 3 | I41: 14.5.01.05-0001 | J41: ФССЦ-2001, 14.5.01.05-0001, приказ Минстроя России №1039/пр от 30.12.2016г. | K41: Герметик пенополиуретановый (пена монтажная) типа Makrofleks, Soudal в баллонах по 750 мл | L41: 1354 | N41: 1010 | O41: шт. | P41: шт. | Q41: 1 | W41: 0 | X41: -1018551266 | Y41: 90.7 | AA41: 440.19 | AB41: 0 | AC41: 0 | AD41: 0 | AE41: 67 | AF41: 0 | AG41: 0 | AH41: 0 | AI41: 6.57 | AJ41: 1 | AK41: 1 | AL41: 1 | AN41: 0 | AO41: 1 | AP41: 0 | AQ41: 0 | AR41: 0 | AT41: 90.7 | AV41: 0 | AW41: 2 | AX41: 16497065 | AY41: 1 | AZ41: 0 | BA41: 42 | BB41: 0 | BC41: 0 | BD41: 0 | BE41: 0 | BF41: 0 | BG41: 0 | BH41: 0 | BI41: 0 | BJ41: 0 | BK41: 0 | BL41: 0 | BM41: 0 | BN41: 0 | BO41: 0 | BP41: 0 | BQ41: 0 | BR41: 0 | BS41: 0 | BT41: 0 | BU41: 0 | BV41: 0 | BW41: 0 | CX41: =Y41*Source!I31 -> 101.584 | CY41: =AA41 -> 440.19 | CZ41: =AE41 -> 67 | DA41: =AI41 -> 6.57 | DB41: 0
A42: =ROW(Source!A31) -> 31 | B42: 16497268 | C42: 16497051 | D42: 0 | E42: 0 | F42: 1 | G42: 1 | H42: 3 | I42: Цена поставщика | K42: Доски подоконные ПВХ | L42: 1301 | N42: 1003 | O42: м | P42: м | Q42: 1 | W42: 0 | X42: -237550630 | Y42: 100 | AA42: 1524.31 | AB42: 0 | AC42: 0 | AD42: 0 | AE42: 232.01 | AF42: 0 | AG42: 0 | AH42: 0 | AI42: 6.57 | AJ42: 1 | AK42: 1 | AL42: 1 | AN42: 0 | AO42: 0 | AP42: 0 | AQ42: 0 | AR42: 0 | AT42: 100 | AV42: 0 | AW42: 1 | AX42: -1 | AY42: 0 | AZ42: 0 | BB42: 0 | BC42: 0 | BD42: 0 | BE42: 0 | BF42: 0 | BG42: 0 | BH42: 0 | BI42: 0 | BJ42: 0 | BK42: 0 | BL42: 0 | BM42: 0 | BN42: 0 | BO42: 0 | BP42: 0 | BQ42: 0 | BR42: 0 | BS42: 0 | BT42: 0 | BU42: 0 | BV42: 0 | BW42: 0 | CX42: =Y42*Source!I31 -> 112 | CY42: =AA42 -> 1524.31 | CZ42: =AE42 -> 232.01 | DA42: =AI42 -> 6.57 | DB42: 0
A43: =ROW(Source!A34) -> 34 | B43: 16496956 | C43: 16497067 | D43: 15430767 | E43: 1 | F43: 1 | G43: 1 | H43: 1 | I43: 1-100-30 | K43: Рабочий среднего разряда 3 | L43: 1191 | N43: 1013 | O43: чел.-ч. | P43: чел.-ч. | Q43: 1 | W43: 0 | X43: -400197608 | Y43: 41.41 | AA43: 0 | AB43: 0 | AC43: 0 | AD43: 8.53 | AE43: 0 | AF43: 0 | AG43: 0 | AH43: 8.53 | AI43: 1 | AJ43: 1 | AK43: 1 | AL43: 1 | AN43: 0 | AO43: 1 | AP43: 0 | AQ43: 0 | AR43: 0 | AT43: 41.41 | AV43: 1 | AW43: 2 | AX43: 16497078 | AY43: 1 | AZ43: 0 | BA43: 43 | BB43: 0 | BC43: 0 | BD43: 0 | BE43: 0 | BF43: 0 | BG43: 0 | BH43: 0 | BI43: 0 | BJ43: 0 | BK43: 0 | BL43: 0 | BM43: 0 | BN43: 0 | BO43: 0 | BP43: 0 | BQ43: 0 | BR43: 0 | BS43: 0 | BT43: 0 | BU43: 0 | BV43: 0 | BW43: 0 | CX43: =Y43*Source!I34 -> 46.3792 | CY43: =AD43 -> 8.53 | CZ43: =AH43 -> 8.53 | DA43: =AL43 -> 1 | DB43: 0
A44: =ROW(Source!A34) -> 34 | B44: 16496956 | C44: 16497067 | D44: 15430395 | E44: 1 | F44: 1 | G44: 1 | H44: 1 | I44: 4-100-00 | K44: Затраты труда машинистов | L44: 1191 | N44: 1013 | O44: чел.-ч. | P44: чел.-ч. | Q44: 1 | W44: 0 | X44: -1417349443 | Y44: 0.12 | AA44: 0 | AB44: 0 | AC44: 0 | AD44: 0 | AE44: 0 | AF44: 0 | AG44: 0 | AH44: 0 | AI44: 1 | AJ44: 1 | AK44: 1 | AL44: 1 | AN44: 0 | AO44: 1 | AP44: 0 | AQ44: 0 | AR44: 0 | AT44: 0.12 | AV44: 2 | AW44: 2 | AX44: 16497079 | AY44: 1 | AZ44: 0 | BA44: 44 | BB44: 0 | BC44: 0 | BD44: 0 | BE44: 0 | BF44: 0 | BG44: 0 | BH44: 0 | BI44: 0 | BJ44: 0 | BK44: 0 | BL44: 0 | BM44: 0 | BN44: 0 | BO44: 0 | BP44: 0 | BQ44: 0 | BR44: 0 | BS44: 0 | BT44: 0 | BU44: 0 | BV44: 0 | BW44: 0 | CX44: =Y44*Source!I34 -> 0.1344 | CY44: =AD44 -> 0 | CZ44: =AH44 -> 0 | DA44: =AL44 -> 1 | DB44: 0
A45: =ROW(Source!A34) -> 34 | B45: 16496956 | C45: 16497067 | D45: 15247974 | E45: 1 | F45: 1 | G45: 1 | H45: 2 | I45: 91.06.06-048 | J45: ФСЭМ-2001, 91.06.06-048, приказ Минстроя России №1039/пр от 30.12.2016г. | K45: Подъемники одномачтовые, грузоподъемность до 500 кг, высота подъема 45 м | L45: 1368 | N45: 1011 | O45: маш.-ч | P45: маш.-ч | Q45: 1 | W45: 0 | X45: 1188625873 | Y45: 0.08 | AA45: 0 | AB45: 31.26 | AC45: 13.5 | AD45: 0 | AE45: 0 | AF45: 31.26 | AG45: 13.5 | AH45: 0 | AI45: 1 | AJ45: 1 | AK45: 1 | AL45: 1 | AN45: 0 | AO45: 1 | AP45: 0 | AQ45: 0 | AR45: 0 | AT45: 0.08 | AV45: 0 | AW45: 2 | AX45: 16497080 | AY45: 1 | AZ45: 0 | BA45: 45 | BB45: 0 | BC45: 0 | BD45: 0 | BE45: 0 | BF45: 0 | BG45: 0 | BH45: 0 | BI45: 0 | BJ45: 0 | BK45: 0 | BL45: 0 | BM45: 0 | BN45: 0 | BO45: 0 | BP45: 0 | BQ45: 0 | BR45: 0 | BS45: 0 | BT45: 0 | BU45: 0 | BV45: 0 | BW45: 0 | CX45: =Y45*Source!I34 -> 0.0896 | CY45: =AB45 -> 31.26 | CZ45: =AF45 -> 31.26 | DA45: =AJ45 -> 1 | DB45: 0
A46: =ROW(Source!A34) -> 34 | B46: 16496956 | C46: 16497067 | D46: 15249073 | E46: 1 | F46: 1 | G46: 1 | H46: 2 | I46: 91.14.02-001 | J46: ФСЭМ-2001, 91.14.02-001, приказ Минстроя России №1039/пр от 30.12.2016г. | K46: Автомобили бортовые, грузоподъемность до 5 т | L46: 1368 | N46: 1011 | O46: маш.-ч | P46: маш.-ч | Q46: 1 | W46: 0 | X46: 1372534845 | Y46: 0.04 | AA46: 0 | AB46: 65.71 | AC46: 11.6 | AD46: 0 | AE46: 0 | AF46: 65.71 | AG46: 11.6 | AH46: 0 | AI46: 1 | AJ46: 1 | AK46: 1 | AL46: 1 | AN46: 0 | AO46: 1 | AP46: 0 | AQ46: 0 | AR46: 0 | AT46: 0.04 | AV46: 0 | AW46: 2 | AX46: 16497081 | AY46: 1 | AZ46: 0 | BA46: 46 | BB46: 0 | BC46: 0 | BD46: 0 | BE46: 0 | BF46: 0 | BG46: 0 | BH46: 0 | BI46: 0 | BJ46: 0 | BK46: 0 | BL46: 0 | BM46: 0 | BN46: 0 | BO46: 0 | BP46: 0 | BQ46: 0 | BR46: 0 | BS46: 0 | BT46: 0 | BU46: 0 | BV46: 0 | BW46: 0 | CX46: =Y46*Source!I34 -> 0.0448 | CY46: =AB46 -> 65.71 | CZ46: =AF46 -> 65.71 | DA46: =AJ46 -> 1 | DB46: 0
A47: =ROW(Source!A34) -> 34 | B47: 16496956 | C47: 16497067 | D47: 15170039 | E47: 1 | F47: 1 | G47: 1 | H47: 3 | I47: 01.7.15.06-0111 | J47: ФССЦ-2001, 01.7.15.06-0111, приказ Минстроя России №1039/пр от 30.12.2016г. | K47: Гвозди строительные | L47: 1348 | N47: 1009 | O47: т | P47: т | Q47: 1000 | W47: 0 | X47: 1174701286 | Y47: 0.004 | AA47: 11978 | AB47: 0 | AC47: 0 | AD47: 0 | AE47: 11978 | AF47: 0 | AG47: 0 | AH47: 0 | AI47: 1 | AJ47: 1 | AK47: 1 | AL47: 1 | AN47: 0 | AO47: 1 | AP47: 0 | AQ47: 0 | AR47: 0 | AT47: 0.004 | AV47: 0 | AW47: 2 | AX47: 16497083 | AY47: 1 | AZ47: 0 | BA47: 48 | BB47: 0 | BC47: 0 | BD47: 0 | BE47: 0 | BF47: 0 | BG47: 0 | BH47: 0 | BI47: 0 | BJ47: 0 | BK47: 0 | BL47: 0 | BM47: 0 | BN47: 0 | BO47: 0 | BP47: 0 | BQ47: 0 | BR47: 0 | BS47: 0 | BT47: 0 | BU47: 0 | BV47: 0 | BW47: 0 | CX47: =Y47*Source!I34 -> 0.00448 | CY47: =AA47 -> 11978 | CZ47: =AE47 -> 11978 | DA47: =AI47 -> 1 | DB47: 0
A48: =ROW(Source!A34) -> 34 | B48: 16496956 | C48: 16497067 | D48: 15191139 | E48: 1 | F48: 1 | G48: 1 | H48: 3 | I48: 08.3.03.05-0001 | J48: ФССЦ-2001, 08.3.03.05-0001, приказ Минстроя России №1039/пр от 30.12.2016г. | K48: Проволока канатная оцинкованная, диаметром 2,6 мм | L48: 1348 | N48: 1009 | O48: т | P48: т | Q48: 1000 | W48: 0 | X48: -740471490 | Y48: 0.006 | AA48: 8023 | AB48: 0 | AC48: 0 | AD48: 0 | AE48: 8023 | AF48: 0 | AG48: 0 | AH48: 0 | AI48: 1 | AJ48: 1 | AK48: 1 | AL48: 1 | AN48: 0 | AO48: 1 | AP48: 0 | AQ48: 0 | AR48: 0 | AT48: 0.006 | AV48: 0 | AW48: 2 | AX48: 16497084 | AY48: 1 | AZ48: 0 | BA48: 49 | BB48: 0 | BC48: 0 | BD48: 0 | BE48: 0 | BF48: 0 | BG48: 0 | BH48: 0 | BI48: 0 | BJ48: 0 | BK48: 0 | BL48: 0 | BM48: 0 | BN48: 0 | BO48: 0 | BP48: 0 | BQ48: 0 | BR48: 0 | BS48: 0 | BT48: 0 | BU48: 0 | BV48: 0 | BW48: 0 | CX48: =Y48*Source!I34 -> 0.00672 | CY48: =AA48 -> 8023 | CZ48: =AE48 -> 8023 | DA48: =AI48 -> 1 | DB48: 0
A49: =ROW(Source!A34) -> 34 | B49: 16496956 | C49: 16497067 | D49: 0 | E49: 0 | F49: 1 | G49: 1 | H49: 3 | I49: Цена поставщика | K49: Водоотлив оконный шириной планки 250 мм из оцинкованной стали с полимерным покрытием | L49: 1301 | N49: 1003 | O49: м | P49: м | Q49: 1 | W49: 0 | X49: -1929252935 | Y49: 100 | AA49: 0 | AB49: 0 | AC49: 0 | AD49: 0 | AE49: 0 | AF49: 0 | AG49: 0 | AH49: 0 | AI49: 1 | AJ49: 1 | AK49: 1 | AL49: 1 | AN49: 0 | AO49: 0 | AP49: 0 | AQ49: 0 | AR49: 0 | AT49: 100 | AV49: 0 | AW49: 1 | AX49: -1 | AY49: 0 | AZ49: 0 | BB49: 0 | BC49: 0 | BD49: 0 | BE49: 0 | BF49: 0 | BG49: 0 | BH49: 0 | BI49: 0 | BJ49: 0 | BK49: 0 | BL49: 0 | BM49: 0 | BN49: 0 | BO49: 0 | BP49: 0 | BQ49: 0 | BR49: 0 | BS49: 0 | BT49: 0 | BU49: 0 | BV49: 0 | BW49: 0 | CX49: =Y49*Source!I34 -> 112 | CY49: =AA49 -> 0 | CZ49: =AE49 -> 0 | DA49: =AI49 -> 1 | DB49: 0
A50: =ROW(Source!A35) -> 35 | B50: 16497268 | C50: 16497067 | D50: 15430767 | E50: 1 | F50: 1 | G50: 1 | H50: 1 | I50: 1-100-30 | K50: Рабочий среднего разряда 3 | L50: 1191 | N50: 1013 | O50: чел.-ч. | P50: чел.-ч. | Q50: 1 | W50: 0 | X50: -400197608 | Y50: 41.41 | AA50: 0 | AB50: 0 | AC50: 0 | AD50: 56.04 | AE50: 0 | AF50: 0 | AG50: 0 | AH50: 8.53 | AI50: 1 | AJ50: 1 | AK50: 1 | AL50: 6.57 | AN50: 0 | AO50: 1 | AP50: 0 | AQ50: 0 | AR50: 0 | AT50: 41.41 | AV50: 1 | AW50: 2 | AX50: 16497078 | AY50: 1 | AZ50: 0 | BA50: 51 | BB50: 0 | BC50: 0 | BD50: 0 | BE50: 0 | BF50: 0 | BG50: 0 | BH50: 0 | BI50: 0 | BJ50: 0 | BK50: 0 | BL50: 0 | BM50: 0 | BN50: 0 | BO50: 0 | BP50: 0 | BQ50: 0 | BR50: 0 | BS50: 0 | BT50: 0 | BU50: 0 | BV50: 0 | BW50: 0 | CX50: =Y50*Source!I35 -> 46.3792 | CY50: =AD50 -> 56.04 | CZ50: =AH50 -> 8.53 | DA50: =AL50 -> 6.57 | DB50: 0
A51: =ROW(Source!A35) -> 35 | B51: 16497268 | C51: 16497067 | D51: 15430395 | E51: 1 | F51: 1 | G51: 1 | H51: 1 | I51: 4-100-00 | K51: Затраты труда машинистов | L51: 1191 | N51: 1013 | O51: чел.-ч. | P51: чел.-ч. | Q51: 1 | W51: 0 | X51: -1417349443 | Y51: 0.12 | AA51: 0 | AB51: 0 | AC51: 0 | AD51: 0 | AE51: 0 | AF51: 0 | AG51: 0 | AH51: 0 | AI51: 1 | AJ51: 1 | AK51: 6.57 | AL51: 1 | AN51: 0 | AO51: 1 | AP51: 0 | AQ51: 0 | AR51: 0 | AT51: 0.12 | AV51: 2 | AW51: 2 | AX51: 16497079 | AY51: 1 | AZ51: 0 | BA51: 52 | BB51: 0 | BC51: 0 | BD51: 0 | BE51: 0 | BF51: 0 | BG51: 0 | BH51: 0 | BI51: 0 | BJ51: 0 | BK51: 0 | BL51: 0 | BM51: 0 | BN51: 0 | BO51: 0 | BP51: 0 | BQ51: 0 | BR51: 0 | BS51: 0 | BT51: 0 | BU51: 0 | BV51: 0 | BW51: 0 | CX51: =Y51*Source!I35 -> 0.1344 | CY51: =AD51 -> 0 | CZ51: =AH51 -> 0 | DA51: =AL51 -> 1 | DB51: 0
A52: =ROW(Source!A35) -> 35 | B52: 16497268 | C52: 16497067 | D52: 15247974 | E52: 1 | F52: 1 | G52: 1 | H52: 2 | I52: 91.06.06-048 | J52: ФСЭМ-2001, 91.06.06-048, приказ Минстроя России №1039/пр от 30.12.2016г. | K52: Подъемники одномачтовые, грузоподъемность до 500 кг, высота подъема 45 м | L52: 1368 | N52: 1011 | O52: маш.-ч | P52: маш.-ч | Q52: 1 | W52: 0 | X52: 1188625873 | Y52: 0.08 | AA52: 0 | AB52: 205.38 | AC52: 13.5 | AD52: 0 | AE52: 0 | AF52: 31.26 | AG52: 13.5 | AH52: 0 | AI52: 1 | AJ52: 6.57 | AK52: 1 | AL52: 1 | AN52: 0 | AO52: 1 | AP52: 0 | AQ52: 0 | AR52: 0 | AT52: 0.08 | AV52: 0 | AW52: 2 | AX52: 16497080 | AY52: 1 | AZ52: 0 | BA52: 53 | BB52: 0 | BC52: 0 | BD52: 0 | BE52: 0 | BF52: 0 | BG52: 0 | BH52: 0 | BI52: 0 | BJ52: 0 | BK52: 0 | BL52: 0 | BM52: 0 | BN52: 0 | BO52: 0 | BP52: 0 | BQ52: 0 | BR52: 0 | BS52: 0 | BT52: 0 | BU52: 0 | BV52: 0 | BW52: 0 | CX52: =Y52*Source!I35 -> 0.0896 | CY52: =AB52 -> 205.38 | CZ52: =AF52 -> 31.26 | DA52: =AJ52 -> 6.57 | DB52: 0
A53: =ROW(Source!A35) -> 35 | B53: 16497268 | C53: 16497067 | D53: 15249073 | E53: 1 | F53: 1 | G53: 1 | H53: 2 | I53: 91.14.02-001 | J53: ФСЭМ-2001, 91.14.02-001, приказ Минстроя России №1039/пр от 30.12.2016г. | K53: Автомобили бортовые, грузоподъемность до 5 т | L53: 1368 | N53: 1011 | O53: маш.-ч | P53: маш.-ч | Q53: 1 | W53: 0 | X53: 1372534845 | Y53: 0.04 | AA53: 0 | AB53: 431.71 | AC53: 11.6 | AD53: 0 | AE53: 0 | AF53: 65.71 | AG53: 11.6 | AH53: 0 | AI53: 1 | AJ53: 6.57 | AK53: 1 | AL53: 1 | AN53: 0 | AO53: 1 | AP53: 0 | AQ53: 0 | AR53: 0 | AT53: 0.04 | AV53: 0 | AW53: 2 | AX53: 16497081 | AY53: 1 | AZ53: 0 | BA53: 54 | BB53: 0 | BC53: 0 | BD53: 0 | BE53: 0 | BF53: 0 | BG53: 0 | BH53: 0 | BI53: 0 | BJ53: 0 | BK53: 0 | BL53: 0 | BM53: 0 | BN53: 0 | BO53: 0 | BP53: 0 | BQ53: 0 | BR53: 0 | BS53: 0 | BT53: 0 | BU53: 0 | BV53: 0 | BW53: 0 | CX53: =Y53*Source!I35 -> 0.0448 | CY53: =AB53 -> 431.71 | CZ53: =AF53 -> 65.71 | DA53: =AJ53 -> 6.57 | DB53: 0
A54: =ROW(Source!A35) -> 35 | B54: 16497268 | C54: 16497067 | D54: 15170039 | E54: 1 | F54: 1 | G54: 1 | H54: 3 | I54: 01.7.15.06-0111 | J54: ФССЦ-2001, 01.7.15.06-0111, приказ Минстроя России №1039/пр от 30.12.2016г. | K54: Гвозди строительные | L54: 1348 | N54: 1009 | O54: т | P54: т | Q54: 1000 | W54: 0 | X54: 1174701286 | Y54: 0.004 | AA54: 78695.46 | AB54: 0 | AC54: 0 | AD54: 0 | AE54: 11978 | AF54: 0 | AG54: 0 | AH54: 0 | AI54: 6.57 | AJ54: 1 | AK54: 1 | AL54: 1 | AN54: 0 | AO54: 1 | AP54: 0 | AQ54: 0 | AR54: 0 | AT54: 0.004 | AV54: 0 | AW54: 2 | AX54: 16497083 | AY54: 1 | AZ54: 0 | BA54: 56 | BB54: 0 | BC54: 0 | BD54: 0 | BE54: 0 | BF54: 0 | BG54: 0 | BH54: 0 | BI54: 0 | BJ54: 0 | BK54: 0 | BL54: 0 | BM54: 0 | BN54: 0 | BO54: 0 | BP54: 0 | BQ54: 0 | BR54: 0 | BS54: 0 | BT54: 0 | BU54: 0 | BV54: 0 | BW54: 0 | CX54: =Y54*Source!I35 -> 0.00448 | CY54: =AA54 -> 78695.46 | CZ54: =AE54 -> 11978 | DA54: =AI54 -> 6.57 | DB54: 0
A55: =ROW(Source!A35) -> 35 | B55: 16497268 | C55: 16497067 | D55: 15191139 | E55: 1 | F55: 1 | G55: 1 | H55: 3 | I55: 08.3.03.05-0001 | J55: ФССЦ-2001, 08.3.03.05-0001, приказ Минстроя России №1039/пр от 30.12.2016г. | K55: Проволока канатная оцинкованная, диаметром 2,6 мм | L55: 1348 | N55: 1009 | O55: т | P55: т | Q55: 1000 | W55: 0 | X55: -740471490 | Y55: 0.006 | AA55: 52711.11 | AB55: 0 | AC55: 0 | AD55: 0 | AE55: 8023 | AF55: 0 | AG55: 0 | AH55: 0 | AI55: 6.57 | AJ55: 1 | AK55: 1 | AL55: 1 | AN55: 0 | AO55: 1 | AP55: 0 | AQ55: 0 | AR55: 0 | AT55: 0.006 | AV55: 0 | AW55: 2 | AX55: 16497084 | AY55: 1 | AZ55: 0 | BA55: 57 | BB55: 0 | BC55: 0 | BD55: 0 | BE55: 0 | BF55: 0 | BG55: 0 | BH55: 0 | BI55: 0 | BJ55: 0 | BK55: 0 | BL55: 0 | BM55: 0 | BN55: 0 | BO55: 0 | BP55: 0 | BQ55: 0 | BR55: 0 | BS55: 0 | BT55: 0 | BU55: 0 | BV55: 0 | BW55: 0 | CX55: =Y55*Source!I35 -> 0.00672 | CY55: =AA55 -> 52711.11 | CZ55: =AE55 -> 8023 | DA55: =AI55 -> 6.57 | DB55: 0
A56: =ROW(Source!A35) -> 35 | B56: 16497268 | C56: 16497067 | D56: 0 | E56: 0 | F56: 1 | G56: 1 | H56: 3 | I56: Цена поставщика | K56: Водоотлив оконный шириной планки 250 мм из оцинкованной стали с полимерным покрытием | L56: 1301 | N56: 1003 | O56: м | P56: м | Q56: 1 | W56: 0 | X56: -1929252935 | Y56: 100 | AA56: 188.16 | AB56: 0 | AC56: 0 | AD56: 0 | AE56: 28.64 | AF56: 0 | AG56: 0 | AH56: 0 | AI56: 6.57 | AJ56: 1 | AK56: 1 | AL56: 1 | AN56: 0 | AO56: 0 | AP56: 0 | AQ56: 0 | AR56: 0 | AT56: 100 | AV56: 0 | AW56: 1 | AX56: -1 | AY56: 0 | AZ56: 0 | BB56: 0 | BC56: 0 | BD56: 0 | BE56: 0 | BF56: 0 | BG56: 0 | BH56: 0 | BI56: 0 | BJ56: 0 | BK56: 0 | BL56: 0 | BM56: 0 | BN56: 0 | BO56: 0 | BP56: 0 | BQ56: 0 | BR56: 0 | BS56: 0 | BT56: 0 | BU56: 0 | BV56: 0 | BW56: 0 | CX56: =Y56*Source!I35 -> 112 | CY56: =AA56 -> 188.16 | CZ56: =AE56 -> 28.64 | DA56: =AI56 -> 6.57 | DB56: 0
A57: =ROW(Source!A38) -> 38 | B57: 16496956 | C57: 16497090 | D57: 15438286 | E57: 1 | F57: 1 | G57: 1 | H57: 1 | I57: 1-100-36 | K57: Рабочий среднего разряда 3.6 | L57: 1191 | N57: 1013 | O57: чел.-ч. | P57: чел.-ч. | Q57: 1 | W57: 0 | X57: -1027537862 | Y57: 166.47 | AA57: 0 | AB57: 0 | AC57: 0 | AD57: 9.18 | AE57: 0 | AF57: 0 | AG57: 0 | AH57: 9.18 | AI57: 1 | AJ57: 1 | AK57: 1 | AL57: 1 | AN57: 0 | AO57: 1 | AP57: 0 | AQ57: 0 | AR57: 0 | AT57: 166.47 | AV57: 1 | AW57: 2 | AX57: 16497102 | AY57: 1 | AZ57: 0 | BA57: 59 | BB57: 0 | BC57: 0 | BD57: 0 | BE57: 0 | BF57: 0 | BG57: 0 | BH57: 0 | BI57: 0 | BJ57: 0 | BK57: 0 | BL57: 0 | BM57: 0 | BN57: 0 | BO57: 0 | BP57: 0 | BQ57: 0 | BR57: 0 | BS57: 0 | BT57: 0 | BU57: 0 | BV57: 0 | BW57: 0 | CX57: =Y57*Source!I38 -> 247.17466 | CY57: =AD57 -> 9.18 | CZ57: =AH57 -> 9.18 | DA57: =AL57 -> 1 | DB57: 0
A58: =ROW(Source!A38) -> 38 | B58: 16496956 | C58: 16497090 | D58: 15430395 | E58: 1 | F58: 1 | G58: 1 | H58: 1 | I58: 4-100-00 | K58: Затраты труда машинистов | L58: 1191 | N58: 1013 | O58: чел.-ч. | P58: чел.-ч. | Q58: 1 | W58: 0 | X58: -1417349443 | Y58: 0.58 | AA58: 0 | AB58: 0 | AC58: 0 | AD58: 0 | AE58: 0 | AF58: 0 | AG58: 0 | AH58: 0 | AI58: 1 | AJ58: 1 | AK58: 1 | AL58: 1 | AN58: 0 | AO58: 1 | AP58: 0 | AQ58: 0 | AR58: 0 | AT58: 0.58 | AV58: 2 | AW58: 2 | AX58: 16497103 | AY58: 1 | AZ58: 0 | BA58: 60 | BB58: 0 | BC58: 0 | BD58: 0 | BE58: 0 | BF58: 0 | BG58: 0 | BH58: 0 | BI58: 0 | BJ58: 0 | BK58: 0 | BL58: 0 | BM58: 0 | BN58: 0 | BO58: 0 | BP58: 0 | BQ58: 0 | BR58: 0 | BS58: 0 | BT58: 0 | BU58: 0 | BV58: 0 | BW58: 0 | CX58: =Y58*Source!I38 -> 0.861184 | CY58: =AD58 -> 0 | CZ58: =AH58 -> 0 | DA58: =AL58 -> 1 | DB58: 0
A59: =ROW(Source!A38) -> 38 | B59: 16496956 | C59: 16497090 | D59: 15247974 | E59: 1 | F59: 1 | G59: 1 | H59: 2 | I59: 91.06.06-048 | J59: ФСЭМ-2001, 91.06.06-048, приказ Минстроя России №1039/пр от 30.12.2016г. | K59: Подъемники одномачтовые, грузоподъемность до 500 кг, высота подъема 45 м | L59: 1368 | N59: 1011 | O59: маш.-ч | P59: маш.-ч | Q59: 1 | W59: 0 | X59: 1188625873 | Y59: 0.08 | AA59: 0 | AB59: 31.26 | AC59: 13.5 | AD59: 0 | AE59: 0 | AF59: 31.26 | AG59: 13.5 | AH59: 0 | AI59: 1 | AJ59: 1 | AK59: 1 | AL59: 1 | AN59: 0 | AO59: 1 | AP59: 0 | AQ59: 0 | AR59: 0 | AT59: 0.08 | AV59: 0 | AW59: 2 | AX59: 16497104 | AY59: 1 | AZ59: 0 | BA59: 61 | BB59: 0 | BC59: 0 | BD59: 0 | BE59: 0 | BF59: 0 | BG59: 0 | BH59: 0 | BI59: 0 | BJ59: 0 | BK59: 0 | BL59: 0 | BM59: 0 | BN59: 0 | BO59: 0 | BP59: 0 | BQ59: 0 | BR59: 0 | BS59: 0 | BT59: 0 | BU59: 0 | BV59: 0 | BW59: 0 | CX59: =Y59*Source!I38 -> 0.118784 | CY59: =AB59 -> 31.26 | CZ59: =AF59 -> 31.26 | DA59: =AJ59 -> 1 | DB59: 0
A60: =ROW(Source!A38) -> 38 | B60: 16496956 | C60: 16497090 | D60: 15249073 | E60: 1 | F60: 1 | G60: 1 | H60: 2 | I60: 91.14.02-001 | J60: ФСЭМ-2001, 91.14.02-001, приказ Минстроя России №1039/пр от 30.12.2016г. | K60: Автомобили бортовые, грузоподъемность до 5 т | L60: 1368 | N60: 1011 | O60: маш.-ч | P60: маш.-ч | Q60: 1 | W60: 0 | X60: 1372534845 | Y60: 0.5 | AA60: 0 | AB60: 65.71 | AC60: 11.6 | AD60: 0 | AE60: 0 | AF60: 65.71 | AG60: 11.6 | AH60: 0 | AI60: 1 | AJ60: 1 | AK60: 1 | AL60: 1 | AN60: 0 | AO60: 1 | AP60: 0 | AQ60: 0 | AR60: 0 | AT60: 0.5 | AV60: 0 | AW60: 2 | AX60: 16497105 | AY60: 1 | AZ60: 0 | BA60: 62 | BB60: 0 | BC60: 0 | BD60: 0 | BE60: 0 | BF60: 0 | BG60: 0 | BH60: 0 | BI60: 0 | BJ60: 0 | BK60: 0 | BL60: 0 | BM60: 0 | BN60: 0 | BO60: 0 | BP60: 0 | BQ60: 0 | BR60: 0 | BS60: 0 | BT60: 0 | BU60: 0 | BV60: 0 | BW60: 0 | CX60: =Y60*Source!I38 -> 0.7424 | CY60: =AB60 -> 65.71 | CZ60: =AF60 -> 65.71 | DA60: =AJ60 -> 1 | DB60: 0
